Workbook

Sheet DATOS INICIALES
A1: ALCALDIA LOCAL DE KENNEDY
B2: OBJETO DEL CONTRATO: | D2: REALIZAR LA INTERVENTORÍA TÉCNICA, ADMINISTRATIVA, FINANCIERA, JURÍDICA, AMBIENTAL, SOCIAL Y DE SEGURIDAD Y SALUD EN EL TRABAJO AL CONTRATO DE OBRA PÚBLICA RESULTANTE DEL PROCESO DE LICITACIÓN PÚBLICA No. FDLK-LP-013-2024 CUYO OBJETO ES: CONTRATAR POR EL SISTEMA DE PRECIOS UNITARIOS A MONTO AGOTABLE EL DIAGNÓSTICO, MANTENIMIENTO CORRECTIVO Y PREVENTIVO, SUMINISTRO E INSTALACION DE MOBILIARIO DE LOS PARQUES DE PROXIMIDAD (VECINALES Y DE BOLSILLO) PRIORIZADOS EN LA LOCALIDAD DE KENNEDY
B3: DATOS DEL PROCESO
A4: MODALIDAD DE CONTRATACION | B4: CONCURSO DE MERITOS ABIERTO | E4: No. Del Proceso | G4: FDLK-CMA-003-2024
A5: VALOR DEL PROCESO: | B5: PRESUPUESTO | C5: 526819451 | E5: PLAZO: | G5: 7 | I5: MESES
A8: PRESUPUESTO OFICIAL EN PESOS | B8: VALOR SMMLV | C8: PRESUPUESTO OFICIAL SMMLV
A9: =C5 -> 526819451 | B9: 1300000 | C9: =A9/B9 -> 405.24573
A12: VIGENCIA | B12: VALOR
A13: 1984 | B13: 11298
A14: 1990 | B14: 41025
A15: 1995 | B15: 118934
A16: 1996 | B16: 142125
A17: 1997 | B17: 172005
A18: 1998 | B18: 203826
A19: 1999 | B19: 236460
A20: 2000 | B20: 260100
A21: 2001 | B21: 286000 | D21: CODIGO UNSPSC | E21: DESCRIPCION
A22: 2002 | B22: 309000 | D22: 81141500 | E22: Control de calidad
A23: 2003 | B23: 332000 | D23: 80101500 | E23: Servicios de Consultoría de negocios y administración corporativa
A24: 2004 | B24: 358000 | D24: 80101600 | E24: Servicios de mantenimiento y reparación de infraestructura
A25: 2005 | B25: 381500 | D25: 81101500 | E25: Servicios de mantenimiento y reparación de instalaciones
A26: 2006 | B26: 408000
A27: 2007 | B27: 433700
A28: 2008 | B28: 461500
A29: 2009 | B29: 496900
A30: 2010 | B30: 515000
A31: 2011 | B31: 535600
A32: 2012 | B32: 566700
A33: 2013 | B33: 589500
A34: 2014 | B34: 616000
A35: 2015 | B35: 644350
A36: 2016 | B36: 689455
A37: 2017 | B37: 737717
... A43: 2023 | B43: 1160000
A45: HABILITADO | C45: SI
A46: INHABILITADO | C46: NO
A47: N/A | C47: N/A
A50: CUMPLE | C50: REPORTADO
A51: NO CUMPLE | C51: NO REPORTADO
A52: N/A
A54: CONTRATO No. 1
A55: CONTRATO No. 2
A56: CONTRATO No. 3
A57: CONTRATO No. 4
A58: CONTRATO No. 5
A59: CONTRATO No. 6

Sheet PROPONENTES
A1: ALCALDIA LOCAL DE KENNEDY
C2: OBJETO DEL CONTRATO: | E2: =+'DATOS INICIALES'!D2 -> REALIZAR LA INTERVENTORÍA TÉCNICA, ADMINISTRATIVA, FINANCIERA, JURÍDICA, AMBIENTAL, SOCIAL Y DE SEGURIDAD Y SALUD EN EL TRABAJO AL CONTRATO DE OBRA PÚBLICA RESULTANTE DEL PROCESO DE LICITACIÓN PÚBLICA No. FDLK-LP-013-2024 CUYO OBJETO ES: CONTRATAR POR EL SISTEMA DE PRECIOS UNITARIOS A MONTO AGOTABLE EL DIAGNÓSTICO, MANTENIMIENTO CORRECTIVO Y PREVENTIVO, SUMINISTRO E INSTALACION DE MOBILIARIO DE LOS PARQUES DE PROXIMIDAD (VECINALES Y DE BOLSILLO) PRIORIZADOS EN LA LOCALIDAD DE KENNEDY
C3: DATOS DEL PROCESO
A4: MODALIDAD DE CONTRATACION | C4: =+'DATOS INICIALES'!B4 -> CONCURSO DE MERITOS ABIERTO | F4: No. Del Proceso | H4: =+'DATOS INICIALES'!G4 -> FDLK-CMA-003-2024
A5: VALOR DEL PROCESO: | C5: =+'DATOS INICIALES'!B5 -> PRESUPUESTO | D5: =+'DATOS INICIALES'!C5 -> 526819451 | F5: PLAZO | N5: =+'DATOS INICIALES'!G5 -> 7 | O5: =+'DATOS INICIALES'!I5 -> MESES
A8: INFORMACIÓN GENERAL DE LOS PROPONENTES GRUPO 1
A9: No. | B9: NOMBRE DEL PROPONENTE | C9: INTEGRANTE 1 | D9: % PARTICIPACION | E9: INTEGRANTE 2 | F9: % PARTICIPACION | G9: INTEGRANTE 3 | H9: % PARTICIPACION | I9: INTEGRANTE 4 | J9: % PARTICIPACION | K9: INTEGRANTE 5 | L9: % PARTICIPACION | M9: TOTAL INTEGRANTES | N9: SUMATORIA %PARTICIPACIÓN
A10: 1 | B10: SOLIUN INGENIERIA SAS | C10: SOLIUN INGENIERIA SAS | D10: 1 | M10: =+COUNTIF(C10:L10,"*") -> 1 | N10: =+SUM(D10,F10,H10,J10,L10) -> 1
A11: 2 | B11: VELNEC S.A. | C11: VELNEC S.A. | D11: 1 | M11: =+COUNTIF(C11:L11,"*") -> 1 | N11: =+SUM(D11,F11,H11,J11,L11) -> 1
A12: 3 | B12: ARQUITECTURA URBANA LTDA | C12: ARQUITECTURA URBANA LTDA | D12: 1 | M12: =+COUNTIF(C12:L12,"*") -> 1 | N12: =+SUM(D12,F12,H12,J12,L12) -> 1
A13: 4 | B13: ABDO JOSÉ SALGADO AYOLA | C13: ABDO JOSÉ SALGADO AYOLA | D13: 1 | M13: =+COUNTIF(C13:L13,"*") -> 1 | N13: =+SUM(D13,F13,H13,J13,L13) -> 1
A14: 5 | B14: PRODEINCOL S.A.S. | C14: PRODEINCOL S.A.S. | D14: 1 | M14: =+COUNTIF(C14:L14,"*") -> 1 | N14: =+SUM(D14,F14,H14,J14,L14) -> 1
A15: 6 | B15: CONSORCIO INTERVEP KM | C15: KALPA INGENIERIA SAS SOCIEDAD DE BENEFICIO E INTERES COLECTIVO - BIC | D15: 0.99 | E15: MEDINA & RIVERA INGENIEROS ASOCIADOS SAS | F15: 0.01 | M15: =+COUNTIF(C15:L15,"*") -> 2 | N15: =+SUM(D15,F15,H15,J15,L15) -> 1
A16: 7 | B16: CONSULTORES DEL OCCIDENTE SAS | C16: CONSULTORES DEL OCCIDENTE SAS | D16: 1 | M16: =+COUNTIF(C16:L16,"*") -> 1 | N16: =+SUM(D16,F16,H16,J16,L16) -> 1
A17: 8 | B17: CONSULTORES DONOVAN SAS | C17: CONSULTORES DONOVAN SAS | D17: 1 | M17: =+COUNTIF(C17:L17,"*") -> 1 | N17: =+SUM(D17,F17,H17,J17,L17) -> 1
A18: 9 | B18: JESAK SAS | C18: JESAK SAS | D18: 1 | M18: =+COUNTIF(C18:L18,"*") -> 1 | N18: =+SUM(D18,F18,H18,J18,L18) -> 1
A19: 10 | B19: R&M CONSTRUCCIONES E INTERVENTORIAS SAS | C19: R&M CONSTRUCCIONES E INTERVENTORIAS SAS | D19: 1 | M19: =+COUNTIF(C19:L19,"*") -> 1 | N19: =+SUM(D19,F19,H19,J19,L19) -> 1
A20: 11 | B20: CONSORCIO INTERVENTORÍA DSG | C20: SESAC S.A. | D20: 0.7 | E20: DEIGMA S.A.S. | F20: 0.2 | G20: GESSI ALVERA S.A.S. | H20: 0.1 | M20: =+COUNTIF(C20:L20,"*") -> 3 | N20: =+SUM(D20,F20,H20,J20,L20) -> 1
A21: 12 | B21: INGENIEROS CONSTRUCTORES Y ASESORES SAS | C21: INGENIEROS CONSTRUCTORES Y ASESORES SAS | D21: 1 | M21: =+COUNTIF(C21:L21,"*") -> 1 | N21: =+SUM(D21,F21,H21,J21,L21) -> 1
A22: 13 | B22: CONSORCIO INTERVENTOR ANFAO | C22: GRUPO FAO SAS | D22: 0.9 | E22: ANDINA DE CONSULTORÍA Y CONSTRUCCIONES SAS | F22: 0.1 | M22: =+COUNTIF(C22:L22,"*") -> 2 | N22: =+SUM(D22,F22,H22,J22,L22) -> 1
A23: 14 | B23: GRUPO METRO COLOMBIA SAS | C23: GRUPO METRO COLOMBIA SAS | D23: 1 | M23: =+COUNTIF(C23:L23,"*") -> 1 | N23: =+SUM(D23,F23,H23,J23,L23) -> 1
A24: 15 | B24: CONSORCIO INTERPROYECTOS CAREN | C24: COMPAÑÍA DE INTERVENTORIAS Y CONSULTORIAS DE LA COSTA S.A.S. | D24: 0.25 | E24: AREN PROYECTOS & CONSULTORIAS S.A.S. | F24: 0.75 | M24: =+COUNTIF(C24:L24,"*") -> 2 | N24: =+SUM(D24,F24,H24,J24,L24) -> 1
A25: 16 | B25: CONSORCIO INTER PARQUES IYC 2024 | C25: INTERVENTORIA Y CONSTRUCIVILES SAS | D25: 0.5 | E25: 2L PROYECTOS S.A.S. BIC | F25: 0.5 | M25: =+COUNTIF(C25:L25,"*") -> 2 | N25: =+SUM(D25,F25,H25,J25,L25) -> 1
A26: 17 | B26: CONSORCIO-INTER-P-KENEDY | C26: ENVIRONMENTAL AND GEOMECHANICAL SOLUTIONS EGS SAS | D26: 0.9 | E26: JAPG INGENIERIA SAS | F26: 0.1 | M26: =+COUNTIF(C26:L26,"*") -> 2 | N26: =+SUM(D26,F26,H26,J26,L26) -> 1
A27: 18 | B27: CONSORCIO INTERPARQUES BOGOTÁ | C27: CITPRO CONSULTORES S.A.S. ZOMAC | D27: 0.3 | E27: HG INGENIERIA Y DESARROLLO S.A.S | F27: 0.7 | M27: =+COUNTIF(C27:L27,"*") -> 2 | N27: =+SUM(D27,F27,H27,J27,L27) -> 1
A28: 19 | B28: CONSORCIO PARQUES VECINALES 2025 | C28: RAZING SAS | D28: 0.1 | E28: SUMMA PROYECTOS E INGENIERIA SOCIEDAD POR ACCIONES SIMPLIFICADA | F28: 0.9 | M28: =+COUNTIF(C28:L28,"*") -> 2 | N28: =+SUM(D28,F28,H28,J28,L28) -> 1
A29: 20 | B29: DF CONSULTORIA SAS | C29: DF CONSULTORIA SAS | D29: 1 | M29: =+COUNTIF(C29:L29,"*") -> 1 | N29: =+SUM(D29,F29,H29,J29,L29) -> 1
A30: 21 | B30: CONSORCIO COMODORO | C30: ARQUITECTURA Y URBANISMO SXXI SAS | D30: 0.34 | E30: J. FELIPE ARDILA V. & CIA SAS | F30: 0.33 | G30: INGEPLAN.CO SAS BIC | H30: 0.33 | M30: =+COUNTIF(C30:L30,"*") -> 3 | N30: =+SUM(D30,F30,H30,J30,L30) -> 1
A31: 22 | B31: CONSORCIO PRO_CARING | C31: CARING S.A.S | D31: 0.5 | E31: PROYECTOS E INTERVENTORÍAS S.A.S | F31: 0.5 | M31: =+COUNTIF(C31:L31,"*") -> 2 | N31: =+SUM(D31,F31,H31,J31,L31) -> 1
A32: 23 | B32: SOLUCIONES PARA LA INGENIERÍA S.A.S. | C32: SOLUCIONES PARA LA INGENIERÍA S.A.S. | D32: 1 | M32: =+COUNTIF(C32:L32,"*") -> 1 | N32: =+SUM(D32,F32,H32,J32,L32) -> 1
A33: 24 | B33: CONSORCIO ARALEP 003 | C33: ARA INGENIERIA S.A.S. | D33: 0.51 | E33: LEP INGENIEROS S.A.S. | F33: 0.49 | M33: =+COUNTIF(C33:L33,"*") -> 2 | N33: =+SUM(D33,F33,H33,J33,L33) -> 1
A34: 25 | B34: PRAN CONSTRUCCIONES S.A.S. | C34: PRAN CONSTRUCCIONES S.A.S. | D34: 1 | M34: =+COUNTIF(C34:L34,"*") -> 1 | N34: =+SUM(D34,F34,H34,J34,L34) -> 1
A35: 26 | B35: CONSORCIO PROYECTOS 2024 | C35: FUNDACION CAMINO VERDE ONG SOCIAL CULTURAL Y AMBIENTAL CON SIGLA FUNDCAVE | D35: 0.1 | E35: AC2R INGENIERIA Y PROYECTOS S.A.S | F35: 0.9 | M35: =+COUNTIF(C35:L35,"*") -> 2 | N35: =+SUM(D35,F35,H35,J35,L35) -> 1
A36: 27 | B36: CONSORCIO KENNEDY JINT 3 | C36: JPS INGENIERIA S.A.S. | D36: 0.9 | E36: INTING S.A.S. | F36: 0.1 | M36: =+COUNTIF(C36:L36,"*") -> 2 | N36: =+SUM(D36,F36,H36,J36,L36) -> 1
A37: 28 | B37: CABA INTERVENTORÍA SAS | C37: CABA INTERVENTORÍA SAS | D37: 1
A38: 29 | B38: MIRS LATINOAMERICA S.A.S | C38: MIRS LATINOAMERICA S.A.S | D38: 1
A39: 30 | B39: CONSORCIO MULTIPARK KENNEDY | C39: GRUPO CONSULTOR KAPITAL S.A.S. | D39: 0.45 | E39: PROCIVING S.A.S. | F39: 0.45 | G39: INCOSS INGENIERIA CONSULTORIA SERVICIOS Y SUMINISTROS S.A.S. | H39: 0.1
A40: 31 | B40: CONSORCIO PRO-TEV 20 | C40: PROYECTISTAS ASOCIADOS SAS | D40: 0.91 | E40: CONSTRUCTORA TEATINO VARGAS – CONSTRUTEV SAS | F40: 0.09
A41: 32 | B41: LOGIA 3 ASOCIADOS S.A.S – BIC | C41: LOGIA 3 ASOCIADOS S.A.S – BIC | D41: 1
A42: 33 | B42: CONSORCIO AL PARK 003 | C42: INCOPLAN IN SAS | D42: 0.6 | E42: GRUPO ESPECIALIZADO EN DESARROLLO DE INFRAESTRUCTURA S.A.S. | F42: 0.4
A43: 34 | B43: CONSORCIO INT PARQUES KENNEDY 2024 | C43: EMPRESA DE SERVICIOS PUBLICOS SINERGIA E.S.P S.A.S | D43: 0.5 | E43: JOSE WILMER CHILITO RIVADENEIRA | F43: 0.5
A44: 35 | B44: CONSORCIO INTERKENNEDY EYD | C44: EIS CONSTRUCTORES SAS | D44: 0.5 | E44: DAM SOLUCIONES E INGENIERIA SAS | F44: 0.5
A45: 36 | B45: CONSORCIO INTER KENNEDY PARQUES | C45: GNG SERVICIOS DE INGENIERÍA S.A.S. | D45: 0.6 | E45: JMELO INGENIERIA DE PROYECTOS SAS | F45: 0.4
A46: 37 | B46: JCB CONSULTORIA S.A.S | C46: JCB CONSULTORIA S.A.S | D46: 1 | M46: =+COUNTIF(C46:L46,"*") -> 1 | N46: =+SUM(D46,F46,H46,J46,L46) -> 1

Sheet 1
B2: ALCALDIA LOCAL DE KENNEDY
B4: ='DATOS INICIALES'!G4 -> FDLK-CMA-003-2024
B6: Ciudad | C6: BOGOTÁ D.C | D6: Fecha de Evaluación | G6: Fecha de Cierre | H6: 44902
B7: DATOS GENERALES | J7: VALOR MINIMO A CERTIFICAR
B8: OBJETO DE LA CONVOCATORIA | C8: ='DATOS INICIALES'!D2 -> REALIZAR LA INTERVENTORÍA TÉCNICA, ADMINISTRATIVA, FINANCIERA, JURÍDICA, AMBIENTAL, SOCIAL Y DE SEGURIDAD Y SALUD EN EL TRABAJO AL CONTRATO DE OBRA PÚBLICA RESULTANTE DEL PROCESO DE LICITACIÓN PÚBLICA No. FDLK-LP-013-2024 CUYO OBJETO ES: CONTRATAR POR EL SISTEMA DE PRECIOS UNITARIOS A MONTO AGOTABLE EL DIAGNÓSTICO, MANTENIMIENTO CORRECTIVO Y PREVENTIVO, SUMINISTRO E INSTALACION DE MOBILIARIO DE LOS PARQUES DE PROXIMIDAD (VECINALES Y DE BOLSILLO) PRIORIZADOS EN LA LOCALIDAD DE KENNEDY | J8: DE 1 HASTA 4, 5 ó 6 | K8: 1 | L8: =K8*$C$10 -> 405.24573
B9: VALOR DEL PROCESO EN PESOS | C9: =+'DATOS INICIALES'!C5 -> 526819451
B10: VALOR DEL PROCESO EN SMMLV | C10: =C9/'DATOS INICIALES'!B9 -> 405.24573
A11: 1 | B11: PROPONENTE | C11: =VLOOKUP(A11,PROPONENTES!A10:B46,2,FALSE) -> SOLIUN INGENIERIA SAS | H11: CONCEPTO FINAL | I11: =IF(AND(F20="CUMPLE",G20="CUMPLE",H20="CUMPLE",L14="CUMPLE",D74="CUMPLE",K16="CUMPLE"),"CUMPLE","NO CUMPLE") -> CUMPLE
B13: ACREDITACIÓN DE EXPERIENCIA FIGURA ASOCIATIVA | I13: TOTAL CONTRATOS VÁLIDOS | J13: VALOR TOTAL A ACREDITAR (SMMLV) | K13: VALOR TOTAL ACREDITADO (SMMLV) | L13: CONCEPTO
B14: MIEMBRO UNICO O INTEGRANTES DEL CONSORCIO O UNION TEMPORAL. | C14: INTEGRANTE | D14: % PARTICIPACIÓN | E14: EXPERIENCIA TOTAL APORTADA | F14: ¿AL MENOS UNO APORTA EL 50% DE EXPERIENCIA? | G14: ¿APORTA MÍNIMO EL 5% DE EXPERIENCIA? | H14: SI NO APORTA ¿TIENE COMO MAXIMO EL 10% DE PARTICIPACIÓN? | I14: =COUNTIF(D68:I68,"CUMPLE") -> 1 | J14: =+L8 -> 405.24573 | K14: =+E20 -> 666.91 | L14: =IF(K14>=J14,"CUMPLE","NO CUMPLE") -> CUMPLE
C15: =IF(VLOOKUP(C11,PROPONENTES!B10:N46,2,FALSE)=0,"",VLOOKUP(C11,PROPONENTES!B10:N46,2,FALSE)) -> SOLIUN INGENIERIA SAS | D15: =IF(VLOOKUP(C11,PROPONENTES!B10:N46,3,FALSE)=0,"",VLOOKUP(C11,PROPONENTES!B10:N46,3,FALSE)) -> 1 | E15: =IF(C15="","",IF($D$68="CUMPLE",IF(C15=$D$24,$D$39)+IF(C15=$D$25,$D$42)+IF(C15=$D$26,$D$45))+IF($E$68="CUMPLE",IF(C15=$E$24,$E$39)+IF(C15=$E$25,$E$42)+IF(C15=$E$26,$E$45))+IF($F$68="CUMPLE",IF(C15=$F$24,$F$39)+IF(C15=$F$25,$F$42)+IF(C15=$F$26,$F$45))+IF($G$68="CUMPLE",IF(C15=$G$24,$G$39)+IF(C15=$G$25,$G$42)+IF(C15=$G$26,$G$45))+IF($H$68="CUMPLE",IF(C15=$H$24,$H$39)+IF(C15=$H$25,$H$42)+IF(C15=$H$26,$H$45))+IF($I$68="CUMPLE",IF(C15=$I$24,$I$39)+IF(C15=$I$25,$I$42)+IF(C15=$I$26,$I$45))+IF($J$68="CUMPLE",IF(C15=$J$24,$J$39)+IF(C15=$J$25,$J$42)+IF(C15=$J$26,$J$45))) -> 666.91 | F15: =IF(C15="","",IF(E15>=$J$14*0.5,"SI","NO")) -> SI | G15: =IF(C15="","",IF(E15>=$J$14*0.05,"SI",IF(E15=0,"NO APORTA EXPERIENCIA",))) -> SI | H15: =IF(C15="","",IF(AND(G15="NO APORTA EXPERIENCIA",D15<=10%),"SI",IF(G15="SI","NO APLICA","NO - PORCENTAJE MAYOR AL 10%"))) -> NO APLICA | I15: EXP. ESPECIFICA ACREDITADA 2 CONTRATOS (SMMLV) | J15: EXP. ESPECIFICA SOLICITADA (SMMLV) | K15: CONCEPTO | L15: VALOR PROMEDIO DE CONTRATOS VALIDOS
C16: =IF(VLOOKUP(C11,PROPONENTES!B10:N46,4,FALSE)=0,"",VLOOKUP(C11,PROPONENTES!B10:N46,4,FALSE)) | D16: =IF(VLOOKUP(C11,PROPONENTES!B10:N46,5,FALSE)=0,"",VLOOKUP(C11,PROPONENTES!B10:N46,5,FALSE)) | E16: =IF(C16="","",IF($D$68="CUMPLE",IF(C16=$D$24,$D$39)+IF(C16=$D$25,$D$42)+IF(C16=$D$26,$D$45))+IF($E$68="CUMPLE",IF(C16=$E$24,$E$39)+IF(C16=$E$25,$E$42)+IF(C16=$E$26,$E$45))+IF($F$68="CUMPLE",IF(C16=$F$24,$F$39)+IF(C16=$F$25,$F$42)+IF(C16=$F$26,$F$45))+IF($G$68="CUMPLE",IF(C16=$G$24,$G$39)+IF(C16=$G$25,$G$42)+IF(C16=$G$26,$G$45))+IF($H$68="CUMPLE",IF(C16=$H$24,$H$39)+IF(C16=$H$25,$H$42)+IF(C16=$H$26,$H$45))+IF($I$68="CUMPLE",IF(C16=$I$24,$I$39)+IF(C16=$I$25,$I$42)+IF(C16=$I$26,$I$45))+IF($J$68="CUMPLE",IF(C16=$J$24,$J$39)+IF(C16=$J$25,$J$42)+IF(C16=$J$26,$J$45))) | F16: =IF(C16="","",IF(E16>=$J$14*0.5,"SI","NO")) | G16: =IF(C16="","",IF(E16>=$J$14*0.05,"SI",IF(E16=0,"NO APORTA EXPERIENCIA",))) | H16: =IF(C16="","",IF(AND(G16="NO APORTA EXPERIENCIA",D16<=10%),"SI",IF(G16="SI","NO APLICA","NO - PORCENTAJE MAYOR AL 5%"))) | I16: =SUMIF(D69:J69,"CUMPLE",D39:J39)+SUMIF(D69:J69,"CUMPLE",D42:J42)+SUMIF(D69:J69,"CUMPLE",D45:J45) -> 666.91 | J16: =+L8*0.7 -> 283.67201 | K16: =IF(I16>=J16,"CUMPLE","NO CUMPLE") -> CUMPLE | L16: =AVERAGEIF(D68:J68,"CUMPLE",D46:J46) -> 666.91
C17: =IF(VLOOKUP(C11,PROPONENTES!B10:N46,6,FALSE)=0,"",VLOOKUP(C11,PROPONENTES!B10:N46,6,FALSE)) | D17: =IF(VLOOKUP(C11,PROPONENTES!B10:N46,7,FALSE)=0,"",VLOOKUP(C11,PROPONENTES!B10:N46,7,FALSE)) | E17: =IF(C17="","",IF($D$68="CUMPLE",IF(C17=$D$24,$D$39)+IF(C17=$D$25,$D$42)+IF(C17=$D$26,$D$45))+IF($E$68="CUMPLE",IF(C17=$E$24,$E$39)+IF(C17=$E$25,$E$42)+IF(C17=$E$26,$E$45))+IF($F$68="CUMPLE",IF(C17=$F$24,$F$39)+IF(C17=$F$25,$F$42)+IF(C17=$F$26,$F$45))+IF($G$68="CUMPLE",IF(C17=$G$24,$G$39)+IF(C17=$G$25,$G$42)+IF(C17=$G$26,$G$45))+IF($H$68="CUMPLE",IF(C17=$H$24,$H$39)+IF(C17=$H$25,$H$42)+IF(C17=$H$26,$H$45))+IF($I$68="CUMPLE",IF(C17=$I$24,$I$39)+IF(C17=$I$25,$I$42)+IF(C17=$I$26,$I$45))+IF($J$68="CUMPLE",IF(C17=$J$24,$J$39)+IF(C17=$J$25,$J$42)+IF(C17=$J$26,$J$45))) | F17: =IF(C17="","",IF(E17>=$J$14*0.5,"SI","NO")) | G17: =IF(C17="","",IF(E17>=$J$14*0.05,"SI",IF(E17=0,"NO APORTA EXPERIENCIA",))) | H17: =IF(C17="","",IF(AND(G17="NO APORTA EXPERIENCIA",D17<=10%),"SI",IF(G17="SI","NO APLICA","NO - PORCENTAJE MAYOR AL 5%")))
C18: =IF(VLOOKUP(C11,PROPONENTES!B10:N46,8,FALSE)=0,"",VLOOKUP(C11,PROPONENTES!B10:N46,8,FALSE)) | D18: =IF(VLOOKUP(C11,PROPONENTES!B10:N46,9,FALSE)=0,"",VLOOKUP(C11,PROPONENTES!B10:N46,9,FALSE)) | E18: =IF(C18="","",IF($D$68="CUMPLE",IF(C18=$D$24,$D$39)+IF(C18=$D$25,$D$42)+IF(C18=$D$26,$D$45))+IF($E$68="CUMPLE",IF(C18=$E$24,$E$39)+IF(C18=$E$25,$E$42)+IF(C18=$E$26,$E$45))+IF($F$68="CUMPLE",IF(C18=$F$24,$F$39)+IF(C18=$F$25,$F$42)+IF(C18=$F$26,$F$45))+IF($G$68="CUMPLE",IF(C18=$G$24,$G$39)+IF(C18=$G$25,$G$42)+IF(C18=$G$26,$G$45))+IF($H$68="CUMPLE",IF(C18=$H$24,$H$39)+IF(C18=$H$25,$H$42)+IF(C18=$H$26,$H$45))+IF($I$68="CUMPLE",IF(C18=$I$24,$I$39)+IF(C18=$I$25,$I$42)+IF(C18=$I$26,$I$45))+IF($J$68="CUMPLE",IF(C18=$J$24,$J$39)+IF(C18=$J$25,$J$42)+IF(C18=$J$26,$J$45))) | F18: =IF(C18="","",IF(E18>=$J$14*0.5,"SI","NO")) | G18: =IF(C18="","",IF(E18>=$J$14*0.05,"SI",IF(E18=0,"NO APORTA EXPERIENCIA",))) | H18: =IF(C18="","",IF(AND(G18="NO APORTA EXPERIENCIA",D18<=10%),"SI",IF(G18="SI","NO APLICA","NO - PORCENTAJE MAYOR AL 5%")))
C19: =IF(VLOOKUP(C11,PROPONENTES!B10:N46,10,FALSE)=0,"",VLOOKUP(C11,PROPONENTES!B10:N46,10,FALSE)) | D19: =IF(VLOOKUP(C11,PROPONENTES!B10:N46,11,FALSE)=0,"",VLOOKUP(C11,PROPONENTES!B10:N46,11,FALSE)) | E19: =IF(C19="","",IF($D$68="CUMPLE",IF(C19=$D$24,$D$39)+IF(C19=$D$25,$D$42)+IF(C19=$D$26,$D$45))+IF($E$68="CUMPLE",IF(C19=$E$24,$E$39)+IF(C19=$E$25,$E$42)+IF(C19=$E$26,$E$45))+IF($F$68="CUMPLE",IF(C19=$F$24,$F$39)+IF(C19=$F$25,$F$42)+IF(C19=$F$26,$F$45))+IF($G$68="CUMPLE",IF(C19=$G$24,$G$39)+IF(C19=$G$25,$G$42)+IF(C19=$G$26,$G$45))+IF($H$68="CUMPLE",IF(C19=$H$24,$H$39)+IF(C19=$H$25,$H$42)+IF(C19=$H$26,$H$45))+IF($I$68="CUMPLE",IF(C19=$I$24,$I$39)+IF(C19=$I$25,$I$42)+IF(C19=$I$26,$I$45))+IF($J$68="CUMPLE",IF(C19=$J$24,$J$39)+IF(C19=$J$25,$J$42)+IF(C19=$J$26,$J$45))) | F19: =IF(C19="","",IF(E19>=$J$14*0.5,"SI","NO")) | G19: =IF(C19="","",IF(E19>=$J$14*0.05,"SI",IF(E19=0,"NO APORTA EXPERIENCIA",))) | H19: =IF(C19="","",IF(AND(G19="NO APORTA EXPERIENCIA",D19<=10%),"SI",IF(G19="SI","NO APLICA","NO - PORCENTAJE MAYOR AL 5%")))
B20: TOTAL | C20: =+VLOOKUP(C11,PROPONENTES!B10:N46,12,FALSE) -> 1 | D20: =+VLOOKUP(C11,PROPONENTES!B10:N46,13,FALSE) -> 1 | E20: =SUM(E15:E19) -> 666.91 | F20: =IF(F15="SI","CUMPLE",IF(F16="SI","CUMPLE",IF(F17="SI","CUMPLE",IF(F18="SI","CUMPLE",IF(F19="SI","CUMPLE","NO CUMPLE"))))) -> CUMPLE | G20: =+IF(COUNTIF(E15:E19,0)>1,"NO CUMPLE, HAY MAS DE UN (1) INTEGRANTE QUE NO APORTA EXPERIENCIA",IF(AND(OR(G15="NO APORTA EXPERIENCIA",G15="SI",G15=""),OR(G16="NO APORTA EXPERIENCIA",G16="SI",G16=""),OR(G17="NO APORTA EXPERIENCIA",G17="SI",G17=""),OR(G18="NO APORTA EXPERIENCIA",G18="SI",G18=""),OR(G19="NO APORTA EXPERIENCIA",G19="SI",G19="")),"CUMPLE","NO CUMPLE")) -> CUMPLE | H20: =IF(COUNTIF(E15:E19,0)>1,"NO CUMPLE, HAY MAS DE UN (1) INTEGRANTE QUE NO APORTA EXPERIENCIA",IF(AND(OR(H15="NO APLICA",H15="SI",H15=""),OR(H16="NO APLICA",H16="SI",H16=""),OR(H17="NO APLICA",H17="SI",H17=""),OR(H18="NO APLICA",H18="SI",H18=""),OR(H19="NO APLICA",H19="SI",H19="")),"CUMPLE","NO CUMPLE")) -> CUMPLE | I20: EMPRENDIMIENTO MUJER | J20: =IF(VLOOKUP(C11,PUNTAJE!B15:AD109,25,FALSE)=0.25,"SI","NO") -> SI | K20: MIPYME | L20: =IF(VLOOKUP(C11,PUNTAJE!B15:AD109,29,FALSE)=0.25,"SI","NO") -> SI
B22: =CONCATENATE("ACREDITACION EXPERIENCIA ",'DATOS INICIALES'!G4) -> ACREDITACION EXPERIENCIA FDLK-CMA-003-2024
B23: NÚMERO DE CERTIFICACIONES | C23: Máximo 5, 6 o 7 contratos | D23: CONTRATO No. 1 | E23: CONTRATO No. 2 | F23: CONTRATO No. 3 | G23: CONTRATO No. 4 | H23: CONTRATO No. 5 | I23: CONTRATO No. 6 | K23: OBSERVACIONES
B24: INTEGRANTE 1 DEL CONTRATO APORTADO | D24: SOLIUN INGENIERIA SAS
B25: INTEGRANTE 2 DEL CONTRATO APORTADO
B26: INTEGRANTE 3 DEL CONTRATO APORTADO
B27: DATOS DEL CONTRATO | C27: N° del contrato y año de suscripción
C28: Objeto | D28: REALIZAR LA INTERVENTORÍA TÉCNICA ADMINISTRATIVA, FINANCIERA, Y JURÍDICA PARA LAS OBRAS DE CONSTRUCCIÓN ADECUACIÓN DEL PARQUE METROPOLITANO TERCER MILENIO.
C29: Fecha de iniciación del contrato. (dd/mm/aaaa) | D29: 43441
C30: Fecha de terminación del contrato. (dd/mm/aaaa) | D30: 43790
C31: Año de terminación para convertir en SMMLV | D31: 2019
C32: Nombre o razón social del contratante | D32: IDRD
C33: Nombre o razón social del contratista | D33: SOLIUN INGENIERIA SAS
C34: No. Consecutivo RUP | D34: 29
C35: Valor final del contrato en SMMLV reportado en el RUP | D35: 1333.82
C36: Valor final contrato en pesos | D36: =IFERROR(D35*VLOOKUP(D31,'DATOS INICIALES'!$A$12:$B$43,2,0),"0") -> 1.1045577e+09 | E36: =IFERROR(E35*VLOOKUP(E31,'DATOS INICIALES'!$A$12:$B$43,2,0),"0") -> 0 | F36: =IFERROR(F35*VLOOKUP(F31,'DATOS INICIALES'!$A$12:$B$43,2,0),"0") -> 0 | G36: =IFERROR(G35*VLOOKUP(G31,'DATOS INICIALES'!$A$12:$B$43,2,0),"0") -> 0 | H36: =IFERROR(H35*VLOOKUP(H31,'DATOS INICIALES'!$A$12:$B$43,2,0),"0") -> 0 | I36: =IFERROR(I35*VLOOKUP(I31,'DATOS INICIALES'!$A$12:$B$43,2,0),"0") -> 0 | J36: =IFERROR(J35*VLOOKUP(J31,'DATOS INICIALES'!$A$12:$B$43,2,0),"0") -> 0
C37: Porcentaje de Participación INTEGRANTE 1 | D37: 0.5
C38: Valor final según porcentaje de participación INTEGRANTE 1 EN PESOS | D38: =IF(D24="","0",D37*D36) -> 5.5227884e+08 | E38: =IF(E24="","0",E37*E36) -> 0 | F38: =IF(F24="","0",F37*F36) -> 0 | G38: =IF(G24="","0",G37*G36) -> 0 | H38: =IF(H24="","0",H37*H36) -> 0 | I38: =IF(I24="","0",I37*I36) -> 0 | J38: =IF(J24="","0",J37*J36) -> 0
C39: Valor final según porcentaje de participación INTEGRANTE 1 en SMMLV | D39: =IFERROR(D35*D37,"0") -> 666.91 | E39: =IFERROR(E35*E37,"0") -> 0 | F39: =IFERROR(F35*F37,"0") -> 0 | G39: =IFERROR(G35*G37,"0") -> 0 | H39: =IFERROR(H35*H37,"0") -> 0 | I39: =IFERROR(I35*I37,"0") -> 0 | J39: =IFERROR(J35*J37,"0") -> 0
C40: Porcentaje de Participación INTEGRANTE 2
C41: Valor final según porcentaje de participación INTEGRANTE 2 EN PESOS | D41: =IF(D25="","0",D40*D36) -> 0 | E41: =IF(E25="","0",E40*E36) -> 0 | F41: =IF(F25="","0",F40*F36) -> 0 | G41: =IF(G25="","0",G40*G36) -> 0 | H41: =IF(H25="","0",H40*H36) -> 0 | I41: =IF(I25="","0",I40*I36) -> 0 | J41: =IF(J25="","0",J40*J36) -> 0
C42: Valor final según porcentaje de participación INTEGRANTE 2 en SMMLV | D42: =IF(D25="",0,D35*D40) -> 0 | E42: =IF(E25="",0,E35*E40) -> 0 | F42: =IF(F25="",0,F35*F40) -> 0 | G42: =IF(G25="",0,G35*G40) -> 0 | H42: =IF(H25="",0,H35*H40) -> 0 | I42: =IF(I25="",0,I35*I40) -> 0 | J42: =IF(J25="",0,J35*J40) -> 0
C43: Porcentaje de Participación INTEGRANTE 3
C44: Valor final según porcentaje de participación INTEGRANTE 3 EN PESOS | D44: =IF(D26="","0",D43*D36) -> 0 | E44: =IF(E26="","0",E43*E36) -> 0 | F44: =IF(F26="","0",F43*F36) -> 0 | G44: =IF(G26="","0",G43*G36) -> 0 | H44: =IF(H26="","0",H43*H36) -> 0 | I44: =IF(I26="","0",I43*I36) -> 0 | J44: =IF(J26="","0",J43*J36) -> 0
C45: Valor final según porcentaje de participación INTEGRANTE 3 en SMMLV | D45: =IF(D26="",0,D35*D43) -> 0 | E45: =IF(E26="",0,E35*E43) -> 0 | F45: =IF(F26="",0,F35*F43) -> 0 | G45: =IF(G26="",0,G35*G43) -> 0 | H45: =IF(H26="",0,H35*H43) -> 0 | I45: =IF(I26="",0,I35*I43) -> 0 | J45: =IF(J26="",0,J35*J43) -> 0
C46: VALOR TOTAL ACREDITADO POR CONTRATO | D46: =+D39+D42+D45 -> 666.91 | E46: =+E39+E42+E45 -> 0 | F46: =+F39+F42+F45 -> 0 | G46: =+G39+G42+G45 -> 0 | H46: =+H39+H42+H45 -> 0 | I46: =+I39+I42+I45 -> 0 | J46: =+J39+J42+J45 -> 0
B47: REGISTRO UNICO DE PROPONENTES | C47: ¿RUP vigente y en firme antes del cierre del proceso? | D47: CUMPLE
B48: CODIGO CIIU | C48: =+'DATOS INICIALES'!D22 -> 81141500 | D48: SI
C49: =+'DATOS INICIALES'!D23 -> 80101500 | D49: SI
C50: =+'DATOS INICIALES'!D24 -> 80101600 | D50: SI
C51: =+'DATOS INICIALES'!D25 -> 81101500 | D51: SI
C52: =+'DATOS INICIALES'!D26 -> 0
C53: =+'DATOS INICIALES'!D27 -> 0
C55: ¿El contrato se encuentra clasificado en alguno de los anteriores códigos? | D55: =IF(D24="","N/A",IF(D48="SI","CUMPLE",IF(D49="SI","CUMPLE",IF(D50="SI","CUMPLE",IF(D51="SI","CUMPLE",IF(D52="SI","CUMPLE",IF(D53="SI","CUMPLE",IF(D54="SI","CUMPLE","NO CUMPLE")))))))) -> CUMPLE | E55: =IF(E24="","N/A",IF(E48="SI","CUMPLE",IF(E49="SI","CUMPLE",IF(E50="SI","CUMPLE",IF(E51="SI","CUMPLE",IF(E52="SI","CUMPLE",IF(E53="SI","CUMPLE",IF(E54="SI","CUMPLE","NO CUMPLE")))))))) -> N/A | F55: =IF(F24="","N/A",IF(F48="SI","CUMPLE",IF(F49="SI","CUMPLE",IF(F50="SI","CUMPLE",IF(F51="SI","CUMPLE",IF(F52="SI","CUMPLE",IF(F53="SI","CUMPLE",IF(F54="SI","CUMPLE","NO CUMPLE")))))))) -> N/A | G55: =IF(G24="","N/A",IF(G48="SI","CUMPLE",IF(G49="SI","CUMPLE",IF(G50="SI","CUMPLE",IF(G51="SI","CUMPLE",IF(G52="SI","CUMPLE",IF(G53="SI","CUMPLE",IF(G54="SI","CUMPLE","NO CUMPLE")))))))) -> N/A | H55: =IF(H24="","N/A",IF(H48="SI","CUMPLE",IF(H49="SI","CUMPLE",IF(H50="SI","CUMPLE",IF(H51="SI","CUMPLE",IF(H52="SI","CUMPLE",IF(H53="SI","CUMPLE",IF(H54="SI","CUMPLE","NO CUMPLE")))))))) -> N/A | I55: =IF(I24="","N/A",IF(I48="SI","CUMPLE",IF(I49="SI","CUMPLE",IF(I50="SI","CUMPLE",IF(I51="SI","CUMPLE",IF(I52="SI","CUMPLE",IF(I53="SI","CUMPLE",IF(I54="SI","CUMPLE","NO CUMPLE")))))))) -> N/A | J55: =IF(J24="","N/A",IF(J48="SI","CUMPLE",IF(J49="SI","CUMPLE",IF(J50="SI","CUMPLE",IF(J51="SI","CUMPLE",IF(J52="SI","CUMPLE",IF(J53="SI","CUMPLE",IF(J54="SI","CUMPLE","NO CUMPLE")))))))) -> N/A
B56: PROYECTOS QUE CORRESPONDAN O HAYAN CONTENIDO UNA O ALGUNAS DE LAS SIGUIENTES ACTIVIDADES: - INTERVENTORÍA A CONSTRUCCIÓN Y/O RECONSTRUCCIÓN Y/O AMPLIACIÓN Y/O TERMINACIÓN Y/O REHABILITACIÓN Y/O MEJORAMIENTO Y/O MANTENIMIENTO Y/O ADECUACIÓN DE PARQUES - INTERVENTORÍA A CONSTRUCCIÓN Y/O RECONSTRUCCIÓN Y/O AMPLIACIÓN Y/O TERMINACIÓN Y/O REHABILITACIÓN Y/O MEJORAMIENTO Y/O MANTENIMIENTO Y/O ADECUACIÓN DE ESPACIO PÚBLICO Nota 1: Para el caso de experiencia de ESPACIO PÚBLICO se excluyen de estos las vías destinadas al tránsito vehicular, así como la INTERVENTORÍA A conservación y/o preservación de playas marítimas. Nota 2: En el caso en el cual el proceso de selección contemple actividades de dotación de mobiliario, la experiencia válida aportada deberá acreditar en por lo menos uno (1) de los contratos actividades de INTERVENTORÍA A suministro e instalación de mobiliario. | D56: CUMPLE
D57: CUMPLE
D58: CUMPLE
D59: CUMPLE
D60: CUMPLE
B61: D. Estar relacionados en el Formato 3 – Experiencia. Los Proponentes Plurales deben indicar qué integrante aporta cada uno de los contratos señalados en el Formato 3 – Experiencia. Este documento debe presentarlo el Proponente Plural y no sus integrantes. El Formato 3 -Experiencia deberá aportarse diligenciado en formato Excel. | D61: CUMPLE
B62: E. Los contratos acreditados deben haber terminado antes de la fecha de cierre del presente Proceso de Contratación. | D62: CUMPLE
B63: F. Para los contratos que sean aportados por personas jurídicas que no cuentan con más de tres (3) años de constituidas y pretendan acreditar la experiencia de sus socios, accionistas o constituyentes, en los términos establecidos en el numeral 2.5 del artículo 2.2.1.1.1.5.2. del Decreto 1082 de 2015, además del Registro Único de Proponentes (RUP), deben adjuntar un documento suscrito por el representante legal y el revisor fiscal o contador público (según corresponda) donde se indique la conformación de la persona jurídica. La Entidad tendrá en cuenta la experiencia de los accionistas, socios o constituyentes de las sociedades con menos de tres (3) años de constituidas. Pasado este tiempo, la sociedad conservará esta experiencia, tal y como haya quedado registrada en el RUP. | D63: N/A
B64: 10.1.5 DOCUMENTOS VÁLIDOS PARA LA ACREDITACIÓN DE LA EXPERIENCIA REQUERIDA A. Acta de liquidación y/o recibo final del contrato de interventoría. B. Acta de liquidación y/o recibo final del Contrato de Obra al cual se le realizó la interventoría, en la cual se puede verificar las actividades ejecutadas y el alcance de las mismas. C. Acta de entrega, terminación, final o de recibo definitivo; en los cuales se pueda verificar la participación del Proponente como Interventor. D. Certificación de experiencia. Expedida con posterioridad a la fecha de terminación del contrato en la que conste la información de la interventoría a la obra contratada debidamente suscrita por quien esté en capacidad u obligación de hacerlo en la Entidad contratante. E. Acta de Inicio o la orden de inicio. La misma solo será válida para efectos de acreditar la fecha de inicio. F. Los contratos que hayan sido objeto de cesión deberán encontrarse debidamente inscritos y clasificados en el Registro Único de Proponentes (RUP) o en uno o alguno de los documentos considerados como válidos para la acreditación de experiencia del cesionario, según aplique. La experiencia se admitirá para el cesionario y no se reconocerá experiencia alguna al cedente. | D64: CUMPLE
B65: Para efectos de acreditación de experiencia con particulares, el Proponente deberá aportar, además, la certificación de facturación expedida con posterioridad a la fecha de terminación del contrato emitida por el revisor fiscal o contador público del Proponente que demuestre la experiencia, según corresponda, con la copia de la tarjeta profesional y el certificado de antecedente disciplinarios vigente, emitido por la Junta Central de Contadores, o los documentos equivalentes que hagan sus veces en el país donde se expide el documento del profesional. | D65: N/A
B66: 10,1,6 PARA SUBCONTRATOS Para acreditar la experiencia de subcontratos, cuyo contrato principal fue suscrito con particulares, se aplicarán las disposiciones establecidas en el numeral anterior. Para acreditar la experiencia de contratos derivados de contratos suscritos con Entidades Estatales el Proponente deberá aportar los documentos que se enlistan a continuación: A. Certificación del subcontrato. Certificación expedida con posterioridad a la fecha de terminación del subcontrato, la cual deberá estar suscrita por el representante legal del contratista del contrato principal, del Concesionario, o del EPC o Consorcio Constructor. Así mismo, debe contener la información requerida en el Pliego de Condiciones para efectos de la acreditación de la experiencia. B. Certificación expedida por la Entidad Estatal del contrato principal del cual se derivó el subcontrato. Esta certificación debe contener la información básica del contrato principal y la siguiente: I. Alcance de las actividades de consultoría en el contrato principal. II. Información en la cual se evidencie que la figura de la subcontratación es permitida en el marco del contrato principal. En caso de que no requiera autorización para subcontratar, el Proponente podrá aportar con su propuesta alguno de los siguientes documentos que den cuenta de esa circunstancia: i) copia del contrato o ii) certificación emitida por la Entidad Estatal, donde acredite que para subcontratar no se requería autorización. La información solicitada en el literal B únicamente se exige en relación con el contrato principal suscrito con la Entidad Estatal. | D66: N/A
B67: 10.1.4 ACREDITACIÓN DE LA EXPERIENCIA REQUERIDA Los Proponentes acreditarán para cada uno de los contratos aportados la siguiente información, mediante alguno de los documentos señalados en la sección 10.1.5 del Pliego de Condiciones: I. Contratante. II. Objeto del contrato. III. Principales actividades ejecutadas. IV. Las longitudes, volúmenes, dimensiones, tipologías y demás condiciones de experiencia establecidas en la “Matriz 1 – Experiencia” a la cual se realizó la consultoría, si aplica. V. La fecha de iniciación de la ejecución del contrato. VI. La fecha de terminación de la ejecución del contrato. VII. Nombre y cargo de la persona que expide la certificación. VIII. El porcentaje de participación del integrante del contratista plural, el cual corresponderá con el registrado en el RUP, o en alguno de los documentos válidos para la acreditación de experiencia en caso de que el integrante no esté obligado a tener RUP. IX. Valor total ejecutado. Tratándose de personas obligadas a tener RUP el valor ejecutado o facturado se tomará del valor registrado en el RUP. | D67: CUMPLE
B68: CONCEPTO POR CONTRATO | D68: =IF(D24="","N/A",IF(AND(D47="CUMPLE",D55="CUMPLE",D56="CUMPLE",D61="CUMPLE",D62="CUMPLE",OR(D63="CUMPLE",D63="N/A"),D64="CUMPLE",OR(D65="CUMPLE",D65="N/A"),D67="CUMPLE",OR(D66="CUMPLE",D66="N/A")),"CUMPLE","NO CUMPLE")) -> CUMPLE | E68: =IF(E24="","N/A",IF(AND(E47="CUMPLE",E55="CUMPLE",E56="CUMPLE",E61="CUMPLE",E62="CUMPLE",OR(E63="CUMPLE",E63="N/A"),E64="CUMPLE",OR(E65="CUMPLE",E65="N/A"),E67="CUMPLE",OR(E66="CUMPLE",E66="N/A")),"CUMPLE","NO CUMPLE")) -> N/A | F68: =IF(F24="","N/A",IF(AND(F47="CUMPLE",F55="CUMPLE",F56="CUMPLE",F61="CUMPLE",F62="CUMPLE",OR(F63="CUMPLE",F63="N/A"),F64="CUMPLE",OR(F65="CUMPLE",F65="N/A"),F67="CUMPLE",OR(F66="CUMPLE",F66="N/A")),"CUMPLE","NO CUMPLE")) -> N/A | G68: =IF(G24="","N/A",IF(AND(G47="CUMPLE",G55="CUMPLE",G56="CUMPLE",G61="CUMPLE",G62="CUMPLE",OR(G63="CUMPLE",G63="N/A"),G64="CUMPLE",OR(G65="CUMPLE",G65="N/A"),G67="CUMPLE",OR(G66="CUMPLE",G66="N/A")),"CUMPLE","NO CUMPLE")) -> N/A | H68: =IF(H24="","N/A",IF(AND(H47="CUMPLE",H55="CUMPLE",H56="CUMPLE",H61="CUMPLE",H62="CUMPLE",OR(H63="CUMPLE",H63="N/A"),H64="CUMPLE",OR(H65="CUMPLE",H65="N/A"),H67="CUMPLE",OR(H66="CUMPLE",H66="N/A")),"CUMPLE","NO CUMPLE")) -> N/A | I68: =IF(I24="","N/A",IF(AND(I47="CUMPLE",I55="CUMPLE",I56="CUMPLE",I61="CUMPLE",I62="CUMPLE",OR(I63="CUMPLE",I63="N/A"),I64="CUMPLE",OR(I65="CUMPLE",I65="N/A"),I67="CUMPLE",OR(I66="CUMPLE",I66="N/A")),"CUMPLE","NO CUMPLE")) -> N/A | J68: =IF(J24="","N/A",IF(AND(J47="CUMPLE",J55="CUMPLE",J56="CUMPLE",J61="CUMPLE",J62="CUMPLE",OR(J63="CUMPLE",J63="N/A"),J64="CUMPLE",OR(J65="CUMPLE",J65="N/A"),J67="CUMPLE",OR(J66="CUMPLE",J66="N/A")),"CUMPLE","NO CUMPLE")) -> N/A
B69: EXPERIENCIA ESPECIFICA: Con la sumatoria de hasta máximo dos (2) de los contratos válidos aportados como experiencia general debe corresponder mínimo al (70%) del presupuesto oficial del presente proceso de selección. | D69: CUMPLE
B71: DOCUMENTACIÓN PERSONAL
B72: REQUISITO | D72: CONCEPTO | E72: OBSERVACIONES
B73: 3.9.2 EXIGENCIAS MÍNIMAS DE EXPERIENCIA Y FORMACIÓN ACADÉMICA DEL EQUIPO DE TRABAJO (Personal Clave Evaluable) Durante el desarrollo del Proceso de Contratación NO se evaluarán los soportes de los perfiles requeridos, por lo que no se solicitarán como parte de los documentos que conforman la propuesta. En tal sentido, el Proponente deberá cumplir las siguientes reglas: I. Aportar y diligenciar en forma clara, completa, correcta y legible el “Formato 8 - Aceptación y cumplimiento de la formación académica y la experiencia del personal clave evaluable”, de acuerdo con los requisitos y condiciones que allí se indican y demás señaladas en el Pliego de Condiciones y sus documentos anexos. II. l “Formato 8 – Aceptación y cumplimiento de la formación académica y la experiencia del personal clave evaluable” debe suscribirlo el Proponente persona natural, representante legal de la persona jurídica o representante del Proponente Plural. Para los fines de este numeral se entiende por Personal Clave Evaluable los siguientes perfiles: i. Un (1) Director de Interventoría ii. Un (1) Residente de Interventoría. iii. Un (1) Especialista en Geotecnia. | D73: CUMPLE
B74: CONCEPTO DOCUMENTACION PERSONAL | D74: =IF(D73="CUMPLE","CUMPLE","NO CUMPLE") -> CUMPLE

Sheet K RESIDUAL DOCUMENTOS
A2: FONDO DE DESARROLLO LOCAL DE KENNEDY
A4: ='DATOS INICIALES'!G4 -> FDLK-CMA-003-2024
A6: Ciudad | C6: BOGOTÁ D.C | D6: Fecha de Evaluación | G6: 44498
A7: DATOS GENERALES
A8: OBJETO DE LA CONVOCATORIA | C8: ='DATOS INICIALES'!D2 -> REALIZAR LA INTERVENTORÍA TÉCNICA, ADMINISTRATIVA, FINANCIERA, JURÍDICA, AMBIENTAL, SOCIAL Y DE SEGURIDAD Y SALUD EN EL TRABAJO AL CONTRATO DE OBRA PÚBLICA RESULTANTE DEL PROCESO DE LICITACIÓN PÚBLICA No. FDLK-LP-013-2024 CUYO OBJETO ES: CONTRATAR POR EL SISTEMA DE PRECIOS UNITARIOS A MONTO AGOTABLE EL DIAGNÓSTICO, MANTENIMIENTO CORRECTIVO Y PREVENTIVO, SUMINISTRO E INSTALACION DE MOBILIARIO DE LOS PARQUES DE PROXIMIDAD (VECINALES Y DE BOLSILLO) PRIORIZADOS EN LA LOCALIDAD DE KENNEDY
A9: VALOR DEL PROCESO EN PESOS | C9: =+'DATOS INICIALES'!C6 -> 0 | F9: PLAZO DEL CONTRATO (MESES) | G9: 4
A10: VALOR DEL PROCESO EN SMMLV | C10: =C9/'DATOS INICIALES'!B43 -> 0 | F10: ANTICIPO | G10: 0
A12: No. | B12: PROPONENTE | C12: INTEGRANTE | D12: % | E12: RUP VIGENTE Y EN FIRME | F12: BALANCE GENERAL Y CERTIFICACION DE ESTADOS FINANCIEROS | G12: ESTADO DE RESULTADOS | H12: INFORME DE AUDITORIA | I12: TARJETA PROFESIONAL Y CERTIFICADO DE ANTECEDENTES DEL CONTADOR, REVISOR FISCAL Y AUDITOR | J12: FORMATO 4 - CAPACIDAD FINANCIERA Y ORGANIZACIONAL PARA EXTRANJEROS | K12: FORMATO 5 - CAPACIDAD RESIDUAL EN EL SEGMENTO 72 | L12: FORMATO 5 - CAPACIDAD TECNICA | M12: FORMATO 5 - SALDO DE CONTRATOS EN EJECUCIÓN | N12: K RESIDUAL DOCUMENTOS | O12: K RESIDUAL ACREDITADO | P12: K RESIDUAL REQUERIDO | Q12: CONCEPTO FINAL K RESIDUAL | R12: OBSERVACIONES
A13: 1 | B13: =+PROPONENTES!B10 -> SOLIUN INGENIERIA SAS | C13: =IF(VLOOKUP(B13,PROPONENTES!$B$10:$N$16,2,FALSE)="","",VLOOKUP(B13,PROPONENTES!$B$10:$N$16,2,FALSE)) -> SOLIUN INGENIERIA SAS | D13: =VLOOKUP(B13,PROPONENTES!$B$10:$N$16,3,FALSE) -> 1 | E13: CUMPLE | F13: NO CUMPLE | G13: CUMPLE | H13: CUMPLE | I13: CUMPLE | J13: N/A | K13: CUMPLE | L13: CUMPLE | M13: CUMPLE | N13: =IF(C13="","N/A",IF(AND(OR(E13="CUMPLE",E13="N/A"),OR(F13="CUMPLE",F13="N/A"),OR(G13="CUMPLE",G13="N/A"),OR(H13="CUMPLE",H13="N/A"),OR(I13="CUMPLE",I13="N/A"),OR(J13="CUMPLE",J13="N/A"),OR(K13="CUMPLE",K13="N/A"),OR(L13="CUMPLE",L13="N/A"),OR(M13="CUMPLE",M13="N/A")),"CUMPLE","NO CUMPLE")) -> NO CUMPLE | O13: =+'K RESIDUAL CALCULO'!N13 -> #DIV/0! | P13: =IF($G$9<=12,$C$9-$G$10*$C$9,(($C$9-$G$10)/$G$9)*12) -> 0 | Q13: =IF(AND(O13>=P13,OR(N13="CUMPLE",N13="N/A"),OR(N14="CUMPLE",N14="N/A"),OR(N15="CUMPLE",N15="N/A"),OR(N16="CUMPLE",N16="N/A")*OR(N17="CUMPLE",N17="N/A")),"CUMPLE","NO CUMPLE") -> #DIV/0!
C14: =IF(VLOOKUP(B13,PROPONENTES!$B$10:$N$16,4,FALSE)="","",VLOOKUP(B13,PROPONENTES!$B$10:$N$16,4,FALSE)) | D14: =VLOOKUP(B13,PROPONENTES!$B$10:$N$16,5,FALSE) -> 0 | E14: CUMPLE | F14: NO CUMPLE | G14: CUMPLE | H14: CUMPLE | I14: CUMPLE | J14: N/A | K14: CUMPLE | L14: CUMPLE | M14: CUMPLE | N14: =IF(C14="","N/A",IF(AND(OR(E14="CUMPLE",E14="N/A"),OR(F14="CUMPLE",F14="N/A"),OR(G14="CUMPLE",G14="N/A"),OR(H14="CUMPLE",H14="N/A"),OR(I14="CUMPLE",I14="N/A"),OR(J14="CUMPLE",J14="N/A"),OR(K14="CUMPLE",K14="N/A"),OR(L14="CUMPLE",L14="N/A"),OR(M14="CUMPLE",M14="N/A")),"CUMPLE","NO CUMPLE")) -> N/A
C15: =IF(VLOOKUP(B13,PROPONENTES!$B$10:$N$16,6,FALSE)="","",VLOOKUP(B13,PROPONENTES!$B$10:$N$16,6,FALSE)) | D15: =VLOOKUP(B13,PROPONENTES!$B$10:$N$16,7,FALSE) -> 0 | N15: =IF(C15="","N/A",IF(AND(OR(E15="CUMPLE",E15="N/A"),OR(F15="CUMPLE",F15="N/A"),OR(G15="CUMPLE",G15="N/A"),OR(H15="CUMPLE",H15="N/A"),OR(I15="CUMPLE",I15="N/A"),OR(J15="CUMPLE",J15="N/A"),OR(K15="CUMPLE",K15="N/A"),OR(L15="CUMPLE",L15="N/A"),OR(M15="CUMPLE",M15="N/A")),"CUMPLE","NO CUMPLE")) -> N/A
C16: =IF(VLOOKUP(B13,PROPONENTES!$B$10:$N$16,8,FALSE)="","",VLOOKUP(B13,PROPONENTES!$B$10:$N$16,8,FALSE)) | D16: =VLOOKUP(B13,PROPONENTES!$B$10:$N$16,9,FALSE) -> 0 | N16: =IF(C16="","N/A",IF(AND(OR(E16="CUMPLE",E16="N/A"),OR(F16="CUMPLE",F16="N/A"),OR(G16="CUMPLE",G16="N/A"),OR(H16="CUMPLE",H16="N/A"),OR(I16="CUMPLE",I16="N/A"),OR(J16="CUMPLE",J16="N/A"),OR(K16="CUMPLE",K16="N/A"),OR(L16="CUMPLE",L16="N/A"),OR(M16="CUMPLE",M16="N/A")),"CUMPLE","NO CUMPLE")) -> N/A
C17: =IF(VLOOKUP(B13,PROPONENTES!$B$10:$N$16,8,FALSE)="","",VLOOKUP(B13,PROPONENTES!$B$10:$N$16,10,FALSE)) | D17: =VLOOKUP(B13,PROPONENTES!$B$10:$N$16,11,FALSE) -> 0 | N17: =IF(C17="","N/A",IF(AND(OR(E17="CUMPLE",E17="N/A"),OR(F17="CUMPLE",F17="N/A"),OR(G17="CUMPLE",G17="N/A"),OR(H17="CUMPLE",H17="N/A"),OR(I17="CUMPLE",I17="N/A"),OR(J17="CUMPLE",J17="N/A"),OR(K17="CUMPLE",K17="N/A"),OR(L17="CUMPLE",L17="N/A"),OR(M17="CUMPLE",M17="N/A")),"CUMPLE","NO CUMPLE")) -> N/A
A18: 2 | B18: =+PROPONENTES!B11 -> VELNEC S.A. | C18: =IF(VLOOKUP(B18,PROPONENTES!$B$10:$N$16,2,FALSE)="","",VLOOKUP(B18,PROPONENTES!$B$10:$N$16,2,FALSE)) -> VELNEC S.A. | D18: =VLOOKUP(B18,PROPONENTES!$B$10:$N$16,3,FALSE) -> 1 | E18: CUMPLE | F18: N/A | G18: NO CUMPLE | H18: NO CUMPLE | I18: NO CUMPLE | J18: N/A | K18: CUMPLE | L18: CUMPLE | M18: NO CUMPLE | N18: =IF(C18="","N/A",IF(AND(OR(E18="CUMPLE",E18="N/A"),OR(F18="CUMPLE",F18="N/A"),OR(G18="CUMPLE",G18="N/A"),OR(H18="CUMPLE",H18="N/A"),OR(I18="CUMPLE",I18="N/A"),OR(J18="CUMPLE",J18="N/A"),OR(K18="CUMPLE",K18="N/A"),OR(L18="CUMPLE",L18="N/A"),OR(M18="CUMPLE",M18="N/A")),"CUMPLE","NO CUMPLE")) -> NO CUMPLE | O18: =+'K RESIDUAL CALCULO'!N18 -> #DIV/0! | P18: =IF($G$9<=12,$C$9-$G$10*$C$9,(($C$9-$G$10)/$G$9)*12) -> 0 | Q18: =IF(AND(O18>=P18,OR(N18="CUMPLE",N18="N/A"),OR(N19="CUMPLE",N19="N/A"),OR(N20="CUMPLE",N20="N/A"),OR(N21="CUMPLE",N21="N/A")*OR(N22="CUMPLE",N22="N/A")),"CUMPLE","NO CUMPLE") -> #DIV/0! | R18: - El estado de resultados aportado no cuenta con la firma del revisor fiscal según lo solicitado en el pliego de condiciones en el numeral 3.10.2 CALCULO DE LA CAPACIDAD RESIDUAL DEL PROPONENTE (CRP), literal A. CAPACIDAD DE ORGANIZACIÓN, subliteral i. Estado de resultados integral (estado de resultado o pérdida o ganancias), del año en que hayan obtenido el mayor ingreso operacional en los últimos cinco (5) años, debidamente firmado por el representante legal, contador y revisor fiscal y/o contador independiente (externo), si están obligados a tenerlos -- Se debe aportar el informe del revisor fiscal - Se deben aportar los documentos del revisor fiscal (TP y certificado de antecedentes) - Debe corregir el Formato 5 - Saldo de contratos en ejecución, toda vez que la fecha de cierre reportada en el formato no coincide con la fecha del cierre del proceso de selección.
C19: =IF(VLOOKUP(B18,PROPONENTES!$B$10:$N$16,4,FALSE)="","",VLOOKUP(B18,PROPONENTES!$B$10:$N$16,4,FALSE)) | D19: =VLOOKUP(B18,PROPONENTES!$B$10:$N$16,5,FALSE) -> 0 | N19: =IF(C19="","N/A",IF(AND(OR(E19="CUMPLE",E19="N/A"),OR(F19="CUMPLE",F19="N/A"),OR(G19="CUMPLE",G19="N/A"),OR(H19="CUMPLE",H19="N/A"),OR(I19="CUMPLE",I19="N/A"),OR(J19="CUMPLE",J19="N/A"),OR(K19="CUMPLE",K19="N/A"),OR(L19="CUMPLE",L19="N/A"),OR(M19="CUMPLE",M19="N/A")),"CUMPLE","NO CUMPLE")) -> N/A
C20: =IF(VLOOKUP(B18,PROPONENTES!$B$10:$N$16,6,FALSE)="","",VLOOKUP(B18,PROPONENTES!$B$10:$N$16,6,FALSE)) | D20: =VLOOKUP(B18,PROPONENTES!$B$10:$N$16,7,FALSE) -> 0 | N20: =IF(C20="","N/A",IF(AND(OR(E20="CUMPLE",E20="N/A"),OR(F20="CUMPLE",F20="N/A"),OR(G20="CUMPLE",G20="N/A"),OR(H20="CUMPLE",H20="N/A"),OR(I20="CUMPLE",I20="N/A"),OR(J20="CUMPLE",J20="N/A"),OR(K20="CUMPLE",K20="N/A"),OR(L20="CUMPLE",L20="N/A"),OR(M20="CUMPLE",M20="N/A")),"CUMPLE","NO CUMPLE")) -> N/A
C21: =IF(VLOOKUP(B18,PROPONENTES!$B$10:$N$16,8,FALSE)="","",VLOOKUP(B18,PROPONENTES!$B$10:$N$16,8,FALSE)) | D21: =VLOOKUP(B18,PROPONENTES!$B$10:$N$16,9,FALSE) -> 0 | N21: =IF(C21="","N/A",IF(AND(OR(E21="CUMPLE",E21="N/A"),OR(F21="CUMPLE",F21="N/A"),OR(G21="CUMPLE",G21="N/A"),OR(H21="CUMPLE",H21="N/A"),OR(I21="CUMPLE",I21="N/A"),OR(J21="CUMPLE",J21="N/A"),OR(K21="CUMPLE",K21="N/A"),OR(L21="CUMPLE",L21="N/A"),OR(M21="CUMPLE",M21="N/A")),"CUMPLE","NO CUMPLE")) -> N/A
C22: =IF(VLOOKUP(B18,PROPONENTES!$B$10:$N$16,8,FALSE)="","",VLOOKUP(B18,PROPONENTES!$B$10:$N$16,10,FALSE)) | D22: =VLOOKUP(B18,PROPONENTES!$B$10:$N$16,11,FALSE) -> 0 | N22: =IF(C22="","N/A",IF(AND(OR(E22="CUMPLE",E22="N/A"),OR(F22="CUMPLE",F22="N/A"),OR(G22="CUMPLE",G22="N/A"),OR(H22="CUMPLE",H22="N/A"),OR(I22="CUMPLE",I22="N/A"),OR(J22="CUMPLE",J22="N/A"),OR(K22="CUMPLE",K22="N/A"),OR(L22="CUMPLE",L22="N/A"),OR(M22="CUMPLE",M22="N/A")),"CUMPLE","NO CUMPLE")) -> N/A
A23: 3 | B23: =+PROPONENTES!B12 -> ARQUITECTURA URBANA LTDA | C23: =IF(VLOOKUP(B23,PROPONENTES!$B$10:$N$16,2,FALSE)="","",VLOOKUP(B23,PROPONENTES!$B$10:$N$16,2,FALSE)) -> ARQUITECTURA URBANA LTDA | D23: =VLOOKUP(B23,PROPONENTES!$B$10:$N$16,3,FALSE) -> 1 | E23: CUMPLE | F23: N/A | G23: NO CUMPLE | H23: NO CUMPLE | I23: NO CUMPLE | J23: N/A | K23: CUMPLE | L23: CUMPLE | M23: CUMPLE | N23: =IF(C23="","N/A",IF(AND(OR(E23="CUMPLE",E23="N/A"),OR(F23="CUMPLE",F23="N/A"),OR(G23="CUMPLE",G23="N/A"),OR(H23="CUMPLE",H23="N/A"),OR(I23="CUMPLE",I23="N/A"),OR(J23="CUMPLE",J23="N/A"),OR(K23="CUMPLE",K23="N/A"),OR(L23="CUMPLE",L23="N/A"),OR(M23="CUMPLE",M23="N/A")),"CUMPLE","NO CUMPLE")) -> NO CUMPLE | O23: =+'K RESIDUAL CALCULO'!N23 -> #DIV/0! | P23: =IF($G$9<=12,$C$9-$G$10*$C$9,(($C$9-$G$10)/$G$9)*12) -> 0 | Q23: =IF(AND(O23>=P23,OR(N23="CUMPLE",N23="N/A"),OR(N24="CUMPLE",N24="N/A"),OR(N25="CUMPLE",N25="N/A"),OR(N26="CUMPLE",N26="N/A")*OR(N27="CUMPLE",N27="N/A")),"CUMPLE","NO CUMPLE") -> #DIV/0! | R23: - El estado de resultados aportado no cuenta con la firma del revisor fiscal según lo solicitado en el pliego de condiciones en el numeral 3.10.2 CALCULO DE LA CAPACIDAD RESIDUAL DEL PROPONENTE (CRP), literal A. CAPACIDAD DE ORGANIZACIÓN, subliteral i. Estado de resultados integral (estado de resultado o pérdida o ganancias), del año en que hayan obtenido el mayor ingreso operacional en los últimos cinco (5) años, debidamente firmado por el representante legal, contador y revisor fiscal y/o contador independiente (externo), si están obligados a tenerlos -- Se debe aportar el informe del revisor fiscal - Se deben aportar los documentos del revisor fiscal (TP y certificado de antecedentes)
C24: =IF(VLOOKUP(B23,PROPONENTES!$B$10:$N$16,4,FALSE)="","",VLOOKUP(B23,PROPONENTES!$B$10:$N$16,4,FALSE)) | D24: =VLOOKUP(B23,PROPONENTES!$B$10:$N$16,5,FALSE) -> 0 | N24: =IF(C24="","N/A",IF(AND(OR(E24="CUMPLE",E24="N/A"),OR(F24="CUMPLE",F24="N/A"),OR(G24="CUMPLE",G24="N/A"),OR(H24="CUMPLE",H24="N/A"),OR(I24="CUMPLE",I24="N/A"),OR(J24="CUMPLE",J24="N/A"),OR(K24="CUMPLE",K24="N/A"),OR(L24="CUMPLE",L24="N/A"),OR(M24="CUMPLE",M24="N/A")),"CUMPLE","NO CUMPLE")) -> N/A
C25: =IF(VLOOKUP(B23,PROPONENTES!$B$10:$N$16,6,FALSE)="","",VLOOKUP(B23,PROPONENTES!$B$10:$N$16,6,FALSE)) | D25: =VLOOKUP(B23,PROPONENTES!$B$10:$N$16,7,FALSE) -> 0 | N25: =IF(C25="","N/A",IF(AND(OR(E25="CUMPLE",E25="N/A"),OR(F25="CUMPLE",F25="N/A"),OR(G25="CUMPLE",G25="N/A"),OR(H25="CUMPLE",H25="N/A"),OR(I25="CUMPLE",I25="N/A"),OR(J25="CUMPLE",J25="N/A"),OR(K25="CUMPLE",K25="N/A"),OR(L25="CUMPLE",L25="N/A"),OR(M25="CUMPLE",M25="N/A")),"CUMPLE","NO CUMPLE")) -> N/A
C26: =IF(VLOOKUP(B23,PROPONENTES!$B$10:$N$16,8,FALSE)="","",VLOOKUP(B23,PROPONENTES!$B$10:$N$16,8,FALSE)) | D26: =VLOOKUP(B23,PROPONENTES!$B$10:$N$16,9,FALSE) -> 0 | N26: =IF(C26="","N/A",IF(AND(OR(E26="CUMPLE",E26="N/A"),OR(F26="CUMPLE",F26="N/A"),OR(G26="CUMPLE",G26="N/A"),OR(H26="CUMPLE",H26="N/A"),OR(I26="CUMPLE",I26="N/A"),OR(J26="CUMPLE",J26="N/A"),OR(K26="CUMPLE",K26="N/A"),OR(L26="CUMPLE",L26="N/A"),OR(M26="CUMPLE",M26="N/A")),"CUMPLE","NO CUMPLE")) -> N/A
C27: =IF(VLOOKUP(B23,PROPONENTES!$B$10:$N$16,8,FALSE)="","",VLOOKUP(B23,PROPONENTES!$B$10:$N$16,10,FALSE)) | D27: =VLOOKUP(B23,PROPONENTES!$B$10:$N$16,11,FALSE) -> 0 | N27: =IF(C27="","N/A",IF(AND(OR(E27="CUMPLE",E27="N/A"),OR(F27="CUMPLE",F27="N/A"),OR(G27="CUMPLE",G27="N/A"),OR(H27="CUMPLE",H27="N/A"),OR(I27="CUMPLE",I27="N/A"),OR(J27="CUMPLE",J27="N/A"),OR(K27="CUMPLE",K27="N/A"),OR(L27="CUMPLE",L27="N/A"),OR(M27="CUMPLE",M27="N/A")),"CUMPLE","NO CUMPLE")) -> N/A
A28: 4 | B28: =+PROPONENTES!B13 -> ABDO JOSÉ SALGADO AYOLA | C28: =IF(VLOOKUP(B28,PROPONENTES!$B$10:$N$16,2,FALSE)="","",VLOOKUP(B28,PROPONENTES!$B$10:$N$16,2,FALSE)) -> ABDO JOSÉ SALGADO AYOLA | D28: =VLOOKUP(B28,PROPONENTES!$B$10:$N$16,3,FALSE) -> 1 | E28: CUMPLE | F28: CUMPLE | G28: CUMPLE | H28: CUMPLE | I28: CUMPLE | J28: N/A | K28: CUMPLE | L28: CUMPLE | M28: CUMPLE | N28: =IF(C28="","N/A",IF(AND(OR(E28="CUMPLE",E28="N/A"),OR(F28="CUMPLE",F28="N/A"),OR(G28="CUMPLE",G28="N/A"),OR(H28="CUMPLE",H28="N/A"),OR(I28="CUMPLE",I28="N/A"),OR(J28="CUMPLE",J28="N/A"),OR(K28="CUMPLE",K28="N/A"),OR(L28="CUMPLE",L28="N/A"),OR(M28="CUMPLE",M28="N/A")),"CUMPLE","NO CUMPLE")) -> CUMPLE | O28: =+'K RESIDUAL CALCULO'!N28 -> #DIV/0! | P28: =IF($G$9<=12,$C$9-$G$10*$C$9,(($C$9-$G$10)/$G$9)*12) -> 0 | Q28: =IF(AND(O28>=P28,OR(N28="CUMPLE",N28="N/A"),OR(N29="CUMPLE",N29="N/A"),OR(N30="CUMPLE",N30="N/A"),OR(N31="CUMPLE",N31="N/A")*OR(N32="CUMPLE",N32="N/A")),"CUMPLE","NO CUMPLE") -> #DIV/0! | R28: El CIVIL CONSTRUCTOR SAS, no presenta el informe de auditoria correspondiente.
C29: =IF(VLOOKUP(B28,PROPONENTES!$B$10:$N$16,4,FALSE)="","",VLOOKUP(B28,PROPONENTES!$B$10:$N$16,4,FALSE)) | D29: =VLOOKUP(B28,PROPONENTES!$B$10:$N$16,5,FALSE) -> 0 | E29: CUMPLE | F29: CUMPLE | G29: CUMPLE | H29: NO CUMPLE | I29: CUMPLE | J29: N/A | K29: CUMPLE | L29: CUMPLE | M29: CUMPLE | N29: =IF(C29="","N/A",IF(AND(OR(E29="CUMPLE",E29="N/A"),OR(F29="CUMPLE",F29="N/A"),OR(G29="CUMPLE",G29="N/A"),OR(H29="CUMPLE",H29="N/A"),OR(I29="CUMPLE",I29="N/A"),OR(J29="CUMPLE",J29="N/A"),OR(K29="CUMPLE",K29="N/A"),OR(L29="CUMPLE",L29="N/A"),OR(M29="CUMPLE",M29="N/A")),"CUMPLE","NO CUMPLE")) -> N/A
C30: =IF(VLOOKUP(B28,PROPONENTES!$B$10:$N$16,6,FALSE)="","",VLOOKUP(B28,PROPONENTES!$B$10:$N$16,6,FALSE)) | D30: =VLOOKUP(B28,PROPONENTES!$B$10:$N$16,7,FALSE) -> 0 | N30: =IF(C30="","N/A",IF(AND(OR(E30="CUMPLE",E30="N/A"),OR(F30="CUMPLE",F30="N/A"),OR(G30="CUMPLE",G30="N/A"),OR(H30="CUMPLE",H30="N/A"),OR(I30="CUMPLE",I30="N/A"),OR(J30="CUMPLE",J30="N/A"),OR(K30="CUMPLE",K30="N/A"),OR(L30="CUMPLE",L30="N/A"),OR(M30="CUMPLE",M30="N/A")),"CUMPLE","NO CUMPLE")) -> N/A
C31: =IF(VLOOKUP(B28,PROPONENTES!$B$10:$N$16,8,FALSE)="","",VLOOKUP(B28,PROPONENTES!$B$10:$N$16,8,FALSE)) | D31: =VLOOKUP(B28,PROPONENTES!$B$10:$N$16,9,FALSE) -> 0 | N31: =IF(C31="","N/A",IF(AND(OR(E31="CUMPLE",E31="N/A"),OR(F31="CUMPLE",F31="N/A"),OR(G31="CUMPLE",G31="N/A"),OR(H31="CUMPLE",H31="N/A"),OR(I31="CUMPLE",I31="N/A"),OR(J31="CUMPLE",J31="N/A"),OR(K31="CUMPLE",K31="N/A"),OR(L31="CUMPLE",L31="N/A"),OR(M31="CUMPLE",M31="N/A")),"CUMPLE","NO CUMPLE")) -> N/A
C32: =IF(VLOOKUP(B28,PROPONENTES!$B$10:$N$16,8,FALSE)="","",VLOOKUP(B28,PROPONENTES!$B$10:$N$16,10,FALSE)) | D32: =VLOOKUP(B28,PROPONENTES!$B$10:$N$16,11,FALSE) -> 0 | N32: =IF(C32="","N/A",IF(AND(OR(E32="CUMPLE",E32="N/A"),OR(F32="CUMPLE",F32="N/A"),OR(G32="CUMPLE",G32="N/A"),OR(H32="CUMPLE",H32="N/A"),OR(I32="CUMPLE",I32="N/A"),OR(J32="CUMPLE",J32="N/A"),OR(K32="CUMPLE",K32="N/A"),OR(L32="CUMPLE",L32="N/A"),OR(M32="CUMPLE",M32="N/A")),"CUMPLE","NO CUMPLE")) -> N/A
A33: 5 | B33: =+PROPONENTES!B14 -> PRODEINCOL S.A.S. | C33: =IF(VLOOKUP(B33,PROPONENTES!$B$10:$N$16,2,FALSE)="","",VLOOKUP(B33,PROPONENTES!$B$10:$N$16,2,FALSE)) -> PRODEINCOL S.A.S. | D33: =VLOOKUP(B33,PROPONENTES!$B$10:$N$16,3,FALSE) -> 1 | E33: CUMPLE | F33: NO CUMPLE | G33: NO CUMPLE | H33: NO CUMPLE | I33: NO CUMPLE | J33: N/A | K33: NO CUMPLE | L33: NO CUMPLE | M33: NO CUMPLE | N33: =IF(C33="","N/A",IF(AND(OR(E33="CUMPLE",E33="N/A"),OR(F33="CUMPLE",F33="N/A"),OR(G33="CUMPLE",G33="N/A"),OR(H33="CUMPLE",H33="N/A"),OR(I33="CUMPLE",I33="N/A"),OR(J33="CUMPLE",J33="N/A"),OR(K33="CUMPLE",K33="N/A"),OR(L33="CUMPLE",L33="N/A"),OR(M33="CUMPLE",M33="N/A")),"CUMPLE","NO CUMPLE")) -> NO CUMPLE | O33: =+'K RESIDUAL CALCULO'!N33 -> #DIV/0! | P33: =IF($G$9<=12,$C$9-$G$10*$C$9,(($C$9-$G$10)/$G$9)*12) -> 0 | Q33: =IF(AND(O33>=P33,OR(N33="CUMPLE",N33="N/A"),OR(N34="CUMPLE",N34="N/A"),OR(N35="CUMPLE",N35="N/A"),OR(N36="CUMPLE",N36="N/A")*OR(N37="CUMPLE",N37="N/A")),"CUMPLE","NO CUMPLE") -> #DIV/0! | R33: Los integrantes del proponenete no presentan los formatos 5, ni los documentos solicitados en el numeral 3,10, motivo por el cual es imposible calcular el K residual.
C34: =IF(VLOOKUP(B33,PROPONENTES!$B$10:$N$16,4,FALSE)="","",VLOOKUP(B33,PROPONENTES!$B$10:$N$16,4,FALSE)) | D34: =VLOOKUP(B33,PROPONENTES!$B$10:$N$16,5,FALSE) -> 0 | E34: CUMPLE | F34: NO CUMPLE | G34: NO CUMPLE | H34: NO CUMPLE | I34: NO CUMPLE | J34: N/A | K34: NO CUMPLE | L34: NO CUMPLE | M34: CUMPLE | N34: =IF(C34="","N/A",IF(AND(OR(E34="CUMPLE",E34="N/A"),OR(F34="CUMPLE",F34="N/A"),OR(G34="CUMPLE",G34="N/A"),OR(H34="CUMPLE",H34="N/A"),OR(I34="CUMPLE",I34="N/A"),OR(J34="CUMPLE",J34="N/A"),OR(K34="CUMPLE",K34="N/A"),OR(L34="CUMPLE",L34="N/A"),OR(M34="CUMPLE",M34="N/A")),"CUMPLE","NO CUMPLE")) -> N/A
C35: =IF(VLOOKUP(B33,PROPONENTES!$B$10:$N$16,6,FALSE)="","",VLOOKUP(B33,PROPONENTES!$B$10:$N$16,6,FALSE)) | D35: =VLOOKUP(B33,PROPONENTES!$B$10:$N$16,7,FALSE) -> 0 | N35: =IF(C35="","N/A",IF(AND(OR(E35="CUMPLE",E35="N/A"),OR(F35="CUMPLE",F35="N/A"),OR(G35="CUMPLE",G35="N/A"),OR(H35="CUMPLE",H35="N/A"),OR(I35="CUMPLE",I35="N/A"),OR(J35="CUMPLE",J35="N/A"),OR(K35="CUMPLE",K35="N/A"),OR(L35="CUMPLE",L35="N/A"),OR(M35="CUMPLE",M35="N/A")),"CUMPLE","NO CUMPLE")) -> N/A
C36: =IF(VLOOKUP(B33,PROPONENTES!$B$10:$N$16,8,FALSE)="","",VLOOKUP(B33,PROPONENTES!$B$10:$N$16,8,FALSE)) | D36: =VLOOKUP(B33,PROPONENTES!$B$10:$N$16,9,FALSE) -> 0 | N36: =IF(C36="","N/A",IF(AND(OR(E36="CUMPLE",E36="N/A"),OR(F36="CUMPLE",F36="N/A"),OR(G36="CUMPLE",G36="N/A"),OR(H36="CUMPLE",H36="N/A"),OR(I36="CUMPLE",I36="N/A"),OR(J36="CUMPLE",J36="N/A"),OR(K36="CUMPLE",K36="N/A"),OR(L36="CUMPLE",L36="N/A"),OR(M36="CUMPLE",M36="N/A")),"CUMPLE","NO CUMPLE")) -> N/A
C37: =IF(VLOOKUP(B33,PROPONENTES!$B$10:$N$16,8,FALSE)="","",VLOOKUP(B33,PROPONENTES!$B$10:$N$16,10,FALSE)) | D37: =VLOOKUP(B33,PROPONENTES!$B$10:$N$16,11,FALSE) -> 0 | N37: =IF(C37="","N/A",IF(AND(OR(E37="CUMPLE",E37="N/A"),OR(F37="CUMPLE",F37="N/A"),OR(G37="CUMPLE",G37="N/A"),OR(H37="CUMPLE",H37="N/A"),OR(I37="CUMPLE",I37="N/A"),OR(J37="CUMPLE",J37="N/A"),OR(K37="CUMPLE",K37="N/A"),OR(L37="CUMPLE",L37="N/A"),OR(M37="CUMPLE",M37="N/A")),"CUMPLE","NO CUMPLE")) -> N/A
A38: 6 | B38: =+PROPONENTES!B15 -> CONSORCIO INTERVEP KM | C38: =IF(VLOOKUP(B38,PROPONENTES!$B$10:$N$16,2,FALSE)="","",VLOOKUP(B38,PROPONENTES!$B$10:$N$16,2,FALSE)) -> KALPA INGENIERIA SAS SOCIEDAD DE BENEFICIO E INTERES COLECTIVO - BIC | D38: =VLOOKUP(B38,PROPONENTES!$B$10:$N$16,3,FALSE) -> 0.99 | E38: CUMPLE | F38: CUMPLE | G38: CUMPLE | H38: CUMPLE | I38: NO CUMPLE | J38: N/A | K38: CUMPLE | L38: CUMPLE | M38: CUMPLE | N38: =IF(C38="","N/A",IF(AND(OR(E38="CUMPLE",E38="N/A"),OR(F38="CUMPLE",F38="N/A"),OR(G38="CUMPLE",G38="N/A"),OR(H38="CUMPLE",H38="N/A"),OR(I38="CUMPLE",I38="N/A"),OR(J38="CUMPLE",J38="N/A"),OR(K38="CUMPLE",K38="N/A"),OR(L38="CUMPLE",L38="N/A"),OR(M38="CUMPLE",M38="N/A")),"CUMPLE","NO CUMPLE")) -> NO CUMPLE | O38: =+'K RESIDUAL CALCULO'!N38 -> #DIV/0! | P38: =IF($G$9<=12,$C$9-$G$10*$C$9,(($C$9-$G$10)/$G$9)*12) -> 0 | Q38: =IF(AND(O38>=P38,OR(N38="CUMPLE",N38="N/A"),OR(N39="CUMPLE",N39="N/A"),OR(N40="CUMPLE",N40="N/A"),OR(N41="CUMPLE",N41="N/A")*OR(N42="CUMPLE",N42="N/A")),"CUMPLE","NO CUMPLE") -> #DIV/0! | R38: El contador Neil Constantino Zarate identificado con C.C. 79.055.708 no aporta un certificado de antecedentes de contador vigente, ya que el certificado que se adjunta a la oferta tiene fecha de expedición del 9 de agosto 2021 y estos certificados solamente tienen tres (3) meses de vigencia. Por lo tanto, el certificado aportado por el contador Neil Constantino Zarate, no está vigente a la fecha de la presentación de las ofertas cuya fecha de cierre fue el 26 de noviembre de 2021. Lo anterior, se hace necesario indicar para dar cumplimiento a lo establecido en el pliego de condiciones y los demás documentos contractuales de la licitación pública FDLK-LP-12-2021.
C39: =IF(VLOOKUP(B38,PROPONENTES!$B$10:$N$16,4,FALSE)="","",VLOOKUP(B38,PROPONENTES!$B$10:$N$16,4,FALSE)) -> MEDINA & RIVERA INGENIEROS ASOCIADOS SAS | D39: =VLOOKUP(B38,PROPONENTES!$B$10:$N$16,5,FALSE) -> 0.01 | N39: =IF(C39="","N/A",IF(AND(OR(E39="CUMPLE",E39="N/A"),OR(F39="CUMPLE",F39="N/A"),OR(G39="CUMPLE",G39="N/A"),OR(H39="CUMPLE",H39="N/A"),OR(I39="CUMPLE",I39="N/A"),OR(J39="CUMPLE",J39="N/A"),OR(K39="CUMPLE",K39="N/A"),OR(L39="CUMPLE",L39="N/A"),OR(M39="CUMPLE",M39="N/A")),"CUMPLE","NO CUMPLE")) -> NO CUMPLE
C40: =IF(VLOOKUP(B38,PROPONENTES!$B$10:$N$16,6,FALSE)="","",VLOOKUP(B38,PROPONENTES!$B$10:$N$16,6,FALSE)) | D40: =VLOOKUP(B38,PROPONENTES!$B$10:$N$16,7,FALSE) -> 0 | N40: =IF(C40="","N/A",IF(AND(OR(E40="CUMPLE",E40="N/A"),OR(F40="CUMPLE",F40="N/A"),OR(G40="CUMPLE",G40="N/A"),OR(H40="CUMPLE",H40="N/A"),OR(I40="CUMPLE",I40="N/A"),OR(J40="CUMPLE",J40="N/A"),OR(K40="CUMPLE",K40="N/A"),OR(L40="CUMPLE",L40="N/A"),OR(M40="CUMPLE",M40="N/A")),"CUMPLE","NO CUMPLE")) -> N/A
C41: =IF(VLOOKUP(B38,PROPONENTES!$B$10:$N$16,8,FALSE)="","",VLOOKUP(B38,PROPONENTES!$B$10:$N$16,8,FALSE)) | D41: =VLOOKUP(B38,PROPONENTES!$B$10:$N$16,9,FALSE) -> 0 | N41: =IF(C41="","N/A",IF(AND(OR(E41="CUMPLE",E41="N/A"),OR(F41="CUMPLE",F41="N/A"),OR(G41="CUMPLE",G41="N/A"),OR(H41="CUMPLE",H41="N/A"),OR(I41="CUMPLE",I41="N/A"),OR(J41="CUMPLE",J41="N/A"),OR(K41="CUMPLE",K41="N/A"),OR(L41="CUMPLE",L41="N/A"),OR(M41="CUMPLE",M41="N/A")),"CUMPLE","NO CUMPLE")) -> N/A
C42: =IF(VLOOKUP(B38,PROPONENTES!$B$10:$N$16,8,FALSE)="","",VLOOKUP(B38,PROPONENTES!$B$10:$N$16,10,FALSE)) | D42: =VLOOKUP(B38,PROPONENTES!$B$10:$N$16,11,FALSE) -> 0 | N42: =IF(C42="","N/A",IF(AND(OR(E42="CUMPLE",E42="N/A"),OR(F42="CUMPLE",F42="N/A"),OR(G42="CUMPLE",G42="N/A"),OR(H42="CUMPLE",H42="N/A"),OR(I42="CUMPLE",I42="N/A"),OR(J42="CUMPLE",J42="N/A"),OR(K42="CUMPLE",K42="N/A"),OR(L42="CUMPLE",L42="N/A"),OR(M42="CUMPLE",M42="N/A")),"CUMPLE","NO CUMPLE")) -> N/A
A43: 7 | B43: =+PROPONENTES!B16 -> CONSULTORES DEL OCCIDENTE SAS | C43: =IF(VLOOKUP(B43,PROPONENTES!$B$10:$N$16,2,FALSE)="","",VLOOKUP(B43,PROPONENTES!$B$10:$N$16,2,FALSE)) -> CONSULTORES DEL OCCIDENTE SAS | D43: =VLOOKUP(B43,PROPONENTES!$B$10:$N$16,3,FALSE) -> 1 | E43: CUMPLE | F43: CUMPLE | G43: CUMPLE | H43: NO CUMPLE | I43: NO CUMPLE | J43: N/A | K43: CUMPLE | L43: CUMPLE | M43: CUMPLE | N43: =IF(C43="","N/A",IF(AND(OR(E43="CUMPLE",E43="N/A"),OR(F43="CUMPLE",F43="N/A"),OR(G43="CUMPLE",G43="N/A"),OR(H43="CUMPLE",H43="N/A"),OR(I43="CUMPLE",I43="N/A"),OR(J43="CUMPLE",J43="N/A"),OR(K43="CUMPLE",K43="N/A"),OR(L43="CUMPLE",L43="N/A"),OR(M43="CUMPLE",M43="N/A")),"CUMPLE","NO CUMPLE")) -> NO CUMPLE | O43: =+'K RESIDUAL CALCULO'!N43 -> #DIV/0! | P43: =IF($G$9<=12,$C$9-$G$10*$C$9,(($C$9-$G$10)/$G$9)*12) -> 0 | Q43: =IF(AND(O43>=P43,OR(N43="CUMPLE",N43="N/A"),OR(N44="CUMPLE",N44="N/A"),OR(N45="CUMPLE",N45="N/A"),OR(N46="CUMPLE",N46="N/A")*OR(N47="CUMPLE",N47="N/A")),"CUMPLE","NO CUMPLE") -> #DIV/0! | R43: Los proponentes que conforman la UNION TEMPORAL KENNEDY VEHICULAR, NO aportan el informe de auditoría de los estados financieros debidamente suscrito por un revisor fiscal o un contador independiente. Por otro lado, los dos proponentes que conforman al oferente UNION TEMPORAL KENNEDY VEHICULAR NO aportan la tarjeta profesional de los contadores que firman los documentos presentados en la propuesta, ni tampoco el certificado de antecedentes profesionales vigente de los contadores (certificado de la junta de contadores). Lo anterior, se hace necesario indicar para dar cumplimiento a lo establecido en el pliego de condiciones y los demás documentos contractuales de la licitación pública FDLK-LP-12-2021.
C44: =IF(VLOOKUP(B43,PROPONENTES!$B$10:$N$16,4,FALSE)="","",VLOOKUP(B43,PROPONENTES!$B$10:$N$16,4,FALSE)) | D44: =VLOOKUP(B43,PROPONENTES!$B$10:$N$16,5,FALSE) -> 0 | E44: CUMPLE | F44: CUMPLE | G44: CUMPLE | H44: NO CUMPLE | I44: NO CUMPLE | J44: N/A | K44: CUMPLE | L44: CUMPLE | M44: CUMPLE | N44: =IF(C44="","N/A",IF(AND(OR(E44="CUMPLE",E44="N/A"),OR(F44="CUMPLE",F44="N/A"),OR(G44="CUMPLE",G44="N/A"),OR(H44="CUMPLE",H44="N/A"),OR(I44="CUMPLE",I44="N/A"),OR(J44="CUMPLE",J44="N/A"),OR(K44="CUMPLE",K44="N/A"),OR(L44="CUMPLE",L44="N/A"),OR(M44="CUMPLE",M44="N/A")),"CUMPLE","NO CUMPLE")) -> N/A
C45: =IF(VLOOKUP(B43,PROPONENTES!$B$10:$N$16,6,FALSE)="","",VLOOKUP(B43,PROPONENTES!$B$10:$N$16,6,FALSE)) | D45: =VLOOKUP(B43,PROPONENTES!$B$10:$N$16,7,FALSE) -> 0 | N45: =IF(C45="","N/A",IF(AND(OR(E45="CUMPLE",E45="N/A"),OR(F45="CUMPLE",F45="N/A"),OR(G45="CUMPLE",G45="N/A"),OR(H45="CUMPLE",H45="N/A"),OR(I45="CUMPLE",I45="N/A"),OR(J45="CUMPLE",J45="N/A"),OR(K45="CUMPLE",K45="N/A"),OR(L45="CUMPLE",L45="N/A"),OR(M45="CUMPLE",M45="N/A")),"CUMPLE","NO CUMPLE")) -> N/A
C46: =IF(VLOOKUP(B43,PROPONENTES!$B$10:$N$16,8,FALSE)="","",VLOOKUP(B43,PROPONENTES!$B$10:$N$16,8,FALSE)) | D46: =VLOOKUP(B43,PROPONENTES!$B$10:$N$16,9,FALSE) -> 0 | N46: =IF(C46="","N/A",IF(AND(OR(E46="CUMPLE",E46="N/A"),OR(F46="CUMPLE",F46="N/A"),OR(G46="CUMPLE",G46="N/A"),OR(H46="CUMPLE",H46="N/A"),OR(I46="CUMPLE",I46="N/A"),OR(J46="CUMPLE",J46="N/A"),OR(K46="CUMPLE",K46="N/A"),OR(L46="CUMPLE",L46="N/A"),OR(M46="CUMPLE",M46="N/A")),"CUMPLE","NO CUMPLE")) -> N/A
C47: =IF(VLOOKUP(B43,PROPONENTES!$B$10:$N$16,8,FALSE)="","",VLOOKUP(B43,PROPONENTES!$B$10:$N$16,10,FALSE)) | D47: =VLOOKUP(B43,PROPONENTES!$B$10:$N$16,11,FALSE) -> 0 | N47: =IF(C47="","N/A",IF(AND(OR(E47="CUMPLE",E47="N/A"),OR(F47="CUMPLE",F47="N/A"),OR(G47="CUMPLE",G47="N/A"),OR(H47="CUMPLE",H47="N/A"),OR(I47="CUMPLE",I47="N/A"),OR(J47="CUMPLE",J47="N/A"),OR(K47="CUMPLE",K47="N/A"),OR(L47="CUMPLE",L47="N/A"),OR(M47="CUMPLE",M47="N/A")),"CUMPLE","NO CUMPLE")) -> N/A

Sheet K RESIDUAL CALCULO
A2: FONDO DE DESARROLLO LOCAL DE KENNEDY
A4: ='DATOS INICIALES'!G4 -> FDLK-CMA-003-2024
A6: Ciudad | C6: BOGOTÁ D.C | D6: Fecha de Evaluación | G6: 44498
A7: DATOS GENERALES
A8: OBJETO DE LA CONVOCATORIA | C8: ='DATOS INICIALES'!D2 -> REALIZAR LA INTERVENTORÍA TÉCNICA, ADMINISTRATIVA, FINANCIERA, JURÍDICA, AMBIENTAL, SOCIAL Y DE SEGURIDAD Y SALUD EN EL TRABAJO AL CONTRATO DE OBRA PÚBLICA RESULTANTE DEL PROCESO DE LICITACIÓN PÚBLICA No. FDLK-LP-013-2024 CUYO OBJETO ES: CONTRATAR POR EL SISTEMA DE PRECIOS UNITARIOS A MONTO AGOTABLE EL DIAGNÓSTICO, MANTENIMIENTO CORRECTIVO Y PREVENTIVO, SUMINISTRO E INSTALACION DE MOBILIARIO DE LOS PARQUES DE PROXIMIDAD (VECINALES Y DE BOLSILLO) PRIORIZADOS EN LA LOCALIDAD DE KENNEDY
A9: VALOR DEL PROCESO EN PESOS | C9: =+'DATOS INICIALES'!C6 -> 0 | F9: PLAZO DEL CONTRATO (MESES) | G9: 4
A10: VALOR DEL PROCESO EN SMMLV | C10: =C9/'DATOS INICIALES'!B43 -> 0 | F10: ANTICIPO | G10: 0
A12: No. | B12: PROPONENTE | C12: INTEGRANTE | D12: % | E12: INDICE DE LIQUIDEZ | F12: MEJOR INGRESO OPERACIONAL DE LOS ULTIMOS 5 AÑOS | G12: VALOR TOTAL CONTRATOS CODIGO 72 | H12: CANTIDAD DE SOCIOS Y PROFESIONALES DE LA ARQUITECTURA, INGENIERÍA Y GEOLOGÍA VINCULADOS | I12: SALDO DE CONTRATOS EN EJECUCIÓN | J12: PUNTAJE EXPERIENCIA (E) | K12: CAPACIDAD FINANCIERA (CF) | L12: CAPACIDAD TECNICA (CT) | M12: K RESIDUAL | N12: K RESIDUAL ACREDITADO | O12: K RESIDUAL REQUERIDO | P12: CONCEPTO
A13: 1 | B13: =+PROPONENTES!B10 -> SOLIUN INGENIERIA SAS | C13: =IF(VLOOKUP(B13,PROPONENTES!$B$10:$N$16,2,FALSE)="","",VLOOKUP(B13,PROPONENTES!$B$10:$N$16,2,FALSE)) -> SOLIUN INGENIERIA SAS | D13: =VLOOKUP(B13,PROPONENTES!$B$10:$N$16,3,FALSE) -> 1 | E13: 7.69 | F13: 1143587893 | G13: 4.7581519e+10 | H13: 1 | I13: 114692409 | J13: =IF(C13="","",IF(AND((G13/($C$9*D13))>0,(G13/($C$9*D13))<=3),60,IF(AND((G13/($C$9*D13))>3,(G13/($C$9*D13))<=6),80,IF(AND((G13/($C$9*D13))>6,(G13/($C$9*D13))<=10),100,IF((G13/($C$9*D13))>10,120,))))) -> #DIV/0! | K13: =IF(C13="","",IF(AND(E13>0,E13<=0.5),20,IF(AND(E13>0.5,E13<=0.75),25,IF(AND(E13>0.75,E13<=1),30,IF(AND(E13>1,E13<=1.5),35,IF(E13>1.5,40)))))) -> 40 | L13: =IF(C13="","",IF(AND(H13>=1,H13<=5),20,IF(AND(H13>=6,H13<=10),30,IF(H13>=11,40,)))) -> 20 | M13: =+IF(C13="","",(F13*(J13+K13+L13)/100)-I13) -> #DIV/0! | N13: =SUM(M13:M17) -> #DIV/0! | O13: =IF($G$9<=12,$C$9-$G$10*$C$9,(($C$9-$G$10)/$G$9)*12) -> 0 | P13: =IF(N13>=O13,"CUMPLE","NO CUMPLE") -> #DIV/0!
C14: =IF(VLOOKUP(B13,PROPONENTES!$B$10:$N$16,4,FALSE)="","",VLOOKUP(B13,PROPONENTES!$B$10:$N$16,4,FALSE)) | D14: =VLOOKUP(B13,PROPONENTES!$B$10:$N$16,5,FALSE) -> 0 | E14: 4.93 | F14: 1.2605074e+08 | G14: 2.0725185e+10 | H14: 1 | I14: 473451635 | J14: =IF(C14="","",IF(AND((G14/($C$9*D14))>0,(G14/($C$9*D14))<=3),60,IF(AND((G14/($C$9*D14))>3,(G14/($C$9*D14))<=6),80,IF(AND((G14/($C$9*D14))>6,(G14/($C$9*D14))<=10),100,IF((G14/($C$9*D14))>10,120,))))) | K14: =IF(C14="","",IF(AND(E14>0,E14<=0.5),20,IF(AND(E14>0.5,E14<=0.75),25,IF(AND(E14>0.75,E14<=1),30,IF(AND(E14>1,E14<=1.5),35,IF(E14>1.5,40)))))) | L14: =IF(C14="","",IF(AND(H14>=1,H14<=5),20,IF(AND(H14>=6,H14<=10),30,IF(H14>=11,40,)))) | M14: =+IF(C14="","",(F14*(J14+K14+L14)/100)-I14)
C15: =IF(VLOOKUP(B13,PROPONENTES!$B$10:$N$16,6,FALSE)="","",VLOOKUP(B13,PROPONENTES!$B$10:$N$16,6,FALSE)) | D15: =VLOOKUP(B13,PROPONENTES!$B$10:$N$16,7,FALSE) -> 0 | J15: =IF(C15="","",IF(AND((G15/($C$9*D15))>0,(G15/($C$9*D15))<=3),60,IF(AND((G15/($C$9*D15))>3,(G15/($C$9*D15))<=6),80,IF(AND((G15/($C$9*D15))>6,(G15/($C$9*D15))<=10),100,IF((G15/($C$9*D15))>10,120,))))) | K15: =IF(C15="","",IF(AND(E15>0,E15<=0.5),20,IF(AND(E15>0.5,E15<=0.75),25,IF(AND(E15>0.75,E15<=1),30,IF(AND(E15>1,E15<=1.5),35,IF(E15>1.5,40)))))) | L15: =IF(C15="","",IF(AND(H15>=1,H15<=5),20,IF(AND(H15>=6,H15<=10),30,IF(H15>=11,40,)))) | M15: =+IF(C15="","",(F15*(J15+K15+L15)/100)-I15)
C16: =IF(VLOOKUP(B13,PROPONENTES!$B$10:$N$16,8,FALSE)="","",VLOOKUP(B13,PROPONENTES!$B$10:$N$16,8,FALSE)) | D16: =VLOOKUP(B13,PROPONENTES!$B$10:$N$16,9,FALSE) -> 0 | J16: =IF(C16="","",IF(AND((G16/($C$9*D16))>0,(G16/($C$9*D16))<=3),60,IF(AND((G16/($C$9*D16))>3,(G16/($C$9*D16))<=6),80,IF(AND((G16/($C$9*D16))>6,(G16/($C$9*D16))<=10),100,IF((G16/($C$9*D16))>10,120,))))) | K16: =IF(C16="","",IF(AND(E16>0,E16<=0.5),20,IF(AND(E16>0.5,E16<=0.75),25,IF(AND(E16>0.75,E16<=1),30,IF(AND(E16>1,E16<=1.5),35,IF(E16>1.5,40)))))) | L16: =IF(C16="","",IF(AND(H16>=1,H16<=5),20,IF(AND(H16>=6,H16<=10),30,IF(H16>=11,40,)))) | M16: =+IF(C16="","",(F16*(J16+K16+L16)/100)-I16)
C17: =IF(VLOOKUP(B13,PROPONENTES!$B$10:$N$16,8,FALSE)="","",VLOOKUP(B13,PROPONENTES!$B$10:$N$16,10,FALSE)) | D17: =VLOOKUP(B13,PROPONENTES!$B$10:$N$16,11,FALSE) -> 0 | J17: =IF(C17="","",IF(AND((G17/($C$9*D17))>0,(G17/($C$9*D17))<=3),60,IF(AND((G17/($C$9*D17))>3,(G17/($C$9*D17))<=6),80,IF(AND((G17/($C$9*D17))>6,(G17/($C$9*D17))<=10),100,IF((G17/($C$9*D17))>10,120,))))) | K17: =IF(C17="","",IF(AND(E17>0,E17<=0.5),20,IF(AND(E17>0.5,E17<=0.75),25,IF(AND(E17>0.75,E17<=1),30,IF(AND(E17>1,E17<=1.5),35,IF(E17>1.5,40)))))) | L17: =IF(C17="","",IF(AND(H17>=1,H17<=5),20,IF(AND(H17>=6,H17<=10),30,IF(H17>=11,40,)))) | M17: =+IF(C17="","",(F17*(J17+K17+L17)/100)-I17)
A18: 2 | B18: =+PROPONENTES!B11 -> VELNEC S.A. | C18: =IF(VLOOKUP(B18,PROPONENTES!$B$10:$N$16,2,FALSE)="","",VLOOKUP(B18,PROPONENTES!$B$10:$N$16,2,FALSE)) -> VELNEC S.A. | D18: =VLOOKUP(B18,PROPONENTES!$B$10:$N$16,3,FALSE) -> 1 | E18: 9.36 | F18: 3939642522 | G18: 2.2662094e+10 | H18: 9 | I18: 0 | J18: =IF(C18="","",IF(AND((G18/($C$9*D18))>0,(G18/($C$9*D18))<=3),60,IF(AND((G18/($C$9*D18))>3,(G18/($C$9*D18))<=6),80,IF(AND((G18/($C$9*D18))>6,(G18/($C$9*D18))<=10),100,IF((G18/($C$9*D18))>10,120,))))) -> #DIV/0! | K18: =IF(C18="","",IF(AND(E18>0,E18<=0.5),20,IF(AND(E18>0.5,E18<=0.75),25,IF(AND(E18>0.75,E18<=1),30,IF(AND(E18>1,E18<=1.5),35,IF(E18>1.5,40)))))) -> 40 | L18: =IF(C18="","",IF(AND(H18>=1,H18<=5),20,IF(AND(H18>=6,H18<=10),30,IF(H18>=11,40,)))) -> 30 | M18: =+IF(C18="","",(F18*(J18+K18+L18)/100)-I18) -> #DIV/0! | N18: =SUM(M18:M22) -> #DIV/0! | O18: =IF($G$9<=12,$C$9-$G$10*$C$9,(($C$9-$G$10)/$G$9)*12) -> 0 | P18: =IF(B18="","",IF(N18>=O18,"CUMPLE","NO CUMPLE")) -> #DIV/0!
C19: =IF(VLOOKUP(B18,PROPONENTES!$B$10:$N$16,4,FALSE)="","",VLOOKUP(B18,PROPONENTES!$B$10:$N$16,4,FALSE)) | D19: =VLOOKUP(B18,PROPONENTES!$B$10:$N$16,5,FALSE) -> 0 | J19: =IF(C19="","",IF(AND((G19/($C$9*D19))>0,(G19/($C$9*D19))<=3),60,IF(AND((G19/($C$9*D19))>3,(G19/($C$9*D19))<=6),80,IF(AND((G19/($C$9*D19))>6,(G19/($C$9*D19))<=10),100,IF((G19/($C$9*D19))>10,120,))))) | K19: =IF(C19="","",IF(AND(E19>0,E19<=0.5),20,IF(AND(E19>0.5,E19<=0.75),25,IF(AND(E19>0.75,E19<=1),30,IF(AND(E19>1,E19<=1.5),35,IF(E19>1.5,40)))))) | L19: =IF(C19="","",IF(AND(H19>=1,H19<=5),20,IF(AND(H19>=6,H19<=10),30,IF(H19>=11,40,)))) | M19: =+IF(C19="","",(F19*(J19+K19+L19)/100)-I19)
C20: =IF(VLOOKUP(B18,PROPONENTES!$B$10:$N$16,6,FALSE)="","",VLOOKUP(B18,PROPONENTES!$B$10:$N$16,6,FALSE)) | D20: =VLOOKUP(B18,PROPONENTES!$B$10:$N$16,7,FALSE) -> 0 | J20: =IF(C20="","",IF(AND((G20/($C$9*D20))>0,(G20/($C$9*D20))<=3),60,IF(AND((G20/($C$9*D20))>3,(G20/($C$9*D20))<=6),80,IF(AND((G20/($C$9*D20))>6,(G20/($C$9*D20))<=10),100,IF((G20/($C$9*D20))>10,120,))))) | K20: =IF(C20="","",IF(AND(E20>0,E20<=0.5),20,IF(AND(E20>0.5,E20<=0.75),25,IF(AND(E20>0.75,E20<=1),30,IF(AND(E20>1,E20<=1.5),35,IF(E20>1.5,40)))))) | L20: =IF(C20="","",IF(AND(H20>=1,H20<=5),20,IF(AND(H20>=6,H20<=10),30,IF(H20>=11,40,)))) | M20: =+IF(C20="","",(F20*(J20+K20+L20)/100)-I20)
C21: =IF(VLOOKUP(B18,PROPONENTES!$B$10:$N$16,8,FALSE)="","",VLOOKUP(B18,PROPONENTES!$B$10:$N$16,8,FALSE)) | D21: =VLOOKUP(B18,PROPONENTES!$B$10:$N$16,9,FALSE) -> 0 | J21: =IF(C21="","",IF(AND((G21/($C$9*D21))>0,(G21/($C$9*D21))<=3),60,IF(AND((G21/($C$9*D21))>3,(G21/($C$9*D21))<=6),80,IF(AND((G21/($C$9*D21))>6,(G21/($C$9*D21))<=10),100,IF((G21/($C$9*D21))>10,120,))))) | K21: =IF(C21="","",IF(AND(E21>0,E21<=0.5),20,IF(AND(E21>0.5,E21<=0.75),25,IF(AND(E21>0.75,E21<=1),30,IF(AND(E21>1,E21<=1.5),35,IF(E21>1.5,40)))))) | L21: =IF(C21="","",IF(AND(H21>=1,H21<=5),20,IF(AND(H21>=6,H21<=10),30,IF(H21>=11,40,)))) | M21: =+IF(C21="","",(F21*(J21+K21+L21)/100)-I21)
C22: =IF(VLOOKUP(B18,PROPONENTES!$B$10:$N$16,8,FALSE)="","",VLOOKUP(B18,PROPONENTES!$B$10:$N$16,10,FALSE)) | D22: =VLOOKUP(B18,PROPONENTES!$B$10:$N$16,11,FALSE) -> 0 | J22: =IF(C22="","",IF(AND((G22/($C$9*D22))>0,(G22/($C$9*D22))<=3),60,IF(AND((G22/($C$9*D22))>3,(G22/($C$9*D22))<=6),80,IF(AND((G22/($C$9*D22))>6,(G22/($C$9*D22))<=10),100,IF((G22/($C$9*D22))>10,120,))))) | K22: =IF(C22="","",IF(AND(E22>0,E22<=0.5),20,IF(AND(E22>0.5,E22<=0.75),25,IF(AND(E22>0.75,E22<=1),30,IF(AND(E22>1,E22<=1.5),35,IF(E22>1.5,40)))))) | L22: =IF(C22="","",IF(AND(H22>=1,H22<=5),20,IF(AND(H22>=6,H22<=10),30,IF(H22>=11,40,)))) | M22: =+IF(C22="","",(F22*(J22+K22+L22)/100)-I22)
A23: 3 | B23: =+PROPONENTES!B12 -> ARQUITECTURA URBANA LTDA | C23: =IF(VLOOKUP(B23,PROPONENTES!$B$10:$N$16,2,FALSE)="","",VLOOKUP(B23,PROPONENTES!$B$10:$N$16,2,FALSE)) -> ARQUITECTURA URBANA LTDA | D23: =VLOOKUP(B23,PROPONENTES!$B$10:$N$16,3,FALSE) -> 1 | E23: 61.61 | F23: 2950600000 | G23: 1.8288205e+10 | H23: 1 | I23: 3.7016722e+08 | J23: =IF(C23="","",IF(AND((G23/($C$9*D23))>0,(G23/($C$9*D23))<=3),60,IF(AND((G23/($C$9*D23))>3,(G23/($C$9*D23))<=6),80,IF(AND((G23/($C$9*D23))>6,(G23/($C$9*D23))<=10),100,IF((G23/($C$9*D23))>10,120,))))) -> #DIV/0! | K23: =IF(C23="","",IF(AND(E23>0,E23<=0.5),20,IF(AND(E23>0.5,E23<=0.75),25,IF(AND(E23>0.75,E23<=1),30,IF(AND(E23>1,E23<=1.5),35,IF(E23>1.5,40)))))) -> 40 | L23: =IF(C23="","",IF(AND(H23>=1,H23<=5),20,IF(AND(H23>=6,H23<=10),30,IF(H23>=11,40,)))) -> 20 | M23: =+IF(C23="","",(F23*(J23+K23+L23)/100)-I23) -> #DIV/0! | N23: =SUM(M23:M27) -> #DIV/0! | O23: =IF($G$9<=12,$C$9-$G$10*$C$9,(($C$9-$G$10)/$G$9)*12) -> 0 | P23: =IF(N23>=O23,"CUMPLE","NO CUMPLE") -> #DIV/0!
C24: =IF(VLOOKUP(B23,PROPONENTES!$B$10:$N$16,4,FALSE)="","",VLOOKUP(B23,PROPONENTES!$B$10:$N$16,4,FALSE)) | D24: =VLOOKUP(B23,PROPONENTES!$B$10:$N$16,5,FALSE) -> 0 | J24: =IF(C24="","",IF(AND((G24/($C$9*D24))>0,(G24/($C$9*D24))<=3),60,IF(AND((G24/($C$9*D24))>3,(G24/($C$9*D24))<=6),80,IF(AND((G24/($C$9*D24))>6,(G24/($C$9*D24))<=10),100,IF((G24/($C$9*D24))>10,120,))))) | K24: =IF(C24="","",IF(AND(E24>0,E24<=0.5),20,IF(AND(E24>0.5,E24<=0.75),25,IF(AND(E24>0.75,E24<=1),30,IF(AND(E24>1,E24<=1.5),35,IF(E24>1.5,40)))))) | L24: =IF(C24="","",IF(AND(H24>=1,H24<=5),20,IF(AND(H24>=6,H24<=10),30,IF(H24>=11,40,)))) | M24: =+IF(C24="","",(F24*(J24+K24+L24)/100)-I24)
C25: =IF(VLOOKUP(B23,PROPONENTES!$B$10:$N$16,6,FALSE)="","",VLOOKUP(B23,PROPONENTES!$B$10:$N$16,6,FALSE)) | D25: =VLOOKUP(B23,PROPONENTES!$B$10:$N$16,7,FALSE) -> 0 | J25: =IF(C25="","",IF(AND((G25/($C$9*D25))>0,(G25/($C$9*D25))<=3),60,IF(AND((G25/($C$9*D25))>3,(G25/($C$9*D25))<=6),80,IF(AND((G25/($C$9*D25))>6,(G25/($C$9*D25))<=10),100,IF((G25/($C$9*D25))>10,120,))))) | K25: =IF(C25="","",IF(AND(E25>0,E25<=0.5),20,IF(AND(E25>0.5,E25<=0.75),25,IF(AND(E25>0.75,E25<=1),30,IF(AND(E25>1,E25<=1.5),35,IF(E25>1.5,40)))))) | L25: =IF(C25="","",IF(AND(H25>=1,H25<=5),20,IF(AND(H25>=6,H25<=10),30,IF(H25>=11,40,)))) | M25: =+IF(C25="","",(F25*(J25+K25+L25)/100)-I25)
C26: =IF(VLOOKUP(B23,PROPONENTES!$B$10:$N$16,8,FALSE)="","",VLOOKUP(B23,PROPONENTES!$B$10:$N$16,8,FALSE)) | D26: =VLOOKUP(B23,PROPONENTES!$B$10:$N$16,9,FALSE) -> 0 | J26: =IF(C26="","",IF(AND((G26/($C$9*D26))>0,(G26/($C$9*D26))<=3),60,IF(AND((G26/($C$9*D26))>3,(G26/($C$9*D26))<=6),80,IF(AND((G26/($C$9*D26))>6,(G26/($C$9*D26))<=10),100,IF((G26/($C$9*D26))>10,120,))))) | K26: =IF(C26="","",IF(AND(E26>0,E26<=0.5),20,IF(AND(E26>0.5,E26<=0.75),25,IF(AND(E26>0.75,E26<=1),30,IF(AND(E26>1,E26<=1.5),35,IF(E26>1.5,40)))))) | L26: =IF(C26="","",IF(AND(H26>=1,H26<=5),20,IF(AND(H26>=6,H26<=10),30,IF(H26>=11,40,)))) | M26: =+IF(C26="","",(F26*(J26+K26+L26)/100)-I26)
C27: =IF(VLOOKUP(B23,PROPONENTES!$B$10:$N$16,8,FALSE)="","",VLOOKUP(B23,PROPONENTES!$B$10:$N$16,10,FALSE)) | D27: =VLOOKUP(B23,PROPONENTES!$B$10:$N$16,11,FALSE) -> 0 | J27: =IF(C27="","",IF(AND((G27/($C$9*D27))>0,(G27/($C$9*D27))<=3),60,IF(AND((G27/($C$9*D27))>3,(G27/($C$9*D27))<=6),80,IF(AND((G27/($C$9*D27))>6,(G27/($C$9*D27))<=10),100,IF((G27/($C$9*D27))>10,120,))))) | K27: =IF(C27="","",IF(AND(E27>0,E27<=0.5),20,IF(AND(E27>0.5,E27<=0.75),25,IF(AND(E27>0.75,E27<=1),30,IF(AND(E27>1,E27<=1.5),35,IF(E27>1.5,40)))))) | L27: =IF(C27="","",IF(AND(H27>=1,H27<=5),20,IF(AND(H27>=6,H27<=10),30,IF(H27>=11,40,)))) | M27: =+IF(C27="","",(F27*(J27+K27+L27)/100)-I27)
A28: 4 | B28: =+PROPONENTES!B13 -> ABDO JOSÉ SALGADO AYOLA | C28: =IF(VLOOKUP(B28,PROPONENTES!$B$10:$N$16,2,FALSE)="","",VLOOKUP(B28,PROPONENTES!$B$10:$N$16,2,FALSE)) -> ABDO JOSÉ SALGADO AYOLA | D28: =VLOOKUP(B28,PROPONENTES!$B$10:$N$16,3,FALSE) -> 1 | E28: 64.51 | F28: 626253000 | G28: 6.722154e+08 | H28: 1 | I28: 0 | J28: =IF(C28="","",IF(AND((G28/($C$9*D28))>0,(G28/($C$9*D28))<=3),60,IF(AND((G28/($C$9*D28))>3,(G28/($C$9*D28))<=6),80,IF(AND((G28/($C$9*D28))>6,(G28/($C$9*D28))<=10),100,IF((G28/($C$9*D28))>10,120,))))) -> #DIV/0! | K28: =IF(C28="","",IF(AND(E28>0,E28<=0.5),20,IF(AND(E28>0.5,E28<=0.75),25,IF(AND(E28>0.75,E28<=1),30,IF(AND(E28>1,E28<=1.5),35,IF(E28>1.5,40)))))) -> 40 | L28: =IF(C28="","",IF(AND(H28>=1,H28<=5),20,IF(AND(H28>=6,H28<=10),30,IF(H28>=11,40,)))) -> 20 | M28: =+IF(C28="","",(F28*(J28+K28+L28)/100)-I28) -> #DIV/0! | N28: =SUM(M28:M32) -> #DIV/0! | O28: =IF($G$9<=12,$C$9-$G$10*$C$9,(($C$9-$G$10)/$G$9)*12) -> 0 | P28: =IF(N28>=O28,"CUMPLE","NO CUMPLE") -> #DIV/0!
C29: =IF(VLOOKUP(B28,PROPONENTES!$B$10:$N$16,4,FALSE)="","",VLOOKUP(B28,PROPONENTES!$B$10:$N$16,4,FALSE)) | D29: =VLOOKUP(B28,PROPONENTES!$B$10:$N$16,5,FALSE) -> 0 | E29: 0 | F29: 12710667 | G29: 50115776593 | H29: 11 | I29: 0 | J29: =IF(C29="","",IF(AND((G29/($C$9*D29))>0,(G29/($C$9*D29))<=3),60,IF(AND((G29/($C$9*D29))>3,(G29/($C$9*D29))<=6),80,IF(AND((G29/($C$9*D29))>6,(G29/($C$9*D29))<=10),100,IF((G29/($C$9*D29))>10,120,))))) | K29: =IF(C29="","",IF(AND(E29>0,E29<=0.5),20,IF(AND(E29>0.5,E29<=0.75),25,IF(AND(E29>0.75,E29<=1),30,IF(AND(E29>1,E29<=1.5),35,IF(E29>1.5,40)))))) | L29: =IF(C29="","",IF(AND(H29>=1,H29<=5),20,IF(AND(H29>=6,H29<=10),30,IF(H29>=11,40,)))) | M29: =+IF(C29="","",(F29*(J29+K29+L29)/100)-I29)
C30: =IF(VLOOKUP(B28,PROPONENTES!$B$10:$N$16,6,FALSE)="","",VLOOKUP(B28,PROPONENTES!$B$10:$N$16,6,FALSE)) | D30: =VLOOKUP(B28,PROPONENTES!$B$10:$N$16,7,FALSE) -> 0 | J30: =IF(C30="","",IF(AND((G30/($C$9*D30))>0,(G30/($C$9*D30))<=3),60,IF(AND((G30/($C$9*D30))>3,(G30/($C$9*D30))<=6),80,IF(AND((G30/($C$9*D30))>6,(G30/($C$9*D30))<=10),100,IF((G30/($C$9*D30))>10,120,))))) | K30: =IF(C30="","",IF(AND(E30>0,E30<=0.5),20,IF(AND(E30>0.5,E30<=0.75),25,IF(AND(E30>0.75,E30<=1),30,IF(AND(E30>1,E30<=1.5),35,IF(E30>1.5,40)))))) | L30: =IF(C30="","",IF(AND(H30>=1,H30<=5),20,IF(AND(H30>=6,H30<=10),30,IF(H30>=11,40,)))) | M30: =+IF(C30="","",(F30*(J30+K30+L30)/100)-I30)
C31: =IF(VLOOKUP(B28,PROPONENTES!$B$10:$N$16,8,FALSE)="","",VLOOKUP(B28,PROPONENTES!$B$10:$N$16,8,FALSE)) | D31: =VLOOKUP(B28,PROPONENTES!$B$10:$N$16,9,FALSE) -> 0 | J31: =IF(C31="","",IF(AND((G31/($C$9*D31))>0,(G31/($C$9*D31))<=3),60,IF(AND((G31/($C$9*D31))>3,(G31/($C$9*D31))<=6),80,IF(AND((G31/($C$9*D31))>6,(G31/($C$9*D31))<=10),100,IF((G31/($C$9*D31))>10,120,))))) | K31: =IF(C31="","",IF(AND(E31>0,E31<=0.5),20,IF(AND(E31>0.5,E31<=0.75),25,IF(AND(E31>0.75,E31<=1),30,IF(AND(E31>1,E31<=1.5),35,IF(E31>1.5,40)))))) | L31: =IF(C31="","",IF(AND(H31>=1,H31<=5),20,IF(AND(H31>=6,H31<=10),30,IF(H31>=11,40,)))) | M31: =+IF(C31="","",(F31*(J31+K31+L31)/100)-I31)
C32: =IF(VLOOKUP(B28,PROPONENTES!$B$10:$N$16,8,FALSE)="","",VLOOKUP(B28,PROPONENTES!$B$10:$N$16,10,FALSE)) | D32: =VLOOKUP(B28,PROPONENTES!$B$10:$N$16,11,FALSE) -> 0 | J32: =IF(C32="","",IF(AND((G32/($C$9*D32))>0,(G32/($C$9*D32))<=3),60,IF(AND((G32/($C$9*D32))>3,(G32/($C$9*D32))<=6),80,IF(AND((G32/($C$9*D32))>6,(G32/($C$9*D32))<=10),100,IF((G32/($C$9*D32))>10,120,))))) | K32: =IF(C32="","",IF(AND(E32>0,E32<=0.5),20,IF(AND(E32>0.5,E32<=0.75),25,IF(AND(E32>0.75,E32<=1),30,IF(AND(E32>1,E32<=1.5),35,IF(E32>1.5,40)))))) | L32: =IF(C32="","",IF(AND(H32>=1,H32<=5),20,IF(AND(H32>=6,H32<=10),30,IF(H32>=11,40,)))) | M32: =+IF(C32="","",(F32*(J32+K32+L32)/100)-I32)
A33: 5 | B33: =+PROPONENTES!B14 -> PRODEINCOL S.A.S. | C33: =IF(VLOOKUP(B33,PROPONENTES!$B$10:$N$16,2,FALSE)="","",VLOOKUP(B33,PROPONENTES!$B$10:$N$16,2,FALSE)) -> PRODEINCOL S.A.S. | D33: =VLOOKUP(B33,PROPONENTES!$B$10:$N$16,3,FALSE) -> 1 | J33: =IF(C33="","",IF(AND((G33/($C$9*D33))>0,(G33/($C$9*D33))<=3),60,IF(AND((G33/($C$9*D33))>3,(G33/($C$9*D33))<=6),80,IF(AND((G33/($C$9*D33))>6,(G33/($C$9*D33))<=10),100,IF((G33/($C$9*D33))>10,120,))))) -> #DIV/0! | K33: =IF(C33="","",IF(AND(E33>0,E33<=0.5),20,IF(AND(E33>0.5,E33<=0.75),25,IF(AND(E33>0.75,E33<=1),30,IF(AND(E33>1,E33<=1.5),35,IF(E33>1.5,40)))))) -> FALSE | L33: =IF(C33="","",IF(AND(H33>=1,H33<=5),20,IF(AND(H33>=6,H33<=10),30,IF(H33>=11,40,)))) -> 0 | M33: =+IF(C33="","",(F33*(J33+K33+L33)/100)-I33) -> #DIV/0! | N33: =SUM(M33:M37) -> #DIV/0! | O33: =IF($G$9<=12,$C$9-$G$10*$C$9,(($C$9-$G$10)/$G$9)*12) -> 0 | P33: =IF(N33>=O33,"CUMPLE","NO CUMPLE") -> #DIV/0!
C34: =IF(VLOOKUP(B33,PROPONENTES!$B$10:$N$16,4,FALSE)="","",VLOOKUP(B33,PROPONENTES!$B$10:$N$16,4,FALSE)) | D34: =VLOOKUP(B33,PROPONENTES!$B$10:$N$16,5,FALSE) -> 0 | J34: =IF(C34="","",IF(AND((G34/($C$9*D34))>0,(G34/($C$9*D34))<=3),60,IF(AND((G34/($C$9*D34))>3,(G34/($C$9*D34))<=6),80,IF(AND((G34/($C$9*D34))>6,(G34/($C$9*D34))<=10),100,IF((G34/($C$9*D34))>10,120,))))) | K34: =IF(C34="","",IF(AND(E34>0,E34<=0.5),20,IF(AND(E34>0.5,E34<=0.75),25,IF(AND(E34>0.75,E34<=1),30,IF(AND(E34>1,E34<=1.5),35,IF(E34>1.5,40)))))) | L34: =IF(C34="","",IF(AND(H34>=1,H34<=5),20,IF(AND(H34>=6,H34<=10),30,IF(H34>=11,40,)))) | M34: =+IF(C34="","",(F34*(J34+K34+L34)/100)-I34)
C35: =IF(VLOOKUP(B33,PROPONENTES!$B$10:$N$16,6,FALSE)="","",VLOOKUP(B33,PROPONENTES!$B$10:$N$16,6,FALSE)) | D35: =VLOOKUP(B33,PROPONENTES!$B$10:$N$16,7,FALSE) -> 0 | J35: =IF(C35="","",IF(AND((G35/($C$9*D35))>0,(G35/($C$9*D35))<=3),60,IF(AND((G35/($C$9*D35))>3,(G35/($C$9*D35))<=6),80,IF(AND((G35/($C$9*D35))>6,(G35/($C$9*D35))<=10),100,IF((G35/($C$9*D35))>10,120,))))) | K35: =IF(C35="","",IF(AND(E35>0,E35<=0.5),20,IF(AND(E35>0.5,E35<=0.75),25,IF(AND(E35>0.75,E35<=1),30,IF(AND(E35>1,E35<=1.5),35,IF(E35>1.5,40)))))) | L35: =IF(C35="","",IF(AND(H35>=1,H35<=5),20,IF(AND(H35>=6,H35<=10),30,IF(H35>=11,40,)))) | M35: =+IF(C35="","",(F35*(J35+K35+L35)/100)-I35)
C36: =IF(VLOOKUP(B33,PROPONENTES!$B$10:$N$16,8,FALSE)="","",VLOOKUP(B33,PROPONENTES!$B$10:$N$16,8,FALSE)) | D36: =VLOOKUP(B33,PROPONENTES!$B$10:$N$16,9,FALSE) -> 0 | J36: =IF(C36="","",IF(AND((G36/($C$9*D36))>0,(G36/($C$9*D36))<=3),60,IF(AND((G36/($C$9*D36))>3,(G36/($C$9*D36))<=6),80,IF(AND((G36/($C$9*D36))>6,(G36/($C$9*D36))<=10),100,IF((G36/($C$9*D36))>10,120,))))) | K36: =IF(C36="","",IF(AND(E36>0,E36<=0.5),20,IF(AND(E36>0.5,E36<=0.75),25,IF(AND(E36>0.75,E36<=1),30,IF(AND(E36>1,E36<=1.5),35,IF(E36>1.5,40)))))) | L36: =IF(C36="","",IF(AND(H36>=1,H36<=5),20,IF(AND(H36>=6,H36<=10),30,IF(H36>=11,40,)))) | M36: =+IF(C36="","",(F36*(J36+K36+L36)/100)-I36)
C37: =IF(VLOOKUP(B33,PROPONENTES!$B$10:$N$16,8,FALSE)="","",VLOOKUP(B33,PROPONENTES!$B$10:$N$16,10,FALSE)) | D37: =VLOOKUP(B33,PROPONENTES!$B$10:$N$16,11,FALSE) -> 0 | J37: =IF(C37="","",IF(AND((G37/($C$9*D37))>0,(G37/($C$9*D37))<=3),60,IF(AND((G37/($C$9*D37))>3,(G37/($C$9*D37))<=6),80,IF(AND((G37/($C$9*D37))>6,(G37/($C$9*D37))<=10),100,IF((G37/($C$9*D37))>10,120,))))) | K37: =IF(C37="","",IF(AND(E37>0,E37<=0.5),20,IF(AND(E37>0.5,E37<=0.75),25,IF(AND(E37>0.75,E37<=1),30,IF(AND(E37>1,E37<=1.5),35,IF(E37>1.5,40)))))) | L37: =IF(C37="","",IF(AND(H37>=1,H37<=5),20,IF(AND(H37>=6,H37<=10),30,IF(H37>=11,40,)))) | M37: =+IF(C37="","",(F37*(J37+K37+L37)/100)-I37)
A38: 6 | B38: =+PROPONENTES!B15 -> CONSORCIO INTERVEP KM | C38: =IF(VLOOKUP(B38,PROPONENTES!$B$10:$N$16,2,FALSE)="","",VLOOKUP(B38,PROPONENTES!$B$10:$N$16,2,FALSE)) -> KALPA INGENIERIA SAS SOCIEDAD DE BENEFICIO E INTERES COLECTIVO - BIC | D38: =VLOOKUP(B38,PROPONENTES!$B$10:$N$16,3,FALSE) -> 0.99 | E38: 4.04 | F38: 4188826509 | G38: 4.0534858e+10 | H38: 3 | I38: 0 | J38: =IF(C38="","",IF(AND((G38/($C$9*D38))>0,(G38/($C$9*D38))<=3),60,IF(AND((G38/($C$9*D38))>3,(G38/($C$9*D38))<=6),80,IF(AND((G38/($C$9*D38))>6,(G38/($C$9*D38))<=10),100,IF((G38/($C$9*D38))>10,120,))))) -> #DIV/0! | K38: =IF(C38="","",IF(AND(E38>0,E38<=0.5),20,IF(AND(E38>0.5,E38<=0.75),25,IF(AND(E38>0.75,E38<=1),30,IF(AND(E38>1,E38<=1.5),35,IF(E38>1.5,40)))))) -> 40 | L38: =IF(C38="","",IF(AND(H38>=1,H38<=5),20,IF(AND(H38>=6,H38<=10),30,IF(H38>=11,40,)))) -> 20 | M38: =+IF(C38="","",(F38*(J38+K38+L38)/100)-I38) -> #DIV/0! | N38: =SUM(M38:M42) -> #DIV/0! | O38: =IF($G$9<=12,$C$9-$G$10*$C$9,(($C$9-$G$10)/$G$9)*12) -> 0 | P38: =IF(N38>=O38,"CUMPLE","NO CUMPLE") -> #DIV/0!
C39: =IF(VLOOKUP(B38,PROPONENTES!$B$10:$N$16,4,FALSE)="","",VLOOKUP(B38,PROPONENTES!$B$10:$N$16,4,FALSE)) -> MEDINA & RIVERA INGENIEROS ASOCIADOS SAS | D39: =VLOOKUP(B38,PROPONENTES!$B$10:$N$16,5,FALSE) -> 0.01 | J39: =IF(C39="","",IF(AND((G39/($C$9*D39))>0,(G39/($C$9*D39))<=3),60,IF(AND((G39/($C$9*D39))>3,(G39/($C$9*D39))<=6),80,IF(AND((G39/($C$9*D39))>6,(G39/($C$9*D39))<=10),100,IF((G39/($C$9*D39))>10,120,))))) -> #DIV/0! | K39: =IF(C39="","",IF(AND(E39>0,E39<=0.5),20,IF(AND(E39>0.5,E39<=0.75),25,IF(AND(E39>0.75,E39<=1),30,IF(AND(E39>1,E39<=1.5),35,IF(E39>1.5,40)))))) -> FALSE | L39: =IF(C39="","",IF(AND(H39>=1,H39<=5),20,IF(AND(H39>=6,H39<=10),30,IF(H39>=11,40,)))) -> 0 | M39: =+IF(C39="","",(F39*(J39+K39+L39)/100)-I39) -> #DIV/0!
C40: =IF(VLOOKUP(B38,PROPONENTES!$B$10:$N$16,6,FALSE)="","",VLOOKUP(B38,PROPONENTES!$B$10:$N$16,6,FALSE)) | D40: =VLOOKUP(B38,PROPONENTES!$B$10:$N$16,7,FALSE) -> 0 | J40: =IF(C40="","",IF(AND((G40/($C$9*D40))>0,(G40/($C$9*D40))<=3),60,IF(AND((G40/($C$9*D40))>3,(G40/($C$9*D40))<=6),80,IF(AND((G40/($C$9*D40))>6,(G40/($C$9*D40))<=10),100,IF((G40/($C$9*D40))>10,120,))))) | K40: =IF(C40="","",IF(AND(E40>0,E40<=0.5),20,IF(AND(E40>0.5,E40<=0.75),25,IF(AND(E40>0.75,E40<=1),30,IF(AND(E40>1,E40<=1.5),35,IF(E40>1.5,40)))))) | L40: =IF(C40="","",IF(AND(H40>=1,H40<=5),20,IF(AND(H40>=6,H40<=10),30,IF(H40>=11,40,)))) | M40: =+IF(C40="","",(F40*(J40+K40+L40)/100)-I40)
C41: =IF(VLOOKUP(B38,PROPONENTES!$B$10:$N$16,8,FALSE)="","",VLOOKUP(B38,PROPONENTES!$B$10:$N$16,8,FALSE)) | D41: =VLOOKUP(B38,PROPONENTES!$B$10:$N$16,9,FALSE) -> 0 | J41: =IF(C41="","",IF(AND((G41/($C$9*D41))>0,(G41/($C$9*D41))<=3),60,IF(AND((G41/($C$9*D41))>3,(G41/($C$9*D41))<=6),80,IF(AND((G41/($C$9*D41))>6,(G41/($C$9*D41))<=10),100,IF((G41/($C$9*D41))>10,120,))))) | K41: =IF(C41="","",IF(AND(E41>0,E41<=0.5),20,IF(AND(E41>0.5,E41<=0.75),25,IF(AND(E41>0.75,E41<=1),30,IF(AND(E41>1,E41<=1.5),35,IF(E41>1.5,40)))))) | L41: =IF(C41="","",IF(AND(H41>=1,H41<=5),20,IF(AND(H41>=6,H41<=10),30,IF(H41>=11,40,)))) | M41: =+IF(C41="","",(F41*(J41+K41+L41)/100)-I41)
C42: =IF(VLOOKUP(B38,PROPONENTES!$B$10:$N$16,8,FALSE)="","",VLOOKUP(B38,PROPONENTES!$B$10:$N$16,10,FALSE)) | D42: =VLOOKUP(B38,PROPONENTES!$B$10:$N$16,11,FALSE) -> 0 | J42: =IF(C42="","",IF(AND((G42/($C$9*D42))>0,(G42/($C$9*D42))<=3),60,IF(AND((G42/($C$9*D42))>3,(G42/($C$9*D42))<=6),80,IF(AND((G42/($C$9*D42))>6,(G42/($C$9*D42))<=10),100,IF((G42/($C$9*D42))>10,120,))))) | K42: =IF(C42="","",IF(AND(E42>0,E42<=0.5),20,IF(AND(E42>0.5,E42<=0.75),25,IF(AND(E42>0.75,E42<=1),30,IF(AND(E42>1,E42<=1.5),35,IF(E42>1.5,40)))))) | L42: =IF(C42="","",IF(AND(H42>=1,H42<=5),20,IF(AND(H42>=6,H42<=10),30,IF(H42>=11,40,)))) | M42: =+IF(C42="","",(F42*(J42+K42+L42)/100)-I42)
A43: 7 | B43: =+PROPONENTES!B16 -> CONSULTORES DEL OCCIDENTE SAS | C43: =IF(VLOOKUP(B43,PROPONENTES!$B$10:$N$16,2,FALSE)="","",VLOOKUP(B43,PROPONENTES!$B$10:$N$16,2,FALSE)) -> CONSULTORES DEL OCCIDENTE SAS | D43: =VLOOKUP(B43,PROPONENTES!$B$10:$N$16,3,FALSE) -> 1 | E43: 4.4 | F43: 1953936784 | G43: 1.1553131e+10 | H43: 11 | I43: 0 | J43: =IF(C43="","",IF(AND((G43/($C$9*D43))>0,(G43/($C$9*D43))<=3),60,IF(AND((G43/($C$9*D43))>3,(G43/($C$9*D43))<=6),80,IF(AND((G43/($C$9*D43))>6,(G43/($C$9*D43))<=10),100,IF((G43/($C$9*D43))>10,120,))))) -> #DIV/0! | K43: =IF(C43="","",IF(AND(E43>0,E43<=0.5),20,IF(AND(E43>0.5,E43<=0.75),25,IF(AND(E43>0.75,E43<=1),30,IF(AND(E43>1,E43<=1.5),35,IF(E43>1.5,40)))))) -> 40 | L43: =IF(C43="","",IF(AND(H43>=1,H43<=5),20,IF(AND(H43>=6,H43<=10),30,IF(H43>=11,40,)))) -> 40 | M43: =+IF(C43="","",(F43*(J43+K43+L43)/100)-I43) -> #DIV/0! | N43: =SUM(M43:M47) -> #DIV/0! | O43: =IF($G$9<=12,$C$9-$G$10*$C$9,(($C$9-$G$10)/$G$9)*12) -> 0 | P43: =IF(N43>=O43,"CUMPLE","NO CUMPLE") -> #DIV/0!
C44: =IF(VLOOKUP(B43,PROPONENTES!$B$10:$N$16,4,FALSE)="","",VLOOKUP(B43,PROPONENTES!$B$10:$N$16,4,FALSE)) | D44: =VLOOKUP(B43,PROPONENTES!$B$10:$N$16,5,FALSE) -> 0 | E44: 2.81 | F44: 1742165766 | G44: 1.3727012e+11 | H44: 11 | I44: 0 | J44: =IF(C44="","",IF(AND((G44/($C$9*D44))>0,(G44/($C$9*D44))<=3),60,IF(AND((G44/($C$9*D44))>3,(G44/($C$9*D44))<=6),80,IF(AND((G44/($C$9*D44))>6,(G44/($C$9*D44))<=10),100,IF((G44/($C$9*D44))>10,120,))))) | K44: =IF(C44="","",IF(AND(E44>0,E44<=0.5),20,IF(AND(E44>0.5,E44<=0.75),25,IF(AND(E44>0.75,E44<=1),30,IF(AND(E44>1,E44<=1.5),35,IF(E44>1.5,40)))))) | L44: =IF(C44="","",IF(AND(H44>=1,H44<=5),20,IF(AND(H44>=6,H44<=10),30,IF(H44>=11,40,)))) | M44: =+IF(C44="","",(F44*(J44+K44+L44)/100)-I44)
C45: =IF(VLOOKUP(B43,PROPONENTES!$B$10:$N$16,6,FALSE)="","",VLOOKUP(B43,PROPONENTES!$B$10:$N$16,6,FALSE)) | D45: =VLOOKUP(B43,PROPONENTES!$B$10:$N$16,7,FALSE) -> 0 | J45: =IF(C45="","",IF(AND((G45/($C$9*D45))>0,(G45/($C$9*D45))<=3),60,IF(AND((G45/($C$9*D45))>3,(G45/($C$9*D45))<=6),80,IF(AND((G45/($C$9*D45))>6,(G45/($C$9*D45))<=10),100,IF((G45/($C$9*D45))>10,120,))))) | K45: =IF(C45="","",IF(AND(E45>0,E45<=0.5),20,IF(AND(E45>0.5,E45<=0.75),25,IF(AND(E45>0.75,E45<=1),30,IF(AND(E45>1,E45<=1.5),35,IF(E45>1.5,40)))))) | L45: =IF(C45="","",IF(AND(H45>=1,H45<=5),20,IF(AND(H45>=6,H45<=10),30,IF(H45>=11,40,)))) | M45: =+IF(C45="","",(F45*(J45+K45+L45)/100)-I45)
C46: =IF(VLOOKUP(B43,PROPONENTES!$B$10:$N$16,8,FALSE)="","",VLOOKUP(B43,PROPONENTES!$B$10:$N$16,8,FALSE)) | D46: =VLOOKUP(B43,PROPONENTES!$B$10:$N$16,9,FALSE) -> 0 | J46: =IF(C46="","",IF(AND((G46/($C$9*D46))>0,(G46/($C$9*D46))<=3),60,IF(AND((G46/($C$9*D46))>3,(G46/($C$9*D46))<=6),80,IF(AND((G46/($C$9*D46))>6,(G46/($C$9*D46))<=10),100,IF((G46/($C$9*D46))>10,120,))))) | K46: =IF(C46="","",IF(AND(E46>0,E46<=0.5),20,IF(AND(E46>0.5,E46<=0.75),25,IF(AND(E46>0.75,E46<=1),30,IF(AND(E46>1,E46<=1.5),35,IF(E46>1.5,40)))))) | L46: =IF(C46="","",IF(AND(H46>=1,H46<=5),20,IF(AND(H46>=6,H46<=10),30,IF(H46>=11,40,)))) | M46: =+IF(C46="","",(F46*(J46+K46+L46)/100)-I46)
C47: =IF(VLOOKUP(B43,PROPONENTES!$B$10:$N$16,8,FALSE)="","",VLOOKUP(B43,PROPONENTES!$B$10:$N$16,10,FALSE)) | D47: =VLOOKUP(B43,PROPONENTES!$B$10:$N$16,11,FALSE) -> 0 | J47: =IF(C47="","",IF(AND((G47/($C$9*D47))>0,(G47/($C$9*D47))<=3),60,IF(AND((G47/($C$9*D47))>3,(G47/($C$9*D47))<=6),80,IF(AND((G47/($C$9*D47))>6,(G47/($C$9*D47))<=10),100,IF((G47/($C$9*D47))>10,120,))))) | K47: =IF(C47="","",IF(AND(E47>0,E47<=0.5),20,IF(AND(E47>0.5,E47<=0.75),25,IF(AND(E47>0.75,E47<=1),30,IF(AND(E47>1,E47<=1.5),35,IF(E47>1.5,40)))))) | L47: =IF(C47="","",IF(AND(H47>=1,H47<=5),20,IF(AND(H47>=6,H47<=10),30,IF(H47>=11,40,)))) | M47: =+IF(C47="","",(F47*(J47+K47+L47)/100)-I47)
F51: activo corriemte | G51: 102730148
F52: pasivo corriente | G52: 0 | H52: =G51/G52 -> #DIV/0!

Sheet 2
B2: ALCALDIA LOCAL DE KENNEDY
B4: ='DATOS INICIALES'!G4 -> FDLK-CMA-003-2024
B6: Ciudad | C6: BOGOTÁ D.C | D6: Fecha de Evaluación | G6: Fecha de Cierre | H6: 44902
B7: DATOS GENERALES | J7: VALOR MINIMO A CERTIFICAR
B8: OBJETO DE LA CONVOCATORIA | C8: ='DATOS INICIALES'!D2 -> REALIZAR LA INTERVENTORÍA TÉCNICA, ADMINISTRATIVA, FINANCIERA, JURÍDICA, AMBIENTAL, SOCIAL Y DE SEGURIDAD Y SALUD EN EL TRABAJO AL CONTRATO DE OBRA PÚBLICA RESULTANTE DEL PROCESO DE LICITACIÓN PÚBLICA No. FDLK-LP-013-2024 CUYO OBJETO ES: CONTRATAR POR EL SISTEMA DE PRECIOS UNITARIOS A MONTO AGOTABLE EL DIAGNÓSTICO, MANTENIMIENTO CORRECTIVO Y PREVENTIVO, SUMINISTRO E INSTALACION DE MOBILIARIO DE LOS PARQUES DE PROXIMIDAD (VECINALES Y DE BOLSILLO) PRIORIZADOS EN LA LOCALIDAD DE KENNEDY | J8: DE 1 HASTA 4, 5 ó 6 | K8: 1 | L8: =K8*$C$10 -> 405.24573
B9: VALOR DEL PROCESO EN PESOS | C9: =+'DATOS INICIALES'!C5 -> 526819451
B10: VALOR DEL PROCESO EN SMMLV | C10: =C9/'DATOS INICIALES'!B9 -> 405.24573
A11: 2 | B11: PROPONENTE | C11: =VLOOKUP(A11,PROPONENTES!A10:B46,2,FALSE) -> VELNEC S.A. | H11: CONCEPTO FINAL | I11: =IF(AND(F20="CUMPLE",G20="CUMPLE",H20="CUMPLE",L14="CUMPLE",D74="CUMPLE",K16="CUMPLE"),"CUMPLE","NO CUMPLE") -> CUMPLE
B13: ACREDITACIÓN DE EXPERIENCIA FIGURA ASOCIATIVA | I13: TOTAL CONTRATOS VÁLIDOS | J13: VALOR TOTAL A ACREDITAR (SMMLV) | K13: VALOR TOTAL ACREDITADO (SMMLV) | L13: CONCEPTO
B14: MIEMBRO UNICO O INTEGRANTES DEL CONSORCIO O UNION TEMPORAL. | C14: INTEGRANTE | D14: % PARTICIPACIÓN | E14: EXPERIENCIA TOTAL APORTADA | F14: ¿AL MENOS UNO APORTA EL 50% DE EXPERIENCIA? | G14: ¿APORTA MÍNIMO EL 5% DE EXPERIENCIA? | H14: SI NO APORTA ¿TIENE COMO MAXIMO EL 10% DE PARTICIPACIÓN? | I14: =COUNTIF(D68:I68,"CUMPLE") -> 3 | J14: =+L8 -> 405.24573 | K14: =+E20 -> 3397.61 | L14: =IF(K14>=J14,"CUMPLE","NO CUMPLE") -> CUMPLE
C15: =IF(VLOOKUP(C11,PROPONENTES!B10:N46,2,FALSE)=0,"",VLOOKUP(C11,PROPONENTES!B10:N46,2,FALSE)) -> VELNEC S.A. | D15: =IF(VLOOKUP(C11,PROPONENTES!B10:N46,3,FALSE)=0,"",VLOOKUP(C11,PROPONENTES!B10:N46,3,FALSE)) -> 1 | E15: =IF(C15="","",IF($D$68="CUMPLE",IF(C15=$D$24,$D$39)+IF(C15=$D$25,$D$42)+IF(C15=$D$26,$D$45))+IF($E$68="CUMPLE",IF(C15=$E$24,$E$39)+IF(C15=$E$25,$E$42)+IF(C15=$E$26,$E$45))+IF($F$68="CUMPLE",IF(C15=$F$24,$F$39)+IF(C15=$F$25,$F$42)+IF(C15=$F$26,$F$45))+IF($G$68="CUMPLE",IF(C15=$G$24,$G$39)+IF(C15=$G$25,$G$42)+IF(C15=$G$26,$G$45))+IF($H$68="CUMPLE",IF(C15=$H$24,$H$39)+IF(C15=$H$25,$H$42)+IF(C15=$H$26,$H$45))+IF($I$68="CUMPLE",IF(C15=$I$24,$I$39)+IF(C15=$I$25,$I$42)+IF(C15=$I$26,$I$45))+IF($J$68="CUMPLE",IF(C15=$J$24,$J$39)+IF(C15=$J$25,$J$42)+IF(C15=$J$26,$J$45))) -> 3397.61 | F15: =IF(C15="","",IF(E15>=$J$14*0.5,"SI","NO")) -> SI | G15: =IF(C15="","",IF(E15>=$J$14*0.05,"SI",IF(E15=0,"NO APORTA EXPERIENCIA",))) -> SI | H15: =IF(C15="","",IF(AND(G15="NO APORTA EXPERIENCIA",D15<=10%),"SI",IF(G15="SI","NO APLICA","NO - PORCENTAJE MAYOR AL 10%"))) -> NO APLICA | I15: EXP. ESPECIFICA ACREDITADA 2 CONTRATOS (SMMLV) | J15: EXP. ESPECIFICA SOLICITADA (SMMLV) | K15: CONCEPTO | L15: VALOR PROMEDIO DE CONTRATOS VALIDOS
C16: =IF(VLOOKUP(C11,PROPONENTES!B10:N46,4,FALSE)=0,"",VLOOKUP(C11,PROPONENTES!B10:N46,4,FALSE)) | D16: =IF(VLOOKUP(C11,PROPONENTES!B10:N46,5,FALSE)=0,"",VLOOKUP(C11,PROPONENTES!B10:N46,5,FALSE)) | E16: =IF(C16="","",IF($D$68="CUMPLE",IF(C16=$D$24,$D$39)+IF(C16=$D$25,$D$42)+IF(C16=$D$26,$D$45))+IF($E$68="CUMPLE",IF(C16=$E$24,$E$39)+IF(C16=$E$25,$E$42)+IF(C16=$E$26,$E$45))+IF($F$68="CUMPLE",IF(C16=$F$24,$F$39)+IF(C16=$F$25,$F$42)+IF(C16=$F$26,$F$45))+IF($G$68="CUMPLE",IF(C16=$G$24,$G$39)+IF(C16=$G$25,$G$42)+IF(C16=$G$26,$G$45))+IF($H$68="CUMPLE",IF(C16=$H$24,$H$39)+IF(C16=$H$25,$H$42)+IF(C16=$H$26,$H$45))+IF($I$68="CUMPLE",IF(C16=$I$24,$I$39)+IF(C16=$I$25,$I$42)+IF(C16=$I$26,$I$45))+IF($J$68="CUMPLE",IF(C16=$J$24,$J$39)+IF(C16=$J$25,$J$42)+IF(C16=$J$26,$J$45))) | F16: =IF(C16="","",IF(E16>=$J$14*0.5,"SI","NO")) | G16: =IF(C16="","",IF(E16>=$J$14*0.05,"SI",IF(E16=0,"NO APORTA EXPERIENCIA",))) | H16: =IF(C16="","",IF(AND(G16="NO APORTA EXPERIENCIA",D16<=10%),"SI",IF(G16="SI","NO APLICA","NO - PORCENTAJE MAYOR AL 5%"))) | I16: =SUMIF(D69:J69,"CUMPLE",D39:J39)+SUMIF(D69:J69,"CUMPLE",D42:J42)+SUMIF(D69:J69,"CUMPLE",D45:J45) -> 2379.14 | J16: =+L8*0.7 -> 283.67201 | K16: =IF(I16>=J16,"CUMPLE","NO CUMPLE") -> CUMPLE | L16: =AVERAGEIF(D68:J68,"CUMPLE",D46:J46) -> 1132.5367
C17: =IF(VLOOKUP(C11,PROPONENTES!B10:N46,6,FALSE)=0,"",VLOOKUP(C11,PROPONENTES!B10:N46,6,FALSE)) | D17: =IF(VLOOKUP(C11,PROPONENTES!B10:N46,7,FALSE)=0,"",VLOOKUP(C11,PROPONENTES!B10:N46,7,FALSE)) | E17: =IF(C17="","",IF($D$68="CUMPLE",IF(C17=$D$24,$D$39)+IF(C17=$D$25,$D$42)+IF(C17=$D$26,$D$45))+IF($E$68="CUMPLE",IF(C17=$E$24,$E$39)+IF(C17=$E$25,$E$42)+IF(C17=$E$26,$E$45))+IF($F$68="CUMPLE",IF(C17=$F$24,$F$39)+IF(C17=$F$25,$F$42)+IF(C17=$F$26,$F$45))+IF($G$68="CUMPLE",IF(C17=$G$24,$G$39)+IF(C17=$G$25,$G$42)+IF(C17=$G$26,$G$45))+IF($H$68="CUMPLE",IF(C17=$H$24,$H$39)+IF(C17=$H$25,$H$42)+IF(C17=$H$26,$H$45))+IF($I$68="CUMPLE",IF(C17=$I$24,$I$39)+IF(C17=$I$25,$I$42)+IF(C17=$I$26,$I$45))+IF($J$68="CUMPLE",IF(C17=$J$24,$J$39)+IF(C17=$J$25,$J$42)+IF(C17=$J$26,$J$45))) | F17: =IF(C17="","",IF(E17>=$J$14*0.5,"SI","NO")) | G17: =IF(C17="","",IF(E17>=$J$14*0.05,"SI",IF(E17=0,"NO APORTA EXPERIENCIA",))) | H17: =IF(C17="","",IF(AND(G17="NO APORTA EXPERIENCIA",D17<=10%),"SI",IF(G17="SI","NO APLICA","NO - PORCENTAJE MAYOR AL 5%")))
C18: =IF(VLOOKUP(C11,PROPONENTES!B10:N46,8,FALSE)=0,"",VLOOKUP(C11,PROPONENTES!B10:N46,8,FALSE)) | D18: =IF(VLOOKUP(C11,PROPONENTES!B10:N46,9,FALSE)=0,"",VLOOKUP(C11,PROPONENTES!B10:N46,9,FALSE)) | E18: =IF(C18="","",IF($D$68="CUMPLE",IF(C18=$D$24,$D$39)+IF(C18=$D$25,$D$42)+IF(C18=$D$26,$D$45))+IF($E$68="CUMPLE",IF(C18=$E$24,$E$39)+IF(C18=$E$25,$E$42)+IF(C18=$E$26,$E$45))+IF($F$68="CUMPLE",IF(C18=$F$24,$F$39)+IF(C18=$F$25,$F$42)+IF(C18=$F$26,$F$45))+IF($G$68="CUMPLE",IF(C18=$G$24,$G$39)+IF(C18=$G$25,$G$42)+IF(C18=$G$26,$G$45))+IF($H$68="CUMPLE",IF(C18=$H$24,$H$39)+IF(C18=$H$25,$H$42)+IF(C18=$H$26,$H$45))+IF($I$68="CUMPLE",IF(C18=$I$24,$I$39)+IF(C18=$I$25,$I$42)+IF(C18=$I$26,$I$45))+IF($J$68="CUMPLE",IF(C18=$J$24,$J$39)+IF(C18=$J$25,$J$42)+IF(C18=$J$26,$J$45))) | F18: =IF(C18="","",IF(E18>=$J$14*0.5,"SI","NO")) | G18: =IF(C18="","",IF(E18>=$J$14*0.05,"SI",IF(E18=0,"NO APORTA EXPERIENCIA",))) | H18: =IF(C18="","",IF(AND(G18="NO APORTA EXPERIENCIA",D18<=10%),"SI",IF(G18="SI","NO APLICA","NO - PORCENTAJE MAYOR AL 5%")))
C19: =IF(VLOOKUP(C11,PROPONENTES!B10:N46,10,FALSE)=0,"",VLOOKUP(C11,PROPONENTES!B10:N46,10,FALSE)) | D19: =IF(VLOOKUP(C11,PROPONENTES!B10:N46,11,FALSE)=0,"",VLOOKUP(C11,PROPONENTES!B10:N46,11,FALSE)) | E19: =IF(C19="","",IF($D$68="CUMPLE",IF(C19=$D$24,$D$39)+IF(C19=$D$25,$D$42)+IF(C19=$D$26,$D$45))+IF($E$68="CUMPLE",IF(C19=$E$24,$E$39)+IF(C19=$E$25,$E$42)+IF(C19=$E$26,$E$45))+IF($F$68="CUMPLE",IF(C19=$F$24,$F$39)+IF(C19=$F$25,$F$42)+IF(C19=$F$26,$F$45))+IF($G$68="CUMPLE",IF(C19=$G$24,$G$39)+IF(C19=$G$25,$G$42)+IF(C19=$G$26,$G$45))+IF($H$68="CUMPLE",IF(C19=$H$24,$H$39)+IF(C19=$H$25,$H$42)+IF(C19=$H$26,$H$45))+IF($I$68="CUMPLE",IF(C19=$I$24,$I$39)+IF(C19=$I$25,$I$42)+IF(C19=$I$26,$I$45))+IF($J$68="CUMPLE",IF(C19=$J$24,$J$39)+IF(C19=$J$25,$J$42)+IF(C19=$J$26,$J$45))) | F19: =IF(C19="","",IF(E19>=$J$14*0.5,"SI","NO")) | G19: =IF(C19="","",IF(E19>=$J$14*0.05,"SI",IF(E19=0,"NO APORTA EXPERIENCIA",))) | H19: =IF(C19="","",IF(AND(G19="NO APORTA EXPERIENCIA",D19<=10%),"SI",IF(G19="SI","NO APLICA","NO - PORCENTAJE MAYOR AL 5%")))
B20: TOTAL | C20: =+VLOOKUP(C11,PROPONENTES!B10:N46,12,FALSE) -> 1 | D20: =+VLOOKUP(C11,PROPONENTES!B10:N46,13,FALSE) -> 1 | E20: =SUM(E15:E19) -> 3397.61 | F20: =IF(F15="SI","CUMPLE",IF(F16="SI","CUMPLE",IF(F17="SI","CUMPLE",IF(F18="SI","CUMPLE",IF(F19="SI","CUMPLE","NO CUMPLE"))))) -> CUMPLE | G20: =+IF(COUNTIF(E15:E19,0)>1,"NO CUMPLE, HAY MAS DE UN (1) INTEGRANTE QUE NO APORTA EXPERIENCIA",IF(AND(OR(G15="NO APORTA EXPERIENCIA",G15="SI",G15=""),OR(G16="NO APORTA EXPERIENCIA",G16="SI",G16=""),OR(G17="NO APORTA EXPERIENCIA",G17="SI",G17=""),OR(G18="NO APORTA EXPERIENCIA",G18="SI",G18=""),OR(G19="NO APORTA EXPERIENCIA",G19="SI",G19="")),"CUMPLE","NO CUMPLE")) -> CUMPLE | H20: =IF(COUNTIF(E15:E19,0)>1,"NO CUMPLE, HAY MAS DE UN (1) INTEGRANTE QUE NO APORTA EXPERIENCIA",IF(AND(OR(H15="NO APLICA",H15="SI",H15=""),OR(H16="NO APLICA",H16="SI",H16=""),OR(H17="NO APLICA",H17="SI",H17=""),OR(H18="NO APLICA",H18="SI",H18=""),OR(H19="NO APLICA",H19="SI",H19="")),"CUMPLE","NO CUMPLE")) -> CUMPLE | I20: EMPRENDIMIENTO MUJER | J20: =IF(VLOOKUP(C11,PUNTAJE!B15:AD109,25,FALSE)=0.25,"SI","NO") -> SI | K20: MIPYME | L20: =IF(VLOOKUP(C11,PUNTAJE!B15:AD109,29,FALSE)=0.25,"SI","NO") -> SI
B22: =CONCATENATE("ACREDITACION EXPERIENCIA ",'DATOS INICIALES'!G4) -> ACREDITACION EXPERIENCIA FDLK-CMA-003-2024
B23: NÚMERO DE CERTIFICACIONES | C23: Máximo 5, 6 o 7 contratos | D23: CONTRATO No. 1 | E23: CONTRATO No. 2 | F23: CONTRATO No. 3 | G23: CONTRATO No. 4 | H23: CONTRATO No. 5 | I23: CONTRATO No. 6 | K23: OBSERVACIONES
B24: INTEGRANTE 1 DEL CONTRATO APORTADO | D24: VELNEC S.A. | E24: VELNEC S.A. | F24: VELNEC S.A. | G24: VELNEC S.A.
B25: INTEGRANTE 2 DEL CONTRATO APORTADO
B26: INTEGRANTE 3 DEL CONTRATO APORTADO
B27: DATOS DEL CONTRATO | C27: N° del contrato y año de suscripción | D27: 044 DE 2009 | E27: BM-250-2004 | F27: 1275-09 | G27: 4600076260 DE 2018
C28: Objeto | D28: INTERVENTORÍA TÉCNICA, ADMINISTRATIVA, FINANCIERA, LEGAL, SOCIAL Y AMBIENTAL PARA LA IMPLANTACIÓN Y CONSTRUCCIÓN DE OBRAS DE ESPACIO PÚBLICO PARA EL PROYECTO CÓDIGO 412 DEL ACUERDO 180 DE 2005 DE VALORIZACIÓN, EN BOGOTA D.C. | E28: INTERVENTORÍA TÉCNICA, ADMINISTRATIVA, FINANCIERA, SOCIAL Y AMBIENTAL PARA LA CONSTRUCCIÓN, REHABILITACIÓN Y CONSERVACIÓN DE VÍAS PARA RUTAS ALIMENTADORAS DEL SISTEMA TRANSMILENIO ZONA 4, GRUPO 1 EN BOGOTÁ D.C. | F28: INTERVENTORÍA TÉCNICA, ADMINISTRATIVA Y FINANCIERA PARA LAS OBRAS DE ADECUACIÓN, CONSTRUCCIÓN Y DOTACIÓN DE PARQUES EN EL MUNICIPIO DE BARRANCABERMEJA. | G28: INTERVENTORÍA AL MEJORAMIENTO DE LA MOVILIDAD PEATONAL EN LAS TRANSVERSALES INFERIOR (CARRERA 32-34) Y SUPERIOR (DIAGONAL 25 - CARRERA 25-25B) INTERVINIENDOSE LA SECCIONAL VIAL.
C29: Fecha de iniciación del contrato. (dd/mm/aaaa) | D29: 40137 | E29: 39062 | F29: 40176 | G29: 43353
C30: Fecha de terminación del contrato. (dd/mm/aaaa) | D30: 40675 | E30: 40476 | F30: 40312 | G30: 43625
C31: Año de terminación para convertir en SMMLV | D31: 2011 | E31: 2010 | F31: 2010 | G31: 2019
C32: Nombre o razón social del contratante | D32: IDU | E32: IDU | F32: ALCALDIA DE BARRANCABERMEJA | G32: ALCALDIA DE MEDELLIN
C33: Nombre o razón social del contratista | D33: VELNEC S.A. | E33: VELNEC S.A. | F33: VELNEC S.A. | G33: VELNEC S.A.
C34: No. Consecutivo RUP | D34: 46 | E34: 1 | F34: 77 | G34: 167
C35: Valor final del contrato en SMMLV reportado en el RUP | D35: 2379.14 | E35: 4657.56 | F35: 200.6 | G35: 817.87
C36: Valor final contrato en pesos | D36: =IFERROR(D35*VLOOKUP(D31,'DATOS INICIALES'!$A$12:$B$43,2,0),"0") -> 1274267384 | E36: =IFERROR(E35*VLOOKUP(E31,'DATOS INICIALES'!$A$12:$B$43,2,0),"0") -> 2398643400 | F36: =IFERROR(F35*VLOOKUP(F31,'DATOS INICIALES'!$A$12:$B$43,2,0),"0") -> 103309000 | G36: =IFERROR(G35*VLOOKUP(G31,'DATOS INICIALES'!$A$12:$B$43,2,0),"0") -> 6.7729123e+08 | H36: =IFERROR(H35*VLOOKUP(H31,'DATOS INICIALES'!$A$12:$B$43,2,0),"0") -> 0 | I36: =IFERROR(I35*VLOOKUP(I31,'DATOS INICIALES'!$A$12:$B$43,2,0),"0") -> 0 | J36: =IFERROR(J35*VLOOKUP(J31,'DATOS INICIALES'!$A$12:$B$43,2,0),"0") -> 0
C37: Porcentaje de Participación INTEGRANTE 1 | D37: 1 | E37: 1 | F37: 1 | G37: 1
C38: Valor final según porcentaje de participación INTEGRANTE 1 EN PESOS | D38: =IF(D24="","0",D37*D36) -> 1274267384 | E38: =IF(E24="","0",E37*E36) -> 2398643400 | F38: =IF(F24="","0",F37*F36) -> 103309000 | G38: =IF(G24="","0",G37*G36) -> 6.7729123e+08 | H38: =IF(H24="","0",H37*H36) -> 0 | I38: =IF(I24="","0",I37*I36) -> 0 | J38: =IF(J24="","0",J37*J36) -> 0
C39: Valor final según porcentaje de participación INTEGRANTE 1 en SMMLV | D39: =IFERROR(D35*D37,"0") -> 2379.14 | E39: =IFERROR(E35*E37,"0") -> 4657.56 | F39: =IFERROR(F35*F37,"0") -> 200.6 | G39: =IFERROR(G35*G37,"0") -> 817.87 | H39: =IFERROR(H35*H37,"0") -> 0 | I39: =IFERROR(I35*I37,"0") -> 0 | J39: =IFERROR(J35*J37,"0") -> 0
C40: Porcentaje de Participación INTEGRANTE 2
C41: Valor final según porcentaje de participación INTEGRANTE 2 EN PESOS | D41: =IF(D25="","0",D40*D36) -> 0 | E41: =IF(E25="","0",E40*E36) -> 0 | F41: =IF(F25="","0",F40*F36) -> 0 | G41: =IF(G25="","0",G40*G36) -> 0 | H41: =IF(H25="","0",H40*H36) -> 0 | I41: =IF(I25="","0",I40*I36) -> 0 | J41: =IF(J25="","0",J40*J36) -> 0
C42: Valor final según porcentaje de participación INTEGRANTE 2 en SMMLV | D42: =IF(D25="",0,D35*D40) -> 0 | E42: =IF(E25="",0,E35*E40) -> 0 | F42: =IF(F25="",0,F35*F40) -> 0 | G42: =IF(G25="",0,G35*G40) -> 0 | H42: =IF(H25="",0,H35*H40) -> 0 | I42: =IF(I25="",0,I35*I40) -> 0 | J42: =IF(J25="",0,J35*J40) -> 0
C43: Porcentaje de Participación INTEGRANTE 3
C44: Valor final según porcentaje de participación INTEGRANTE 3 EN PESOS | D44: =IF(D26="","0",D43*D36) -> 0 | E44: =IF(E26="","0",E43*E36) -> 0 | F44: =IF(F26="","0",F43*F36) -> 0 | G44: =IF(G26="","0",G43*G36) -> 0 | H44: =IF(H26="","0",H43*H36) -> 0 | I44: =IF(I26="","0",I43*I36) -> 0 | J44: =IF(J26="","0",J43*J36) -> 0
C45: Valor final según porcentaje de participación INTEGRANTE 3 en SMMLV | D45: =IF(D26="",0,D35*D43) -> 0 | E45: =IF(E26="",0,E35*E43) -> 0 | F45: =IF(F26="",0,F35*F43) -> 0 | G45: =IF(G26="",0,G35*G43) -> 0 | H45: =IF(H26="",0,H35*H43) -> 0 | I45: =IF(I26="",0,I35*I43) -> 0 | J45: =IF(J26="",0,J35*J43) -> 0
C46: VALOR TOTAL ACREDITADO POR CONTRATO | D46: =+D39+D42+D45 -> 2379.14 | E46: =+E39+E42+E45 -> 4657.56 | F46: =+F39+F42+F45 -> 200.6 | G46: =+G39+G42+G45 -> 817.87 | H46: =+H39+H42+H45 -> 0 | I46: =+I39+I42+I45 -> 0 | J46: =+J39+J42+J45 -> 0
B47: REGISTRO UNICO DE PROPONENTES | C47: ¿RUP vigente y en firme antes del cierre del proceso? | D47: CUMPLE | E47: CUMPLE | F47: CUMPLE | G47: CUMPLE
B48: CODIGO CIIU | C48: =+'DATOS INICIALES'!D22 -> 81141500 | D48: SI | E48: SI | F48: SI | G48: SI
C49: =+'DATOS INICIALES'!D23 -> 80101500 | D49: SI | E49: SI | F49: SI | G49: SI
C50: =+'DATOS INICIALES'!D24 -> 80101600 | D50: SI | E50: SI | F50: SI | G50: SI
C51: =+'DATOS INICIALES'!D25 -> 81101500 | D51: SI | E51: SI | F51: SI | G51: SI
C52: =+'DATOS INICIALES'!D26 -> 0
C53: =+'DATOS INICIALES'!D27 -> 0
C55: ¿El contrato se encuentra clasificado en alguno de los anteriores códigos? | D55: =IF(D24="","N/A",IF(D48="SI","CUMPLE",IF(D49="SI","CUMPLE",IF(D50="SI","CUMPLE",IF(D51="SI","CUMPLE",IF(D52="SI","CUMPLE",IF(D53="SI","CUMPLE",IF(D54="SI","CUMPLE","NO CUMPLE")))))))) -> CUMPLE | E55: =IF(E24="","N/A",IF(E48="SI","CUMPLE",IF(E49="SI","CUMPLE",IF(E50="SI","CUMPLE",IF(E51="SI","CUMPLE",IF(E52="SI","CUMPLE",IF(E53="SI","CUMPLE",IF(E54="SI","CUMPLE","NO CUMPLE")))))))) -> CUMPLE | F55: =IF(F24="","N/A",IF(F48="SI","CUMPLE",IF(F49="SI","CUMPLE",IF(F50="SI","CUMPLE",IF(F51="SI","CUMPLE",IF(F52="SI","CUMPLE",IF(F53="SI","CUMPLE",IF(F54="SI","CUMPLE","NO CUMPLE")))))))) -> CUMPLE | G55: =IF(G24="","N/A",IF(G48="SI","CUMPLE",IF(G49="SI","CUMPLE",IF(G50="SI","CUMPLE",IF(G51="SI","CUMPLE",IF(G52="SI","CUMPLE",IF(G53="SI","CUMPLE",IF(G54="SI","CUMPLE","NO CUMPLE")))))))) -> CUMPLE | H55: =IF(H24="","N/A",IF(H48="SI","CUMPLE",IF(H49="SI","CUMPLE",IF(H50="SI","CUMPLE",IF(H51="SI","CUMPLE",IF(H52="SI","CUMPLE",IF(H53="SI","CUMPLE",IF(H54="SI","CUMPLE","NO CUMPLE")))))))) -> N/A | I55: =IF(I24="","N/A",IF(I48="SI","CUMPLE",IF(I49="SI","CUMPLE",IF(I50="SI","CUMPLE",IF(I51="SI","CUMPLE",IF(I52="SI","CUMPLE",IF(I53="SI","CUMPLE",IF(I54="SI","CUMPLE","NO CUMPLE")))))))) -> N/A | J55: =IF(J24="","N/A",IF(J48="SI","CUMPLE",IF(J49="SI","CUMPLE",IF(J50="SI","CUMPLE",IF(J51="SI","CUMPLE",IF(J52="SI","CUMPLE",IF(J53="SI","CUMPLE",IF(J54="SI","CUMPLE","NO CUMPLE")))))))) -> N/A
B56: PROYECTOS QUE CORRESPONDAN O HAYAN CONTENIDO UNA O ALGUNAS DE LAS SIGUIENTES ACTIVIDADES: - INTERVENTORÍA A CONSTRUCCIÓN Y/O RECONSTRUCCIÓN Y/O AMPLIACIÓN Y/O TERMINACIÓN Y/O REHABILITACIÓN Y/O MEJORAMIENTO Y/O MANTENIMIENTO Y/O ADECUACIÓN DE PARQUES - INTERVENTORÍA A CONSTRUCCIÓN Y/O RECONSTRUCCIÓN Y/O AMPLIACIÓN Y/O TERMINACIÓN Y/O REHABILITACIÓN Y/O MEJORAMIENTO Y/O MANTENIMIENTO Y/O ADECUACIÓN DE ESPACIO PÚBLICO Nota 1: Para el caso de experiencia de ESPACIO PÚBLICO se excluyen de estos las vías destinadas al tránsito vehicular, así como la INTERVENTORÍA A conservación y/o preservación de playas marítimas. Nota 2: En el caso en el cual el proceso de selección contemple actividades de dotación de mobiliario, la experiencia válida aportada deberá acreditar en por lo menos uno (1) de los contratos actividades de INTERVENTORÍA A suministro e instalación de mobiliario. | D56: CUMPLE | E56: NO CUMPLE | F56: CUMPLE | G56: CUMPLE | K56: En relación a la Nota 1: Para el caso de experiencia de ESPACIO PÚBLICO se excluyen de estos las vías destinadas al tránsito vehicular, por lo anterior el contrato BM-250-2004 no cumple
D57: CUMPLE | E57: CUMPLE | F57: CUMPLE | G57: CUMPLE
D58: CUMPLE | E58: CUMPLE | F58: CUMPLE | G58: CUMPLE
D59: CUMPLE | E59: CUMPLE | F59: CUMPLE | G59: CUMPLE
D60: CUMPLE | E60: CUMPLE | F60: CUMPLE | G60: CUMPLE
B61: D. Estar relacionados en el Formato 3 – Experiencia. Los Proponentes Plurales deben indicar qué integrante aporta cada uno de los contratos señalados en el Formato 3 – Experiencia. Este documento debe presentarlo el Proponente Plural y no sus integrantes. El Formato 3 -Experiencia deberá aportarse diligenciado en formato Excel. | D61: CUMPLE | E61: CUMPLE | F61: CUMPLE | G61: CUMPLE
B62: E. Los contratos acreditados deben haber terminado antes de la fecha de cierre del presente Proceso de Contratación. | D62: CUMPLE | E62: CUMPLE | F62: CUMPLE | G62: CUMPLE
B63: F. Para los contratos que sean aportados por personas jurídicas que no cuentan con más de tres (3) años de constituidas y pretendan acreditar la experiencia de sus socios, accionistas o constituyentes, en los términos establecidos en el numeral 2.5 del artículo 2.2.1.1.1.5.2. del Decreto 1082 de 2015, además del Registro Único de Proponentes (RUP), deben adjuntar un documento suscrito por el representante legal y el revisor fiscal o contador público (según corresponda) donde se indique la conformación de la persona jurídica. La Entidad tendrá en cuenta la experiencia de los accionistas, socios o constituyentes de las sociedades con menos de tres (3) años de constituidas. Pasado este tiempo, la sociedad conservará esta experiencia, tal y como haya quedado registrada en el RUP. | D63: N/A | E63: N/A | F63: N/A | G63: N/A
B64: 10.1.5 DOCUMENTOS VÁLIDOS PARA LA ACREDITACIÓN DE LA EXPERIENCIA REQUERIDA A. Acta de liquidación y/o recibo final del contrato de interventoría. B. Acta de liquidación y/o recibo final del Contrato de Obra al cual se le realizó la interventoría, en la cual se puede verificar las actividades ejecutadas y el alcance de las mismas. C. Acta de entrega, terminación, final o de recibo definitivo; en los cuales se pueda verificar la participación del Proponente como Interventor. D. Certificación de experiencia. Expedida con posterioridad a la fecha de terminación del contrato en la que conste la información de la interventoría a la obra contratada debidamente suscrita por quien esté en capacidad u obligación de hacerlo en la Entidad contratante. E. Acta de Inicio o la orden de inicio. La misma solo será válida para efectos de acreditar la fecha de inicio. F. Los contratos que hayan sido objeto de cesión deberán encontrarse debidamente inscritos y clasificados en el Registro Único de Proponentes (RUP) o en uno o alguno de los documentos considerados como válidos para la acreditación de experiencia del cesionario, según aplique. La experiencia se admitirá para el cesionario y no se reconocerá experiencia alguna al cedente. | D64: CUMPLE | E64: CUMPLE | F64: CUMPLE | G64: CUMPLE
B65: Para efectos de acreditación de experiencia con particulares, el Proponente deberá aportar, además, la certificación de facturación expedida con posterioridad a la fecha de terminación del contrato emitida por el revisor fiscal o contador público del Proponente que demuestre la experiencia, según corresponda, con la copia de la tarjeta profesional y el certificado de antecedente disciplinarios vigente, emitido por la Junta Central de Contadores, o los documentos equivalentes que hagan sus veces en el país donde se expide el documento del profesional. | D65: N/A | E65: N/A | F65: N/A | G65: N/A
B66: 10,1,6 PARA SUBCONTRATOS Para acreditar la experiencia de subcontratos, cuyo contrato principal fue suscrito con particulares, se aplicarán las disposiciones establecidas en el numeral anterior. Para acreditar la experiencia de contratos derivados de contratos suscritos con Entidades Estatales el Proponente deberá aportar los documentos que se enlistan a continuación: A. Certificación del subcontrato. Certificación expedida con posterioridad a la fecha de terminación del subcontrato, la cual deberá estar suscrita por el representante legal del contratista del contrato principal, del Concesionario, o del EPC o Consorcio Constructor. Así mismo, debe contener la información requerida en el Pliego de Condiciones para efectos de la acreditación de la experiencia. B. Certificación expedida por la Entidad Estatal del contrato principal del cual se derivó el subcontrato. Esta certificación debe contener la información básica del contrato principal y la siguiente: I. Alcance de las actividades de consultoría en el contrato principal. II. Información en la cual se evidencie que la figura de la subcontratación es permitida en el marco del contrato principal. En caso de que no requiera autorización para subcontratar, el Proponente podrá aportar con su propuesta alguno de los siguientes documentos que den cuenta de esa circunstancia: i) copia del contrato o ii) certificación emitida por la Entidad Estatal, donde acredite que para subcontratar no se requería autorización. La información solicitada en el literal B únicamente se exige en relación con el contrato principal suscrito con la Entidad Estatal. | D66: N/A | E66: N/A | F66: N/A | G66: N/A
B67: 10.1.4 ACREDITACIÓN DE LA EXPERIENCIA REQUERIDA Los Proponentes acreditarán para cada uno de los contratos aportados la siguiente información, mediante alguno de los documentos señalados en la sección 10.1.5 del Pliego de Condiciones: I. Contratante. II. Objeto del contrato. III. Principales actividades ejecutadas. IV. Las longitudes, volúmenes, dimensiones, tipologías y demás condiciones de experiencia establecidas en la “Matriz 1 – Experiencia” a la cual se realizó la consultoría, si aplica. V. La fecha de iniciación de la ejecución del contrato. VI. La fecha de terminación de la ejecución del contrato. VII. Nombre y cargo de la persona que expide la certificación. VIII. El porcentaje de participación del integrante del contratista plural, el cual corresponderá con el registrado en el RUP, o en alguno de los documentos válidos para la acreditación de experiencia en caso de que el integrante no esté obligado a tener RUP. IX. Valor total ejecutado. Tratándose de personas obligadas a tener RUP el valor ejecutado o facturado se tomará del valor registrado en el RUP. | D67: CUMPLE | E67: CUMPLE | F67: CUMPLE | G67: CUMPLE
B68: CONCEPTO POR CONTRATO | D68: =IF(D24="","N/A",IF(AND(D47="CUMPLE",D55="CUMPLE",D56="CUMPLE",D61="CUMPLE",D62="CUMPLE",OR(D63="CUMPLE",D63="N/A"),D64="CUMPLE",OR(D65="CUMPLE",D65="N/A"),D67="CUMPLE",OR(D66="CUMPLE",D66="N/A")),"CUMPLE","NO CUMPLE")) -> CUMPLE | E68: =IF(E24="","N/A",IF(AND(E47="CUMPLE",E55="CUMPLE",E56="CUMPLE",E61="CUMPLE",E62="CUMPLE",OR(E63="CUMPLE",E63="N/A"),E64="CUMPLE",OR(E65="CUMPLE",E65="N/A"),E67="CUMPLE",OR(E66="CUMPLE",E66="N/A")),"CUMPLE","NO CUMPLE")) -> NO CUMPLE | F68: =IF(F24="","N/A",IF(AND(F47="CUMPLE",F55="CUMPLE",F56="CUMPLE",F61="CUMPLE",F62="CUMPLE",OR(F63="CUMPLE",F63="N/A"),F64="CUMPLE",OR(F65="CUMPLE",F65="N/A"),F67="CUMPLE",OR(F66="CUMPLE",F66="N/A")),"CUMPLE","NO CUMPLE")) -> CUMPLE | G68: =IF(G24="","N/A",IF(AND(G47="CUMPLE",G55="CUMPLE",G56="CUMPLE",G61="CUMPLE",G62="CUMPLE",OR(G63="CUMPLE",G63="N/A"),G64="CUMPLE",OR(G65="CUMPLE",G65="N/A"),G67="CUMPLE",OR(G66="CUMPLE",G66="N/A")),"CUMPLE","NO CUMPLE")) -> CUMPLE | H68: =IF(H24="","N/A",IF(AND(H47="CUMPLE",H55="CUMPLE",H56="CUMPLE",H61="CUMPLE",H62="CUMPLE",OR(H63="CUMPLE",H63="N/A"),H64="CUMPLE",OR(H65="CUMPLE",H65="N/A"),H67="CUMPLE",OR(H66="CUMPLE",H66="N/A")),"CUMPLE","NO CUMPLE")) -> N/A | I68: =IF(I24="","N/A",IF(AND(I47="CUMPLE",I55="CUMPLE",I56="CUMPLE",I61="CUMPLE",I62="CUMPLE",OR(I63="CUMPLE",I63="N/A"),I64="CUMPLE",OR(I65="CUMPLE",I65="N/A"),I67="CUMPLE",OR(I66="CUMPLE",I66="N/A")),"CUMPLE","NO CUMPLE")) -> N/A | J68: =IF(J24="","N/A",IF(AND(J47="CUMPLE",J55="CUMPLE",J56="CUMPLE",J61="CUMPLE",J62="CUMPLE",OR(J63="CUMPLE",J63="N/A"),J64="CUMPLE",OR(J65="CUMPLE",J65="N/A"),J67="CUMPLE",OR(J66="CUMPLE",J66="N/A")),"CUMPLE","NO CUMPLE")) -> N/A
B69: EXPERIENCIA ESPECIFICA: Con la sumatoria de hasta máximo dos (2) de los contratos válidos aportados como experiencia general debe corresponder mínimo al (70%) del presupuesto oficial del presente proceso de selección. | D69: CUMPLE
B71: DOCUMENTACIÓN PERSONAL
B72: REQUISITO | D72: CONCEPTO | E72: OBSERVACIONES
B73: 3.9.2 EXIGENCIAS MÍNIMAS DE EXPERIENCIA Y FORMACIÓN ACADÉMICA DEL EQUIPO DE TRABAJO (Personal Clave Evaluable) Durante el desarrollo del Proceso de Contratación NO se evaluarán los soportes de los perfiles requeridos, por lo que no se solicitarán como parte de los documentos que conforman la propuesta. En tal sentido, el Proponente deberá cumplir las siguientes reglas: I. Aportar y diligenciar en forma clara, completa, correcta y legible el “Formato 8 - Aceptación y cumplimiento de la formación académica y la experiencia del personal clave evaluable”, de acuerdo con los requisitos y condiciones que allí se indican y demás señaladas en el Pliego de Condiciones y sus documentos anexos. II. l “Formato 8 – Aceptación y cumplimiento de la formación académica y la experiencia del personal clave evaluable” debe suscribirlo el Proponente persona natural, representante legal de la persona jurídica o representante del Proponente Plural. Para los fines de este numeral se entiende por Personal Clave Evaluable los siguientes perfiles: i. Un (1) Director de Interventoría ii. Un (1) Residente de Interventoría. iii. Un (1) Especialista en Geotecnia. | D73: CUMPLE
B74: CONCEPTO DOCUMENTACION PERSONAL | D74: =IF(D73="CUMPLE","CUMPLE","NO CUMPLE") -> CUMPLE

Sheet 3
B2: ALCALDIA LOCAL DE KENNEDY
B4: ='DATOS INICIALES'!G4 -> FDLK-CMA-003-2024
B6: Ciudad | C6: BOGOTÁ D.C | D6: Fecha de Evaluación | G6: Fecha de Cierre | H6: 44902
B7: DATOS GENERALES | J7: VALOR MINIMO A CERTIFICAR
B8: OBJETO DE LA CONVOCATORIA | C8: ='DATOS INICIALES'!D2 -> REALIZAR LA INTERVENTORÍA TÉCNICA, ADMINISTRATIVA, FINANCIERA, JURÍDICA, AMBIENTAL, SOCIAL Y DE SEGURIDAD Y SALUD EN EL TRABAJO AL CONTRATO DE OBRA PÚBLICA RESULTANTE DEL PROCESO DE LICITACIÓN PÚBLICA No. FDLK-LP-013-2024 CUYO OBJETO ES: CONTRATAR POR EL SISTEMA DE PRECIOS UNITARIOS A MONTO AGOTABLE EL DIAGNÓSTICO, MANTENIMIENTO CORRECTIVO Y PREVENTIVO, SUMINISTRO E INSTALACION DE MOBILIARIO DE LOS PARQUES DE PROXIMIDAD (VECINALES Y DE BOLSILLO) PRIORIZADOS EN LA LOCALIDAD DE KENNEDY | J8: DE 1 HASTA 4, 5 ó 6 | K8: 1 | L8: =K8*$C$10 -> 405.24573
B9: VALOR DEL PROCESO EN PESOS | C9: =+'DATOS INICIALES'!C5 -> 526819451
B10: VALOR DEL PROCESO EN SMMLV | C10: =C9/'DATOS INICIALES'!B9 -> 405.24573
A11: 3 | B11: PROPONENTE | C11: =VLOOKUP(A11,PROPONENTES!A10:B46,2,FALSE) -> ARQUITECTURA URBANA LTDA | H11: CONCEPTO FINAL | I11: =IF(AND(F20="CUMPLE",G20="CUMPLE",H20="CUMPLE",L14="CUMPLE",D74="CUMPLE",K16="CUMPLE"),"CUMPLE","NO CUMPLE") -> CUMPLE
B13: ACREDITACIÓN DE EXPERIENCIA FIGURA ASOCIATIVA | I13: TOTAL CONTRATOS VÁLIDOS | J13: VALOR TOTAL A ACREDITAR (SMMLV) | K13: VALOR TOTAL ACREDITADO (SMMLV) | L13: CONCEPTO
B14: MIEMBRO UNICO O INTEGRANTES DEL CONSORCIO O UNION TEMPORAL. | C14: INTEGRANTE | D14: % PARTICIPACIÓN | E14: EXPERIENCIA TOTAL APORTADA | F14: ¿AL MENOS UNO APORTA EL 50% DE EXPERIENCIA? | G14: ¿APORTA MÍNIMO EL 5% DE EXPERIENCIA? | H14: SI NO APORTA ¿TIENE COMO MAXIMO EL 10% DE PARTICIPACIÓN? | I14: =COUNTIF(D68:I68,"CUMPLE") -> 2 | J14: =+L8 -> 405.24573 | K14: =+E20 -> 1848.84 | L14: =IF(K14>=J14,"CUMPLE","NO CUMPLE") -> CUMPLE
C15: =IF(VLOOKUP(C11,PROPONENTES!B10:N46,2,FALSE)=0,"",VLOOKUP(C11,PROPONENTES!B10:N46,2,FALSE)) -> ARQUITECTURA URBANA LTDA | D15: =IF(VLOOKUP(C11,PROPONENTES!B10:N46,3,FALSE)=0,"",VLOOKUP(C11,PROPONENTES!B10:N46,3,FALSE)) -> 1 | E15: =IF(C15="","",IF($D$68="CUMPLE",IF(C15=$D$24,$D$39)+IF(C15=$D$25,$D$42)+IF(C15=$D$26,$D$45))+IF($E$68="CUMPLE",IF(C15=$E$24,$E$39)+IF(C15=$E$25,$E$42)+IF(C15=$E$26,$E$45))+IF($F$68="CUMPLE",IF(C15=$F$24,$F$39)+IF(C15=$F$25,$F$42)+IF(C15=$F$26,$F$45))+IF($G$68="CUMPLE",IF(C15=$G$24,$G$39)+IF(C15=$G$25,$G$42)+IF(C15=$G$26,$G$45))+IF($H$68="CUMPLE",IF(C15=$H$24,$H$39)+IF(C15=$H$25,$H$42)+IF(C15=$H$26,$H$45))+IF($I$68="CUMPLE",IF(C15=$I$24,$I$39)+IF(C15=$I$25,$I$42)+IF(C15=$I$26,$I$45))+IF($J$68="CUMPLE",IF(C15=$J$24,$J$39)+IF(C15=$J$25,$J$42)+IF(C15=$J$26,$J$45))) -> 1848.84 | F15: =IF(C15="","",IF(E15>=$J$14*0.5,"SI","NO")) -> SI | G15: =IF(C15="","",IF(E15>=$J$14*0.05,"SI",IF(E15=0,"NO APORTA EXPERIENCIA",))) -> SI | H15: =IF(C15="","",IF(AND(G15="NO APORTA EXPERIENCIA",D15<=10%),"SI",IF(G15="SI","NO APLICA","NO - PORCENTAJE MAYOR AL 10%"))) -> NO APLICA | I15: EXP. ESPECIFICA ACREDITADA 2 CONTRATOS (SMMLV) | J15: EXP. ESPECIFICA SOLICITADA (SMMLV) | K15: CONCEPTO | L15: VALOR PROMEDIO DE CONTRATOS VALIDOS
C16: =IF(VLOOKUP(C11,PROPONENTES!B10:N46,4,FALSE)=0,"",VLOOKUP(C11,PROPONENTES!B10:N46,4,FALSE)) | D16: =IF(VLOOKUP(C11,PROPONENTES!B10:N46,5,FALSE)=0,"",VLOOKUP(C11,PROPONENTES!B10:N46,5,FALSE)) | E16: =IF(C16="","",IF($D$68="CUMPLE",IF(C16=$D$24,$D$39)+IF(C16=$D$25,$D$42)+IF(C16=$D$26,$D$45))+IF($E$68="CUMPLE",IF(C16=$E$24,$E$39)+IF(C16=$E$25,$E$42)+IF(C16=$E$26,$E$45))+IF($F$68="CUMPLE",IF(C16=$F$24,$F$39)+IF(C16=$F$25,$F$42)+IF(C16=$F$26,$F$45))+IF($G$68="CUMPLE",IF(C16=$G$24,$G$39)+IF(C16=$G$25,$G$42)+IF(C16=$G$26,$G$45))+IF($H$68="CUMPLE",IF(C16=$H$24,$H$39)+IF(C16=$H$25,$H$42)+IF(C16=$H$26,$H$45))+IF($I$68="CUMPLE",IF(C16=$I$24,$I$39)+IF(C16=$I$25,$I$42)+IF(C16=$I$26,$I$45))+IF($J$68="CUMPLE",IF(C16=$J$24,$J$39)+IF(C16=$J$25,$J$42)+IF(C16=$J$26,$J$45))) | F16: =IF(C16="","",IF(E16>=$J$14*0.5,"SI","NO")) | G16: =IF(C16="","",IF(E16>=$J$14*0.05,"SI",IF(E16=0,"NO APORTA EXPERIENCIA",))) | H16: =IF(C16="","",IF(AND(G16="NO APORTA EXPERIENCIA",D16<=10%),"SI",IF(G16="SI","NO APLICA","NO - PORCENTAJE MAYOR AL 5%"))) | I16: =SUMIF(D69:J69,"CUMPLE",D39:J39)+SUMIF(D69:J69,"CUMPLE",D42:J42)+SUMIF(D69:J69,"CUMPLE",D45:J45) -> 1067.36 | J16: =+L8*0.7 -> 283.67201 | K16: =IF(I16>=J16,"CUMPLE","NO CUMPLE") -> CUMPLE | L16: =AVERAGEIF(D68:J68,"CUMPLE",D46:J46) -> 924.42
C17: =IF(VLOOKUP(C11,PROPONENTES!B10:N46,6,FALSE)=0,"",VLOOKUP(C11,PROPONENTES!B10:N46,6,FALSE)) | D17: =IF(VLOOKUP(C11,PROPONENTES!B10:N46,7,FALSE)=0,"",VLOOKUP(C11,PROPONENTES!B10:N46,7,FALSE)) | E17: =IF(C17="","",IF($D$68="CUMPLE",IF(C17=$D$24,$D$39)+IF(C17=$D$25,$D$42)+IF(C17=$D$26,$D$45))+IF($E$68="CUMPLE",IF(C17=$E$24,$E$39)+IF(C17=$E$25,$E$42)+IF(C17=$E$26,$E$45))+IF($F$68="CUMPLE",IF(C17=$F$24,$F$39)+IF(C17=$F$25,$F$42)+IF(C17=$F$26,$F$45))+IF($G$68="CUMPLE",IF(C17=$G$24,$G$39)+IF(C17=$G$25,$G$42)+IF(C17=$G$26,$G$45))+IF($H$68="CUMPLE",IF(C17=$H$24,$H$39)+IF(C17=$H$25,$H$42)+IF(C17=$H$26,$H$45))+IF($I$68="CUMPLE",IF(C17=$I$24,$I$39)+IF(C17=$I$25,$I$42)+IF(C17=$I$26,$I$45))+IF($J$68="CUMPLE",IF(C17=$J$24,$J$39)+IF(C17=$J$25,$J$42)+IF(C17=$J$26,$J$45))) | F17: =IF(C17="","",IF(E17>=$J$14*0.5,"SI","NO")) | G17: =IF(C17="","",IF(E17>=$J$14*0.05,"SI",IF(E17=0,"NO APORTA EXPERIENCIA",))) | H17: =IF(C17="","",IF(AND(G17="NO APORTA EXPERIENCIA",D17<=10%),"SI",IF(G17="SI","NO APLICA","NO - PORCENTAJE MAYOR AL 5%")))
C18: =IF(VLOOKUP(C11,PROPONENTES!B10:N46,8,FALSE)=0,"",VLOOKUP(C11,PROPONENTES!B10:N46,8,FALSE)) | D18: =IF(VLOOKUP(C11,PROPONENTES!B10:N46,9,FALSE)=0,"",VLOOKUP(C11,PROPONENTES!B10:N46,9,FALSE)) | E18: =IF(C18="","",IF($D$68="CUMPLE",IF(C18=$D$24,$D$39)+IF(C18=$D$25,$D$42)+IF(C18=$D$26,$D$45))+IF($E$68="CUMPLE",IF(C18=$E$24,$E$39)+IF(C18=$E$25,$E$42)+IF(C18=$E$26,$E$45))+IF($F$68="CUMPLE",IF(C18=$F$24,$F$39)+IF(C18=$F$25,$F$42)+IF(C18=$F$26,$F$45))+IF($G$68="CUMPLE",IF(C18=$G$24,$G$39)+IF(C18=$G$25,$G$42)+IF(C18=$G$26,$G$45))+IF($H$68="CUMPLE",IF(C18=$H$24,$H$39)+IF(C18=$H$25,$H$42)+IF(C18=$H$26,$H$45))+IF($I$68="CUMPLE",IF(C18=$I$24,$I$39)+IF(C18=$I$25,$I$42)+IF(C18=$I$26,$I$45))+IF($J$68="CUMPLE",IF(C18=$J$24,$J$39)+IF(C18=$J$25,$J$42)+IF(C18=$J$26,$J$45))) | F18: =IF(C18="","",IF(E18>=$J$14*0.5,"SI","NO")) | G18: =IF(C18="","",IF(E18>=$J$14*0.05,"SI",IF(E18=0,"NO APORTA EXPERIENCIA",))) | H18: =IF(C18="","",IF(AND(G18="NO APORTA EXPERIENCIA",D18<=10%),"SI",IF(G18="SI","NO APLICA","NO - PORCENTAJE MAYOR AL 5%")))
C19: =IF(VLOOKUP(C11,PROPONENTES!B10:N46,10,FALSE)=0,"",VLOOKUP(C11,PROPONENTES!B10:N46,10,FALSE)) | D19: =IF(VLOOKUP(C11,PROPONENTES!B10:N46,11,FALSE)=0,"",VLOOKUP(C11,PROPONENTES!B10:N46,11,FALSE)) | E19: =IF(C19="","",IF($D$68="CUMPLE",IF(C19=$D$24,$D$39)+IF(C19=$D$25,$D$42)+IF(C19=$D$26,$D$45))+IF($E$68="CUMPLE",IF(C19=$E$24,$E$39)+IF(C19=$E$25,$E$42)+IF(C19=$E$26,$E$45))+IF($F$68="CUMPLE",IF(C19=$F$24,$F$39)+IF(C19=$F$25,$F$42)+IF(C19=$F$26,$F$45))+IF($G$68="CUMPLE",IF(C19=$G$24,$G$39)+IF(C19=$G$25,$G$42)+IF(C19=$G$26,$G$45))+IF($H$68="CUMPLE",IF(C19=$H$24,$H$39)+IF(C19=$H$25,$H$42)+IF(C19=$H$26,$H$45))+IF($I$68="CUMPLE",IF(C19=$I$24,$I$39)+IF(C19=$I$25,$I$42)+IF(C19=$I$26,$I$45))+IF($J$68="CUMPLE",IF(C19=$J$24,$J$39)+IF(C19=$J$25,$J$42)+IF(C19=$J$26,$J$45))) | F19: =IF(C19="","",IF(E19>=$J$14*0.5,"SI","NO")) | G19: =IF(C19="","",IF(E19>=$J$14*0.05,"SI",IF(E19=0,"NO APORTA EXPERIENCIA",))) | H19: =IF(C19="","",IF(AND(G19="NO APORTA EXPERIENCIA",D19<=10%),"SI",IF(G19="SI","NO APLICA","NO - PORCENTAJE MAYOR AL 5%")))
B20: TOTAL | C20: =+VLOOKUP(C11,PROPONENTES!B10:N46,12,FALSE) -> 1 | D20: =+VLOOKUP(C11,PROPONENTES!B10:N46,13,FALSE) -> 1 | E20: =SUM(E15:E19) -> 1848.84 | F20: =IF(F15="SI","CUMPLE",IF(F16="SI","CUMPLE",IF(F17="SI","CUMPLE",IF(F18="SI","CUMPLE",IF(F19="SI","CUMPLE","NO CUMPLE"))))) -> CUMPLE | G20: =+IF(COUNTIF(E15:E19,0)>1,"NO CUMPLE, HAY MAS DE UN (1) INTEGRANTE QUE NO APORTA EXPERIENCIA",IF(AND(OR(G15="NO APORTA EXPERIENCIA",G15="SI",G15=""),OR(G16="NO APORTA EXPERIENCIA",G16="SI",G16=""),OR(G17="NO APORTA EXPERIENCIA",G17="SI",G17=""),OR(G18="NO APORTA EXPERIENCIA",G18="SI",G18=""),OR(G19="NO APORTA EXPERIENCIA",G19="SI",G19="")),"CUMPLE","NO CUMPLE")) -> CUMPLE | H20: =IF(COUNTIF(E15:E19,0)>1,"NO CUMPLE, HAY MAS DE UN (1) INTEGRANTE QUE NO APORTA EXPERIENCIA",IF(AND(OR(H15="NO APLICA",H15="SI",H15=""),OR(H16="NO APLICA",H16="SI",H16=""),OR(H17="NO APLICA",H17="SI",H17=""),OR(H18="NO APLICA",H18="SI",H18=""),OR(H19="NO APLICA",H19="SI",H19="")),"CUMPLE","NO CUMPLE")) -> CUMPLE | I20: EMPRENDIMIENTO MUJER | J20: =IF(VLOOKUP(C11,PUNTAJE!B15:AD109,25,FALSE)=0.25,"SI","NO") -> SI | K20: MIPYME | L20: =IF(VLOOKUP(C11,PUNTAJE!B15:AD109,29,FALSE)=0.25,"SI","NO") -> SI
B22: =CONCATENATE("ACREDITACION EXPERIENCIA ",'DATOS INICIALES'!G4) -> ACREDITACION EXPERIENCIA FDLK-CMA-003-2024
B23: NÚMERO DE CERTIFICACIONES | C23: Máximo 5, 6 o 7 contratos | D23: CONTRATO No. 1 | E23: CONTRATO No. 2 | F23: CONTRATO No. 3 | G23: CONTRATO No. 4 | H23: CONTRATO No. 5 | I23: CONTRATO No. 6 | K23: OBSERVACIONES
B24: INTEGRANTE 1 DEL CONTRATO APORTADO | D24: ARQUITECTURA URBANA LTDA | E24: ARQUITECTURA URBANA LTDA
B25: INTEGRANTE 2 DEL CONTRATO APORTADO
B26: INTEGRANTE 3 DEL CONTRATO APORTADO
B27: DATOS DEL CONTRATO | C27: N° del contrato y año de suscripción | D27: 405 DE 2019 | E27: 420 DE 2019
C28: Objeto | D28: INTERVENTORIA TECNICA, ADMINISTRATIVA, LEGAL, FINANCIERA, SOCIAL, AMBIENTAL Y SST AL CONTRATO DE OBRA PUBLICA CUYO OBJETO ES REALIZAR EL MANTENIMIENTO Y ADECUACION DE LOS PARQUES VECINALES Y/O DE BOLSILLOS POR EL SISTEMA DE PRECIOS UNITARIOS SIN FORMULA DE REAJUSTE A MONTO AGOTABLE DE LA LOCALIDAD DE CIUDAD BOLIVAR | E28: INTERVENTORIA TECNICA, ADMINISTRAIVA, LEGAL, FINANCIERA, CONTABLE, SEGURIDAD Y SALUD EN EL TRABAJO, SOCIAL Y AMBIENTAL PARA EL CONTRATO DERIVADO DEL PROCESO DE LICITACION FDLS-LP-006-2019 PARA EL MANTENIMIENTO DE PARQUES
C29: Fecha de iniciación del contrato. (dd/mm/aaaa) | D29: 27 DE ENERO DE 2020 | E29: 3 DE SEPTIEMBRE DE 2020
C30: Fecha de terminación del contrato. (dd/mm/aaaa) | D30: 19 DE DICIEMBRE DE 2021 | E30: 1 DE NOVIEMBRE DE 2021
C31: Año de terminación para convertir en SMMLV | D31: 2021 | E31: 2021
C32: Nombre o razón social del contratante | D32: FONDO DE DESARROLLO LOCAL DE CIUDAD BOLIVAR | E32: FONDO DE DESARROLLO LOCAL DE SUBA
C33: Nombre o razón social del contratista | D33: ARQUITECTURA URBANA LTDA | E33: ARQUITECTURA URBANA LTDA
C34: No. Consecutivo RUP | D34: 81 | E34: 82
C35: Valor final del contrato en SMMLV reportado en el RUP | D35: 1067.36 | E35: 781.48
C36: Valor final contrato en pesos | D36: =IFERROR(D35*VLOOKUP(D31,'DATOS INICIALES'!$A$12:$B$43,2,0),"0") -> 9.6972431e+08 | E36: =IFERROR(E35*VLOOKUP(E31,'DATOS INICIALES'!$A$12:$B$43,2,0),"0") -> 7.099949e+08 | F36: =IFERROR(F35*VLOOKUP(F31,'DATOS INICIALES'!$A$12:$B$43,2,0),"0") -> 0 | G36: =IFERROR(G35*VLOOKUP(G31,'DATOS INICIALES'!$A$12:$B$43,2,0),"0") -> 0 | H36: =IFERROR(H35*VLOOKUP(H31,'DATOS INICIALES'!$A$12:$B$43,2,0),"0") -> 0 | I36: =IFERROR(I35*VLOOKUP(I31,'DATOS INICIALES'!$A$12:$B$43,2,0),"0") -> 0 | J36: =IFERROR(J35*VLOOKUP(J31,'DATOS INICIALES'!$A$12:$B$43,2,0),"0") -> 0
C37: Porcentaje de Participación INTEGRANTE 1 | D37: 1 | E37: 1
C38: Valor final según porcentaje de participación INTEGRANTE 1 EN PESOS | D38: =IF(D24="","0",D37*D36) -> 9.6972431e+08 | E38: =IF(E24="","0",E37*E36) -> 7.099949e+08 | F38: =IF(F24="","0",F37*F36) -> 0 | G38: =IF(G24="","0",G37*G36) -> 0 | H38: =IF(H24="","0",H37*H36) -> 0 | I38: =IF(I24="","0",I37*I36) -> 0 | J38: =IF(J24="","0",J37*J36) -> 0
C39: Valor final según porcentaje de participación INTEGRANTE 1 en SMMLV | D39: =IFERROR(D35*D37,"0") -> 1067.36 | E39: =IFERROR(E35*E37,"0") -> 781.48 | F39: =IFERROR(F35*F37,"0") -> 0 | G39: =IFERROR(G35*G37,"0") -> 0 | H39: =IFERROR(H35*H37,"0") -> 0 | I39: =IFERROR(I35*I37,"0") -> 0 | J39: =IFERROR(J35*J37,"0") -> 0
C40: Porcentaje de Participación INTEGRANTE 2
C41: Valor final según porcentaje de participación INTEGRANTE 2 EN PESOS | D41: =IF(D25="","0",D40*D36) -> 0 | E41: =IF(E25="","0",E40*E36) -> 0 | F41: =IF(F25="","0",F40*F36) -> 0 | G41: =IF(G25="","0",G40*G36) -> 0 | H41: =IF(H25="","0",H40*H36) -> 0 | I41: =IF(I25="","0",I40*I36) -> 0 | J41: =IF(J25="","0",J40*J36) -> 0
C42: Valor final según porcentaje de participación INTEGRANTE 2 en SMMLV | D42: =IF(D25="",0,D35*D40) -> 0 | E42: =IF(E25="",0,E35*E40) -> 0 | F42: =IF(F25="",0,F35*F40) -> 0 | G42: =IF(G25="",0,G35*G40) -> 0 | H42: =IF(H25="",0,H35*H40) -> 0 | I42: =IF(I25="",0,I35*I40) -> 0 | J42: =IF(J25="",0,J35*J40) -> 0
C43: Porcentaje de Participación INTEGRANTE 3
C44: Valor final según porcentaje de participación INTEGRANTE 3 EN PESOS | D44: =IF(D26="","0",D43*D36) -> 0 | E44: =IF(E26="","0",E43*E36) -> 0 | F44: =IF(F26="","0",F43*F36) -> 0 | G44: =IF(G26="","0",G43*G36) -> 0 | H44: =IF(H26="","0",H43*H36) -> 0 | I44: =IF(I26="","0",I43*I36) -> 0 | J44: =IF(J26="","0",J43*J36) -> 0
C45: Valor final según porcentaje de participación INTEGRANTE 3 en SMMLV | D45: =IF(D26="",0,D35*D43) -> 0 | E45: =IF(E26="",0,E35*E43) -> 0 | F45: =IF(F26="",0,F35*F43) -> 0 | G45: =IF(G26="",0,G35*G43) -> 0 | H45: =IF(H26="",0,H35*H43) -> 0 | I45: =IF(I26="",0,I35*I43) -> 0 | J45: =IF(J26="",0,J35*J43) -> 0
C46: VALOR TOTAL ACREDITADO POR CONTRATO | D46: =+D39+D42+D45 -> 1067.36 | E46: =+E39+E42+E45 -> 781.48 | F46: =+F39+F42+F45 -> 0 | G46: =+G39+G42+G45 -> 0 | H46: =+H39+H42+H45 -> 0 | I46: =+I39+I42+I45 -> 0 | J46: =+J39+J42+J45 -> 0
B47: REGISTRO UNICO DE PROPONENTES | C47: ¿RUP vigente y en firme antes del cierre del proceso? | D47: CUMPLE | E47: CUMPLE
B48: CODIGO CIIU | C48: =+'DATOS INICIALES'!D22 -> 81141500 | D48: SI | E48: SI
C49: =+'DATOS INICIALES'!D23 -> 80101500 | D49: NO | E49: SI
C50: =+'DATOS INICIALES'!D24 -> 80101600 | D50: SI | E50: SI
C51: =+'DATOS INICIALES'!D25 -> 81101500 | D51: SI | E51: SI
C52: =+'DATOS INICIALES'!D26 -> 0
C53: =+'DATOS INICIALES'!D27 -> 0
C55: ¿El contrato se encuentra clasificado en alguno de los anteriores códigos? | D55: =IF(D24="","N/A",IF(D48="SI","CUMPLE",IF(D49="SI","CUMPLE",IF(D50="SI","CUMPLE",IF(D51="SI","CUMPLE",IF(D52="SI","CUMPLE",IF(D53="SI","CUMPLE",IF(D54="SI","CUMPLE","NO CUMPLE")))))))) -> CUMPLE | E55: =IF(E24="","N/A",IF(E48="SI","CUMPLE",IF(E49="SI","CUMPLE",IF(E50="SI","CUMPLE",IF(E51="SI","CUMPLE",IF(E52="SI","CUMPLE",IF(E53="SI","CUMPLE",IF(E54="SI","CUMPLE","NO CUMPLE")))))))) -> CUMPLE | F55: =IF(F24="","N/A",IF(F48="SI","CUMPLE",IF(F49="SI","CUMPLE",IF(F50="SI","CUMPLE",IF(F51="SI","CUMPLE",IF(F52="SI","CUMPLE",IF(F53="SI","CUMPLE",IF(F54="SI","CUMPLE","NO CUMPLE")))))))) -> N/A | G55: =IF(G24="","N/A",IF(G48="SI","CUMPLE",IF(G49="SI","CUMPLE",IF(G50="SI","CUMPLE",IF(G51="SI","CUMPLE",IF(G52="SI","CUMPLE",IF(G53="SI","CUMPLE",IF(G54="SI","CUMPLE","NO CUMPLE")))))))) -> N/A | H55: =IF(H24="","N/A",IF(H48="SI","CUMPLE",IF(H49="SI","CUMPLE",IF(H50="SI","CUMPLE",IF(H51="SI","CUMPLE",IF(H52="SI","CUMPLE",IF(H53="SI","CUMPLE",IF(H54="SI","CUMPLE","NO CUMPLE")))))))) -> N/A | I55: =IF(I24="","N/A",IF(I48="SI","CUMPLE",IF(I49="SI","CUMPLE",IF(I50="SI","CUMPLE",IF(I51="SI","CUMPLE",IF(I52="SI","CUMPLE",IF(I53="SI","CUMPLE",IF(I54="SI","CUMPLE","NO CUMPLE")))))))) -> N/A | J55: =IF(J24="","N/A",IF(J48="SI","CUMPLE",IF(J49="SI","CUMPLE",IF(J50="SI","CUMPLE",IF(J51="SI","CUMPLE",IF(J52="SI","CUMPLE",IF(J53="SI","CUMPLE",IF(J54="SI","CUMPLE","NO CUMPLE")))))))) -> N/A
B56: PROYECTOS QUE CORRESPONDAN O HAYAN CONTENIDO UNA O ALGUNAS DE LAS SIGUIENTES ACTIVIDADES: - INTERVENTORÍA A CONSTRUCCIÓN Y/O RECONSTRUCCIÓN Y/O AMPLIACIÓN Y/O TERMINACIÓN Y/O REHABILITACIÓN Y/O MEJORAMIENTO Y/O MANTENIMIENTO Y/O ADECUACIÓN DE PARQUES - INTERVENTORÍA A CONSTRUCCIÓN Y/O RECONSTRUCCIÓN Y/O AMPLIACIÓN Y/O TERMINACIÓN Y/O REHABILITACIÓN Y/O MEJORAMIENTO Y/O MANTENIMIENTO Y/O ADECUACIÓN DE ESPACIO PÚBLICO Nota 1: Para el caso de experiencia de ESPACIO PÚBLICO se excluyen de estos las vías destinadas al tránsito vehicular, así como la INTERVENTORÍA A conservación y/o preservación de playas marítimas. Nota 2: En el caso en el cual el proceso de selección contemple actividades de dotación de mobiliario, la experiencia válida aportada deberá acreditar en por lo menos uno (1) de los contratos actividades de INTERVENTORÍA A suministro e instalación de mobiliario. | D56: CUMPLE | E56: CUMPLE
D57: CUMPLE | E57: CUMPLE
D58: CUMPLE | E58: CUMPLE
D59: CUMPLE | E59: CUMPLE
D60: CUMPLE | E60: CUMPLE
B61: D. Estar relacionados en el Formato 3 – Experiencia. Los Proponentes Plurales deben indicar qué integrante aporta cada uno de los contratos señalados en el Formato 3 – Experiencia. Este documento debe presentarlo el Proponente Plural y no sus integrantes. El Formato 3 -Experiencia deberá aportarse diligenciado en formato Excel. | D61: CUMPLE | E61: CUMPLE
B62: E. Los contratos acreditados deben haber terminado antes de la fecha de cierre del presente Proceso de Contratación. | D62: CUMPLE | E62: CUMPLE
B63: F. Para los contratos que sean aportados por personas jurídicas que no cuentan con más de tres (3) años de constituidas y pretendan acreditar la experiencia de sus socios, accionistas o constituyentes, en los términos establecidos en el numeral 2.5 del artículo 2.2.1.1.1.5.2. del Decreto 1082 de 2015, además del Registro Único de Proponentes (RUP), deben adjuntar un documento suscrito por el representante legal y el revisor fiscal o contador público (según corresponda) donde se indique la conformación de la persona jurídica. La Entidad tendrá en cuenta la experiencia de los accionistas, socios o constituyentes de las sociedades con menos de tres (3) años de constituidas. Pasado este tiempo, la sociedad conservará esta experiencia, tal y como haya quedado registrada en el RUP. | D63: N/A | E63: N/A
B64: 10.1.5 DOCUMENTOS VÁLIDOS PARA LA ACREDITACIÓN DE LA EXPERIENCIA REQUERIDA A. Acta de liquidación y/o recibo final del contrato de interventoría. B. Acta de liquidación y/o recibo final del Contrato de Obra al cual se le realizó la interventoría, en la cual se puede verificar las actividades ejecutadas y el alcance de las mismas. C. Acta de entrega, terminación, final o de recibo definitivo; en los cuales se pueda verificar la participación del Proponente como Interventor. D. Certificación de experiencia. Expedida con posterioridad a la fecha de terminación del contrato en la que conste la información de la interventoría a la obra contratada debidamente suscrita por quien esté en capacidad u obligación de hacerlo en la Entidad contratante. E. Acta de Inicio o la orden de inicio. La misma solo será válida para efectos de acreditar la fecha de inicio. F. Los contratos que hayan sido objeto de cesión deberán encontrarse debidamente inscritos y clasificados en el Registro Único de Proponentes (RUP) o en uno o alguno de los documentos considerados como válidos para la acreditación de experiencia del cesionario, según aplique. La experiencia se admitirá para el cesionario y no se reconocerá experiencia alguna al cedente. | D64: CUMPLE | E64: CUMPLE
B65: Para efectos de acreditación de experiencia con particulares, el Proponente deberá aportar, además, la certificación de facturación expedida con posterioridad a la fecha de terminación del contrato emitida por el revisor fiscal o contador público del Proponente que demuestre la experiencia, según corresponda, con la copia de la tarjeta profesional y el certificado de antecedente disciplinarios vigente, emitido por la Junta Central de Contadores, o los documentos equivalentes que hagan sus veces en el país donde se expide el documento del profesional. | D65: N/A | E65: N/A
B66: 10,1,6 PARA SUBCONTRATOS Para acreditar la experiencia de subcontratos, cuyo contrato principal fue suscrito con particulares, se aplicarán las disposiciones establecidas en el numeral anterior. Para acreditar la experiencia de contratos derivados de contratos suscritos con Entidades Estatales el Proponente deberá aportar los documentos que se enlistan a continuación: A. Certificación del subcontrato. Certificación expedida con posterioridad a la fecha de terminación del subcontrato, la cual deberá estar suscrita por el representante legal del contratista del contrato principal, del Concesionario, o del EPC o Consorcio Constructor. Así mismo, debe contener la información requerida en el Pliego de Condiciones para efectos de la acreditación de la experiencia. B. Certificación expedida por la Entidad Estatal del contrato principal del cual se derivó el subcontrato. Esta certificación debe contener la información básica del contrato principal y la siguiente: I. Alcance de las actividades de consultoría en el contrato principal. II. Información en la cual se evidencie que la figura de la subcontratación es permitida en el marco del contrato principal. En caso de que no requiera autorización para subcontratar, el Proponente podrá aportar con su propuesta alguno de los siguientes documentos que den cuenta de esa circunstancia: i) copia del contrato o ii) certificación emitida por la Entidad Estatal, donde acredite que para subcontratar no se requería autorización. La información solicitada en el literal B únicamente se exige en relación con el contrato principal suscrito con la Entidad Estatal. | D66: N/A | E66: N/A
B67: 10.1.4 ACREDITACIÓN DE LA EXPERIENCIA REQUERIDA Los Proponentes acreditarán para cada uno de los contratos aportados la siguiente información, mediante alguno de los documentos señalados en la sección 10.1.5 del Pliego de Condiciones: I. Contratante. II. Objeto del contrato. III. Principales actividades ejecutadas. IV. Las longitudes, volúmenes, dimensiones, tipologías y demás condiciones de experiencia establecidas en la “Matriz 1 – Experiencia” a la cual se realizó la consultoría, si aplica. V. La fecha de iniciación de la ejecución del contrato. VI. La fecha de terminación de la ejecución del contrato. VII. Nombre y cargo de la persona que expide la certificación. VIII. El porcentaje de participación del integrante del contratista plural, el cual corresponderá con el registrado en el RUP, o en alguno de los documentos válidos para la acreditación de experiencia en caso de que el integrante no esté obligado a tener RUP. IX. Valor total ejecutado. Tratándose de personas obligadas a tener RUP el valor ejecutado o facturado se tomará del valor registrado en el RUP. | D67: CUMPLE | E67: CUMPLE
B68: CONCEPTO POR CONTRATO | D68: =IF(D24="","N/A",IF(AND(D47="CUMPLE",D55="CUMPLE",D56="CUMPLE",D61="CUMPLE",D62="CUMPLE",OR(D63="CUMPLE",D63="N/A"),D64="CUMPLE",OR(D65="CUMPLE",D65="N/A"),D67="CUMPLE",OR(D66="CUMPLE",D66="N/A")),"CUMPLE","NO CUMPLE")) -> CUMPLE | E68: =IF(E24="","N/A",IF(AND(E47="CUMPLE",E55="CUMPLE",E56="CUMPLE",E61="CUMPLE",E62="CUMPLE",OR(E63="CUMPLE",E63="N/A"),E64="CUMPLE",OR(E65="CUMPLE",E65="N/A"),E67="CUMPLE",OR(E66="CUMPLE",E66="N/A")),"CUMPLE","NO CUMPLE")) -> CUMPLE | F68: =IF(F24="","N/A",IF(AND(F47="CUMPLE",F55="CUMPLE",F56="CUMPLE",F61="CUMPLE",F62="CUMPLE",OR(F63="CUMPLE",F63="N/A"),F64="CUMPLE",OR(F65="CUMPLE",F65="N/A"),F67="CUMPLE",OR(F66="CUMPLE",F66="N/A")),"CUMPLE","NO CUMPLE")) -> N/A | G68: =IF(G24="","N/A",IF(AND(G47="CUMPLE",G55="CUMPLE",G56="CUMPLE",G61="CUMPLE",G62="CUMPLE",OR(G63="CUMPLE",G63="N/A"),G64="CUMPLE",OR(G65="CUMPLE",G65="N/A"),G67="CUMPLE",OR(G66="CUMPLE",G66="N/A")),"CUMPLE","NO CUMPLE")) -> N/A | H68: =IF(H24="","N/A",IF(AND(H47="CUMPLE",H55="CUMPLE",H56="CUMPLE",H61="CUMPLE",H62="CUMPLE",OR(H63="CUMPLE",H63="N/A"),H64="CUMPLE",OR(H65="CUMPLE",H65="N/A"),H67="CUMPLE",OR(H66="CUMPLE",H66="N/A")),"CUMPLE","NO CUMPLE")) -> N/A | I68: =IF(I24="","N/A",IF(AND(I47="CUMPLE",I55="CUMPLE",I56="CUMPLE",I61="CUMPLE",I62="CUMPLE",OR(I63="CUMPLE",I63="N/A"),I64="CUMPLE",OR(I65="CUMPLE",I65="N/A"),I67="CUMPLE",OR(I66="CUMPLE",I66="N/A")),"CUMPLE","NO CUMPLE")) -> N/A | J68: =IF(J24="","N/A",IF(AND(J47="CUMPLE",J55="CUMPLE",J56="CUMPLE",J61="CUMPLE",J62="CUMPLE",OR(J63="CUMPLE",J63="N/A"),J64="CUMPLE",OR(J65="CUMPLE",J65="N/A"),J67="CUMPLE",OR(J66="CUMPLE",J66="N/A")),"CUMPLE","NO CUMPLE")) -> N/A
B69: EXPERIENCIA ESPECIFICA: Con la sumatoria de hasta máximo dos (2) de los contratos válidos aportados como experiencia general debe corresponder mínimo al (70%) del presupuesto oficial del presente proceso de selección. | D69: CUMPLE
B71: DOCUMENTACIÓN PERSONAL
B72: REQUISITO | D72: CONCEPTO | E72: OBSERVACIONES
B73: 3.9.2 EXIGENCIAS MÍNIMAS DE EXPERIENCIA Y FORMACIÓN ACADÉMICA DEL EQUIPO DE TRABAJO (Personal Clave Evaluable) Durante el desarrollo del Proceso de Contratación NO se evaluarán los soportes de los perfiles requeridos, por lo que no se solicitarán como parte de los documentos que conforman la propuesta. En tal sentido, el Proponente deberá cumplir las siguientes reglas: I. Aportar y diligenciar en forma clara, completa, correcta y legible el “Formato 8 - Aceptación y cumplimiento de la formación académica y la experiencia del personal clave evaluable”, de acuerdo con los requisitos y condiciones que allí se indican y demás señaladas en el Pliego de Condiciones y sus documentos anexos. II. l “Formato 8 – Aceptación y cumplimiento de la formación académica y la experiencia del personal clave evaluable” debe suscribirlo el Proponente persona natural, representante legal de la persona jurídica o representante del Proponente Plural. Para los fines de este numeral se entiende por Personal Clave Evaluable los siguientes perfiles: i. Un (1) Director de Interventoría ii. Un (1) Residente de Interventoría. iii. Un (1) Especialista en Geotecnia. | D73: CUMPLE
B74: CONCEPTO DOCUMENTACION PERSONAL | D74: =IF(D73="CUMPLE","CUMPLE","NO CUMPLE") -> CUMPLE

Sheet 4
B2: ALCALDIA LOCAL DE KENNEDY
B4: ='DATOS INICIALES'!G4 -> FDLK-CMA-003-2024
B6: Ciudad | C6: BOGOTÁ D.C | D6: Fecha de Evaluación | G6: Fecha de Cierre | H6: 44902
B7: DATOS GENERALES | J7: VALOR MINIMO A CERTIFICAR
B8: OBJETO DE LA CONVOCATORIA | C8: ='DATOS INICIALES'!D2 -> REALIZAR LA INTERVENTORÍA TÉCNICA, ADMINISTRATIVA, FINANCIERA, JURÍDICA, AMBIENTAL, SOCIAL Y DE SEGURIDAD Y SALUD EN EL TRABAJO AL CONTRATO DE OBRA PÚBLICA RESULTANTE DEL PROCESO DE LICITACIÓN PÚBLICA No. FDLK-LP-013-2024 CUYO OBJETO ES: CONTRATAR POR EL SISTEMA DE PRECIOS UNITARIOS A MONTO AGOTABLE EL DIAGNÓSTICO, MANTENIMIENTO CORRECTIVO Y PREVENTIVO, SUMINISTRO E INSTALACION DE MOBILIARIO DE LOS PARQUES DE PROXIMIDAD (VECINALES Y DE BOLSILLO) PRIORIZADOS EN LA LOCALIDAD DE KENNEDY | J8: DE 1 HASTA 4, 5 ó 6 | K8: 1 | L8: =K8*$C$10 -> 405.24573
B9: VALOR DEL PROCESO EN PESOS | C9: =+'DATOS INICIALES'!C5 -> 526819451
B10: VALOR DEL PROCESO EN SMMLV | C10: =C9/'DATOS INICIALES'!B9 -> 405.24573
A11: 4 | B11: PROPONENTE | C11: =VLOOKUP(A11,PROPONENTES!A10:B46,2,FALSE) -> ABDO JOSÉ SALGADO AYOLA | H11: CONCEPTO FINAL | I11: =IF(AND(F20="CUMPLE",G20="CUMPLE",H20="CUMPLE",L14="CUMPLE",D74="CUMPLE",K16="CUMPLE"),"CUMPLE","NO CUMPLE") -> NO CUMPLE
B13: ACREDITACIÓN DE EXPERIENCIA FIGURA ASOCIATIVA | I13: TOTAL CONTRATOS VÁLIDOS | J13: VALOR TOTAL A ACREDITAR (SMMLV) | K13: VALOR TOTAL ACREDITADO (SMMLV) | L13: CONCEPTO
B14: MIEMBRO UNICO O INTEGRANTES DEL CONSORCIO O UNION TEMPORAL. | C14: INTEGRANTE | D14: % PARTICIPACIÓN | E14: EXPERIENCIA TOTAL APORTADA | F14: ¿AL MENOS UNO APORTA EL 50% DE EXPERIENCIA? | G14: ¿APORTA MÍNIMO EL 5% DE EXPERIENCIA? | H14: SI NO APORTA ¿TIENE COMO MAXIMO EL 10% DE PARTICIPACIÓN? | I14: =COUNTIF(D68:I68,"CUMPLE") -> 0 | J14: =+L8 -> 405.24573 | K14: =+E20 -> 0 | L14: =IF(K14>=J14,"CUMPLE","NO CUMPLE") -> NO CUMPLE
C15: =IF(VLOOKUP(C11,PROPONENTES!B10:N46,2,FALSE)=0,"",VLOOKUP(C11,PROPONENTES!B10:N46,2,FALSE)) -> ABDO JOSÉ SALGADO AYOLA | D15: =IF(VLOOKUP(C11,PROPONENTES!B10:N46,3,FALSE)=0,"",VLOOKUP(C11,PROPONENTES!B10:N46,3,FALSE)) -> 1 | E15: =IF(C15="","",IF($D$68="CUMPLE",IF(C15=$D$24,$D$39)+IF(C15=$D$25,$D$42)+IF(C15=$D$26,$D$45))+IF($E$68="CUMPLE",IF(C15=$E$24,$E$39)+IF(C15=$E$25,$E$42)+IF(C15=$E$26,$E$45))+IF($F$68="CUMPLE",IF(C15=$F$24,$F$39)+IF(C15=$F$25,$F$42)+IF(C15=$F$26,$F$45))+IF($G$68="CUMPLE",IF(C15=$G$24,$G$39)+IF(C15=$G$25,$G$42)+IF(C15=$G$26,$G$45))+IF($H$68="CUMPLE",IF(C15=$H$24,$H$39)+IF(C15=$H$25,$H$42)+IF(C15=$H$26,$H$45))+IF($I$68="CUMPLE",IF(C15=$I$24,$I$39)+IF(C15=$I$25,$I$42)+IF(C15=$I$26,$I$45))+IF($J$68="CUMPLE",IF(C15=$J$24,$J$39)+IF(C15=$J$25,$J$42)+IF(C15=$J$26,$J$45))) -> 0 | F15: =IF(C15="","",IF(E15>=$J$14*0.5,"SI","NO")) -> NO | G15: =IF(C15="","",IF(E15>=$J$14*0.05,"SI",IF(E15=0,"NO APORTA EXPERIENCIA",))) -> NO APORTA EXPERIENCIA | H15: =IF(C15="","",IF(AND(G15="NO APORTA EXPERIENCIA",D15<=10%),"SI",IF(G15="SI","NO APLICA","NO - PORCENTAJE MAYOR AL 10%"))) -> NO - PORCENTAJE MAYOR AL 10% | I15: EXP. ESPECIFICA ACREDITADA 2 CONTRATOS (SMMLV) | J15: EXP. ESPECIFICA SOLICITADA (SMMLV) | K15: CONCEPTO | L15: VALOR PROMEDIO DE CONTRATOS VALIDOS
C16: =IF(VLOOKUP(C11,PROPONENTES!B10:N46,4,FALSE)=0,"",VLOOKUP(C11,PROPONENTES!B10:N46,4,FALSE)) | D16: =IF(VLOOKUP(C11,PROPONENTES!B10:N46,5,FALSE)=0,"",VLOOKUP(C11,PROPONENTES!B10:N46,5,FALSE)) | E16: =IF(C16="","",IF($D$68="CUMPLE",IF(C16=$D$24,$D$39)+IF(C16=$D$25,$D$42)+IF(C16=$D$26,$D$45))+IF($E$68="CUMPLE",IF(C16=$E$24,$E$39)+IF(C16=$E$25,$E$42)+IF(C16=$E$26,$E$45))+IF($F$68="CUMPLE",IF(C16=$F$24,$F$39)+IF(C16=$F$25,$F$42)+IF(C16=$F$26,$F$45))+IF($G$68="CUMPLE",IF(C16=$G$24,$G$39)+IF(C16=$G$25,$G$42)+IF(C16=$G$26,$G$45))+IF($H$68="CUMPLE",IF(C16=$H$24,$H$39)+IF(C16=$H$25,$H$42)+IF(C16=$H$26,$H$45))+IF($I$68="CUMPLE",IF(C16=$I$24,$I$39)+IF(C16=$I$25,$I$42)+IF(C16=$I$26,$I$45))+IF($J$68="CUMPLE",IF(C16=$J$24,$J$39)+IF(C16=$J$25,$J$42)+IF(C16=$J$26,$J$45))) | F16: =IF(C16="","",IF(E16>=$J$14*0.5,"SI","NO")) | G16: =IF(C16="","",IF(E16>=$J$14*0.05,"SI",IF(E16=0,"NO APORTA EXPERIENCIA",))) | H16: =IF(C16="","",IF(AND(G16="NO APORTA EXPERIENCIA",D16<=10%),"SI",IF(G16="SI","NO APLICA","NO - PORCENTAJE MAYOR AL 5%"))) | I16: =SUMIF(D69:J69,"CUMPLE",D39:J39)+SUMIF(D69:J69,"CUMPLE",D42:J42)+SUMIF(D69:J69,"CUMPLE",D45:J45) -> 0 | J16: =+L8*0.7 -> 283.67201 | K16: =IF(I16>=J16,"CUMPLE","NO CUMPLE") -> NO CUMPLE | L16: =AVERAGEIF(D68:J68,"CUMPLE",D46:J46) -> #DIV/0!
C17: =IF(VLOOKUP(C11,PROPONENTES!B10:N46,6,FALSE)=0,"",VLOOKUP(C11,PROPONENTES!B10:N46,6,FALSE)) | D17: =IF(VLOOKUP(C11,PROPONENTES!B10:N46,7,FALSE)=0,"",VLOOKUP(C11,PROPONENTES!B10:N46,7,FALSE)) | E17: =IF(C17="","",IF($D$68="CUMPLE",IF(C17=$D$24,$D$39)+IF(C17=$D$25,$D$42)+IF(C17=$D$26,$D$45))+IF($E$68="CUMPLE",IF(C17=$E$24,$E$39)+IF(C17=$E$25,$E$42)+IF(C17=$E$26,$E$45))+IF($F$68="CUMPLE",IF(C17=$F$24,$F$39)+IF(C17=$F$25,$F$42)+IF(C17=$F$26,$F$45))+IF($G$68="CUMPLE",IF(C17=$G$24,$G$39)+IF(C17=$G$25,$G$42)+IF(C17=$G$26,$G$45))+IF($H$68="CUMPLE",IF(C17=$H$24,$H$39)+IF(C17=$H$25,$H$42)+IF(C17=$H$26,$H$45))+IF($I$68="CUMPLE",IF(C17=$I$24,$I$39)+IF(C17=$I$25,$I$42)+IF(C17=$I$26,$I$45))+IF($J$68="CUMPLE",IF(C17=$J$24,$J$39)+IF(C17=$J$25,$J$42)+IF(C17=$J$26,$J$45))) | F17: =IF(C17="","",IF(E17>=$J$14*0.5,"SI","NO")) | G17: =IF(C17="","",IF(E17>=$J$14*0.05,"SI",IF(E17=0,"NO APORTA EXPERIENCIA",))) | H17: =IF(C17="","",IF(AND(G17="NO APORTA EXPERIENCIA",D17<=10%),"SI",IF(G17="SI","NO APLICA","NO - PORCENTAJE MAYOR AL 5%")))
C18: =IF(VLOOKUP(C11,PROPONENTES!B10:N46,8,FALSE)=0,"",VLOOKUP(C11,PROPONENTES!B10:N46,8,FALSE)) | D18: =IF(VLOOKUP(C11,PROPONENTES!B10:N46,9,FALSE)=0,"",VLOOKUP(C11,PROPONENTES!B10:N46,9,FALSE)) | E18: =IF(C18="","",IF($D$68="CUMPLE",IF(C18=$D$24,$D$39)+IF(C18=$D$25,$D$42)+IF(C18=$D$26,$D$45))+IF($E$68="CUMPLE",IF(C18=$E$24,$E$39)+IF(C18=$E$25,$E$42)+IF(C18=$E$26,$E$45))+IF($F$68="CUMPLE",IF(C18=$F$24,$F$39)+IF(C18=$F$25,$F$42)+IF(C18=$F$26,$F$45))+IF($G$68="CUMPLE",IF(C18=$G$24,$G$39)+IF(C18=$G$25,$G$42)+IF(C18=$G$26,$G$45))+IF($H$68="CUMPLE",IF(C18=$H$24,$H$39)+IF(C18=$H$25,$H$42)+IF(C18=$H$26,$H$45))+IF($I$68="CUMPLE",IF(C18=$I$24,$I$39)+IF(C18=$I$25,$I$42)+IF(C18=$I$26,$I$45))+IF($J$68="CUMPLE",IF(C18=$J$24,$J$39)+IF(C18=$J$25,$J$42)+IF(C18=$J$26,$J$45))) | F18: =IF(C18="","",IF(E18>=$J$14*0.5,"SI","NO")) | G18: =IF(C18="","",IF(E18>=$J$14*0.05,"SI",IF(E18=0,"NO APORTA EXPERIENCIA",))) | H18: =IF(C18="","",IF(AND(G18="NO APORTA EXPERIENCIA",D18<=10%),"SI",IF(G18="SI","NO APLICA","NO - PORCENTAJE MAYOR AL 5%")))
C19: =IF(VLOOKUP(C11,PROPONENTES!B10:N46,10,FALSE)=0,"",VLOOKUP(C11,PROPONENTES!B10:N46,10,FALSE)) | D19: =IF(VLOOKUP(C11,PROPONENTES!B10:N46,11,FALSE)=0,"",VLOOKUP(C11,PROPONENTES!B10:N46,11,FALSE)) | E19: =IF(C19="","",IF($D$68="CUMPLE",IF(C19=$D$24,$D$39)+IF(C19=$D$25,$D$42)+IF(C19=$D$26,$D$45))+IF($E$68="CUMPLE",IF(C19=$E$24,$E$39)+IF(C19=$E$25,$E$42)+IF(C19=$E$26,$E$45))+IF($F$68="CUMPLE",IF(C19=$F$24,$F$39)+IF(C19=$F$25,$F$42)+IF(C19=$F$26,$F$45))+IF($G$68="CUMPLE",IF(C19=$G$24,$G$39)+IF(C19=$G$25,$G$42)+IF(C19=$G$26,$G$45))+IF($H$68="CUMPLE",IF(C19=$H$24,$H$39)+IF(C19=$H$25,$H$42)+IF(C19=$H$26,$H$45))+IF($I$68="CUMPLE",IF(C19=$I$24,$I$39)+IF(C19=$I$25,$I$42)+IF(C19=$I$26,$I$45))+IF($J$68="CUMPLE",IF(C19=$J$24,$J$39)+IF(C19=$J$25,$J$42)+IF(C19=$J$26,$J$45))) | F19: =IF(C19="","",IF(E19>=$J$14*0.5,"SI","NO")) | G19: =IF(C19="","",IF(E19>=$J$14*0.05,"SI",IF(E19=0,"NO APORTA EXPERIENCIA",))) | H19: =IF(C19="","",IF(AND(G19="NO APORTA EXPERIENCIA",D19<=10%),"SI",IF(G19="SI","NO APLICA","NO - PORCENTAJE MAYOR AL 5%")))
B20: TOTAL | C20: =+VLOOKUP(C11,PROPONENTES!B10:N46,12,FALSE) -> 1 | D20: =+VLOOKUP(C11,PROPONENTES!B10:N46,13,FALSE) -> 1 | E20: =SUM(E15:E19) -> 0 | F20: =IF(F15="SI","CUMPLE",IF(F16="SI","CUMPLE",IF(F17="SI","CUMPLE",IF(F18="SI","CUMPLE",IF(F19="SI","CUMPLE","NO CUMPLE"))))) -> NO CUMPLE | G20: =+IF(COUNTIF(E15:E19,0)>1,"NO CUMPLE, HAY MAS DE UN (1) INTEGRANTE QUE NO APORTA EXPERIENCIA",IF(AND(OR(G15="NO APORTA EXPERIENCIA",G15="SI",G15=""),OR(G16="NO APORTA EXPERIENCIA",G16="SI",G16=""),OR(G17="NO APORTA EXPERIENCIA",G17="SI",G17=""),OR(G18="NO APORTA EXPERIENCIA",G18="SI",G18=""),OR(G19="NO APORTA EXPERIENCIA",G19="SI",G19="")),"CUMPLE","NO CUMPLE")) -> CUMPLE | H20: =IF(COUNTIF(E15:E19,0)>1,"NO CUMPLE, HAY MAS DE UN (1) INTEGRANTE QUE NO APORTA EXPERIENCIA",IF(AND(OR(H15="NO APLICA",H15="SI",H15=""),OR(H16="NO APLICA",H16="SI",H16=""),OR(H17="NO APLICA",H17="SI",H17=""),OR(H18="NO APLICA",H18="SI",H18=""),OR(H19="NO APLICA",H19="SI",H19="")),"CUMPLE","NO CUMPLE")) -> NO CUMPLE | I20: EMPRENDIMIENTO MUJER | J20: =IF(VLOOKUP(C11,PUNTAJE!B15:AD109,25,FALSE)=0.25,"SI","NO") -> NO | K20: MIPYME | L20: =IF(VLOOKUP(C11,PUNTAJE!B15:AD109,29,FALSE)=0.25,"SI","NO") -> NO
B22: =CONCATENATE("ACREDITACION EXPERIENCIA ",'DATOS INICIALES'!G4) -> ACREDITACION EXPERIENCIA FDLK-CMA-003-2024
B23: NÚMERO DE CERTIFICACIONES | C23: Máximo 5, 6 o 7 contratos | D23: CONTRATO No. 1 | E23: CONTRATO No. 2 | F23: CONTRATO No. 3 | G23: CONTRATO No. 4 | H23: CONTRATO No. 5 | I23: CONTRATO No. 6 | K23: OBSERVACIONES
B24: INTEGRANTE 1 DEL CONTRATO APORTADO | D24: ABDO JOSÉ SALGADO AYOLA | E24: ABDO JOSÉ SALGADO AYOLA | F24: ABDO JOSÉ SALGADO AYOLA | G24: ABDO JOSÉ SALGADO AYOLA
B25: INTEGRANTE 2 DEL CONTRATO APORTADO
B26: INTEGRANTE 3 DEL CONTRATO APORTADO
B27: DATOS DEL CONTRATO | C27: N° del contrato y año de suscripción
C28: Objeto
C29: Fecha de iniciación del contrato. (dd/mm/aaaa)
C30: Fecha de terminación del contrato. (dd/mm/aaaa)
C31: Año de terminación para convertir en SMMLV
C32: Nombre o razón social del contratante
C33: Nombre o razón social del contratista
C34: No. Consecutivo RUP
C35: Valor final del contrato en SMMLV reportado en el RUP
C36: Valor final contrato en pesos | D36: =IFERROR(D35*VLOOKUP(D31,'DATOS INICIALES'!$A$12:$B$43,2,0),"0") -> 0 | E36: =IFERROR(E35*VLOOKUP(E31,'DATOS INICIALES'!$A$12:$B$43,2,0),"0") -> 0 | F36: =IFERROR(F35*VLOOKUP(F31,'DATOS INICIALES'!$A$12:$B$43,2,0),"0") -> 0 | G36: =IFERROR(G35*VLOOKUP(G31,'DATOS INICIALES'!$A$12:$B$43,2,0),"0") -> 0 | H36: =IFERROR(H35*VLOOKUP(H31,'DATOS INICIALES'!$A$12:$B$43,2,0),"0") -> 0 | I36: =IFERROR(I35*VLOOKUP(I31,'DATOS INICIALES'!$A$12:$B$43,2,0),"0") -> 0 | J36: =IFERROR(J35*VLOOKUP(J31,'DATOS INICIALES'!$A$12:$B$43,2,0),"0") -> 0
C37: Porcentaje de Participación INTEGRANTE 1
C38: Valor final según porcentaje de participación INTEGRANTE 1 EN PESOS | D38: =IF(D24="","0",D37*D36) -> 0 | E38: =IF(E24="","0",E37*E36) -> 0 | F38: =IF(F24="","0",F37*F36) -> 0 | G38: =IF(G24="","0",G37*G36) -> 0 | H38: =IF(H24="","0",H37*H36) -> 0 | I38: =IF(I24="","0",I37*I36) -> 0 | J38: =IF(J24="","0",J37*J36) -> 0
C39: Valor final según porcentaje de participación INTEGRANTE 1 en SMMLV | D39: =IFERROR(D35*D37,"0") -> 0 | E39: =IFERROR(E35*E37,"0") -> 0 | F39: =IFERROR(F35*F37,"0") -> 0 | G39: =IFERROR(G35*G37,"0") -> 0 | H39: =IFERROR(H35*H37,"0") -> 0 | I39: =IFERROR(I35*I37,"0") -> 0 | J39: =IFERROR(J35*J37,"0") -> 0
C40: Porcentaje de Participación INTEGRANTE 2
C41: Valor final según porcentaje de participación INTEGRANTE 2 EN PESOS | D41: =IF(D25="","0",D40*D36) -> 0 | E41: =IF(E25="","0",E40*E36) -> 0 | F41: =IF(F25="","0",F40*F36) -> 0 | G41: =IF(G25="","0",G40*G36) -> 0 | H41: =IF(H25="","0",H40*H36) -> 0 | I41: =IF(I25="","0",I40*I36) -> 0 | J41: =IF(J25="","0",J40*J36) -> 0
C42: Valor final según porcentaje de participación INTEGRANTE 2 en SMMLV | D42: =IF(D25="",0,D35*D40) -> 0 | E42: =IF(E25="",0,E35*E40) -> 0 | F42: =IF(F25="",0,F35*F40) -> 0 | G42: =IF(G25="",0,G35*G40) -> 0 | H42: =IF(H25="",0,H35*H40) -> 0 | I42: =IF(I25="",0,I35*I40) -> 0 | J42: =IF(J25="",0,J35*J40) -> 0
C43: Porcentaje de Participación INTEGRANTE 3
C44: Valor final según porcentaje de participación INTEGRANTE 3 EN PESOS | D44: =IF(D26="","0",D43*D36) -> 0 | E44: =IF(E26="","0",E43*E36) -> 0 | F44: =IF(F26="","0",F43*F36) -> 0 | G44: =IF(G26="","0",G43*G36) -> 0 | H44: =IF(H26="","0",H43*H36) -> 0 | I44: =IF(I26="","0",I43*I36) -> 0 | J44: =IF(J26="","0",J43*J36) -> 0
C45: Valor final según porcentaje de participación INTEGRANTE 3 en SMMLV | D45: =IF(D26="",0,D35*D43) -> 0 | E45: =IF(E26="",0,E35*E43) -> 0 | F45: =IF(F26="",0,F35*F43) -> 0 | G45: =IF(G26="",0,G35*G43) -> 0 | H45: =IF(H26="",0,H35*H43) -> 0 | I45: =IF(I26="",0,I35*I43) -> 0 | J45: =IF(J26="",0,J35*J43) -> 0
C46: VALOR TOTAL ACREDITADO POR CONTRATO | D46: =+D39+D42+D45 -> 0 | E46: =+E39+E42+E45 -> 0 | F46: =+F39+F42+F45 -> 0 | G46: =+G39+G42+G45 -> 0 | H46: =+H39+H42+H45 -> 0 | I46: =+I39+I42+I45 -> 0 | J46: =+J39+J42+J45 -> 0
B47: REGISTRO UNICO DE PROPONENTES | C47: ¿RUP vigente y en firme antes del cierre del proceso?
B48: CODIGO CIIU | C48: =+'DATOS INICIALES'!D22 -> 81141500
C49: =+'DATOS INICIALES'!D23 -> 80101500
C50: =+'DATOS INICIALES'!D24 -> 80101600
C51: =+'DATOS INICIALES'!D25 -> 81101500
C52: =+'DATOS INICIALES'!D26 -> 0
C53: =+'DATOS INICIALES'!D27 -> 0
C55: ¿El contrato se encuentra clasificado en alguno de los anteriores códigos? | D55: =IF(D24="","N/A",IF(D48="SI","CUMPLE",IF(D49="SI","CUMPLE",IF(D50="SI","CUMPLE",IF(D51="SI","CUMPLE",IF(D52="SI","CUMPLE",IF(D53="SI","CUMPLE",IF(D54="SI","CUMPLE","NO CUMPLE")))))))) -> NO CUMPLE | E55: =IF(E24="","N/A",IF(E48="SI","CUMPLE",IF(E49="SI","CUMPLE",IF(E50="SI","CUMPLE",IF(E51="SI","CUMPLE",IF(E52="SI","CUMPLE",IF(E53="SI","CUMPLE",IF(E54="SI","CUMPLE","NO CUMPLE")))))))) -> NO CUMPLE | F55: =IF(F24="","N/A",IF(F48="SI","CUMPLE",IF(F49="SI","CUMPLE",IF(F50="SI","CUMPLE",IF(F51="SI","CUMPLE",IF(F52="SI","CUMPLE",IF(F53="SI","CUMPLE",IF(F54="SI","CUMPLE","NO CUMPLE")))))))) -> NO CUMPLE | G55: =IF(G24="","N/A",IF(G48="SI","CUMPLE",IF(G49="SI","CUMPLE",IF(G50="SI","CUMPLE",IF(G51="SI","CUMPLE",IF(G52="SI","CUMPLE",IF(G53="SI","CUMPLE",IF(G54="SI","CUMPLE","NO CUMPLE")))))))) -> NO CUMPLE | H55: =IF(H24="","N/A",IF(H48="SI","CUMPLE",IF(H49="SI","CUMPLE",IF(H50="SI","CUMPLE",IF(H51="SI","CUMPLE",IF(H52="SI","CUMPLE",IF(H53="SI","CUMPLE",IF(H54="SI","CUMPLE","NO CUMPLE")))))))) -> N/A | I55: =IF(I24="","N/A",IF(I48="SI","CUMPLE",IF(I49="SI","CUMPLE",IF(I50="SI","CUMPLE",IF(I51="SI","CUMPLE",IF(I52="SI","CUMPLE",IF(I53="SI","CUMPLE",IF(I54="SI","CUMPLE","NO CUMPLE")))))))) -> N/A | J55: =IF(J24="","N/A",IF(J48="SI","CUMPLE",IF(J49="SI","CUMPLE",IF(J50="SI","CUMPLE",IF(J51="SI","CUMPLE",IF(J52="SI","CUMPLE",IF(J53="SI","CUMPLE",IF(J54="SI","CUMPLE","NO CUMPLE")))))))) -> N/A
B56: PROYECTOS QUE CORRESPONDAN O HAYAN CONTENIDO UNA O ALGUNAS DE LAS SIGUIENTES ACTIVIDADES: - INTERVENTORÍA A CONSTRUCCIÓN Y/O RECONSTRUCCIÓN Y/O AMPLIACIÓN Y/O TERMINACIÓN Y/O REHABILITACIÓN Y/O MEJORAMIENTO Y/O MANTENIMIENTO Y/O ADECUACIÓN DE PARQUES - INTERVENTORÍA A CONSTRUCCIÓN Y/O RECONSTRUCCIÓN Y/O AMPLIACIÓN Y/O TERMINACIÓN Y/O REHABILITACIÓN Y/O MEJORAMIENTO Y/O MANTENIMIENTO Y/O ADECUACIÓN DE ESPACIO PÚBLICO Nota 1: Para el caso de experiencia de ESPACIO PÚBLICO se excluyen de estos las vías destinadas al tránsito vehicular, así como la INTERVENTORÍA A conservación y/o preservación de playas marítimas. Nota 2: En el caso en el cual el proceso de selección contemple actividades de dotación de mobiliario, la experiencia válida aportada deberá acreditar en por lo menos uno (1) de los contratos actividades de INTERVENTORÍA A suministro e instalación de mobiliario.
B61: D. Estar relacionados en el Formato 3 – Experiencia. Los Proponentes Plurales deben indicar qué integrante aporta cada uno de los contratos señalados en el Formato 3 – Experiencia. Este documento debe presentarlo el Proponente Plural y no sus integrantes. El Formato 3 -Experiencia deberá aportarse diligenciado en formato Excel.
B62: E. Los contratos acreditados deben haber terminado antes de la fecha de cierre del presente Proceso de Contratación.
B63: F. Para los contratos que sean aportados por personas jurídicas que no cuentan con más de tres (3) años de constituidas y pretendan acreditar la experiencia de sus socios, accionistas o constituyentes, en los términos establecidos en el numeral 2.5 del artículo 2.2.1.1.1.5.2. del Decreto 1082 de 2015, además del Registro Único de Proponentes (RUP), deben adjuntar un documento suscrito por el representante legal y el revisor fiscal o contador público (según corresponda) donde se indique la conformación de la persona jurídica. La Entidad tendrá en cuenta la experiencia de los accionistas, socios o constituyentes de las sociedades con menos de tres (3) años de constituidas. Pasado este tiempo, la sociedad conservará esta experiencia, tal y como haya quedado registrada en el RUP.
B64: 10.1.5 DOCUMENTOS VÁLIDOS PARA LA ACREDITACIÓN DE LA EXPERIENCIA REQUERIDA A. Acta de liquidación y/o recibo final del contrato de interventoría. B. Acta de liquidación y/o recibo final del Contrato de Obra al cual se le realizó la interventoría, en la cual se puede verificar las actividades ejecutadas y el alcance de las mismas. C. Acta de entrega, terminación, final o de recibo definitivo; en los cuales se pueda verificar la participación del Proponente como Interventor. D. Certificación de experiencia. Expedida con posterioridad a la fecha de terminación del contrato en la que conste la información de la interventoría a la obra contratada debidamente suscrita por quien esté en capacidad u obligación de hacerlo en la Entidad contratante. E. Acta de Inicio o la orden de inicio. La misma solo será válida para efectos de acreditar la fecha de inicio. F. Los contratos que hayan sido objeto de cesión deberán encontrarse debidamente inscritos y clasificados en el Registro Único de Proponentes (RUP) o en uno o alguno de los documentos considerados como válidos para la acreditación de experiencia del cesionario, según aplique. La experiencia se admitirá para el cesionario y no se reconocerá experiencia alguna al cedente.
B65: Para efectos de acreditación de experiencia con particulares, el Proponente deberá aportar, además, la certificación de facturación expedida con posterioridad a la fecha de terminación del contrato emitida por el revisor fiscal o contador público del Proponente que demuestre la experiencia, según corresponda, con la copia de la tarjeta profesional y el certificado de antecedente disciplinarios vigente, emitido por la Junta Central de Contadores, o los documentos equivalentes que hagan sus veces en el país donde se expide el documento del profesional.
B66: 10,1,6 PARA SUBCONTRATOS Para acreditar la experiencia de subcontratos, cuyo contrato principal fue suscrito con particulares, se aplicarán las disposiciones establecidas en el numeral anterior. Para acreditar la experiencia de contratos derivados de contratos suscritos con Entidades Estatales el Proponente deberá aportar los documentos que se enlistan a continuación: A. Certificación del subcontrato. Certificación expedida con posterioridad a la fecha de terminación del subcontrato, la cual deberá estar suscrita por el representante legal del contratista del contrato principal, del Concesionario, o del EPC o Consorcio Constructor. Así mismo, debe contener la información requerida en el Pliego de Condiciones para efectos de la acreditación de la experiencia. B. Certificación expedida por la Entidad Estatal del contrato principal del cual se derivó el subcontrato. Esta certificación debe contener la información básica del contrato principal y la siguiente: I. Alcance de las actividades de consultoría en el contrato principal. II. Información en la cual se evidencie que la figura de la subcontratación es permitida en el marco del contrato principal. En caso de que no requiera autorización para subcontratar, el Proponente podrá aportar con su propuesta alguno de los siguientes documentos que den cuenta de esa circunstancia: i) copia del contrato o ii) certificación emitida por la Entidad Estatal, donde acredite que para subcontratar no se requería autorización. La información solicitada en el literal B únicamente se exige en relación con el contrato principal suscrito con la Entidad Estatal.
B67: 10.1.4 ACREDITACIÓN DE LA EXPERIENCIA REQUERIDA Los Proponentes acreditarán para cada uno de los contratos aportados la siguiente información, mediante alguno de los documentos señalados en la sección 10.1.5 del Pliego de Condiciones: I. Contratante. II. Objeto del contrato. III. Principales actividades ejecutadas. IV. Las longitudes, volúmenes, dimensiones, tipologías y demás condiciones de experiencia establecidas en la “Matriz 1 – Experiencia” a la cual se realizó la consultoría, si aplica. V. La fecha de iniciación de la ejecución del contrato. VI. La fecha de terminación de la ejecución del contrato. VII. Nombre y cargo de la persona que expide la certificación. VIII. El porcentaje de participación del integrante del contratista plural, el cual corresponderá con el registrado en el RUP, o en alguno de los documentos válidos para la acreditación de experiencia en caso de que el integrante no esté obligado a tener RUP. IX. Valor total ejecutado. Tratándose de personas obligadas a tener RUP el valor ejecutado o facturado se tomará del valor registrado en el RUP.
B68: CONCEPTO POR CONTRATO | D68: =IF(D24="","N/A",IF(AND(D47="CUMPLE",D55="CUMPLE",D56="CUMPLE",D61="CUMPLE",D62="CUMPLE",OR(D63="CUMPLE",D63="N/A"),D64="CUMPLE",OR(D65="CUMPLE",D65="N/A"),D67="CUMPLE",OR(D66="CUMPLE",D66="N/A")),"CUMPLE","NO CUMPLE")) -> NO CUMPLE | E68: =IF(E24="","N/A",IF(AND(E47="CUMPLE",E55="CUMPLE",E56="CUMPLE",E61="CUMPLE",E62="CUMPLE",OR(E63="CUMPLE",E63="N/A"),E64="CUMPLE",OR(E65="CUMPLE",E65="N/A"),E67="CUMPLE",OR(E66="CUMPLE",E66="N/A")),"CUMPLE","NO CUMPLE")) -> NO CUMPLE | F68: =IF(F24="","N/A",IF(AND(F47="CUMPLE",F55="CUMPLE",F56="CUMPLE",F61="CUMPLE",F62="CUMPLE",OR(F63="CUMPLE",F63="N/A"),F64="CUMPLE",OR(F65="CUMPLE",F65="N/A"),F67="CUMPLE",OR(F66="CUMPLE",F66="N/A")),"CUMPLE","NO CUMPLE")) -> NO CUMPLE | G68: =IF(G24="","N/A",IF(AND(G47="CUMPLE",G55="CUMPLE",G56="CUMPLE",G61="CUMPLE",G62="CUMPLE",OR(G63="CUMPLE",G63="N/A"),G64="CUMPLE",OR(G65="CUMPLE",G65="N/A"),G67="CUMPLE",OR(G66="CUMPLE",G66="N/A")),"CUMPLE","NO CUMPLE")) -> NO CUMPLE | H68: =IF(H24="","N/A",IF(AND(H47="CUMPLE",H55="CUMPLE",H56="CUMPLE",H61="CUMPLE",H62="CUMPLE",OR(H63="CUMPLE",H63="N/A"),H64="CUMPLE",OR(H65="CUMPLE",H65="N/A"),H67="CUMPLE",OR(H66="CUMPLE",H66="N/A")),"CUMPLE","NO CUMPLE")) -> N/A | I68: =IF(I24="","N/A",IF(AND(I47="CUMPLE",I55="CUMPLE",I56="CUMPLE",I61="CUMPLE",I62="CUMPLE",OR(I63="CUMPLE",I63="N/A"),I64="CUMPLE",OR(I65="CUMPLE",I65="N/A"),I67="CUMPLE",OR(I66="CUMPLE",I66="N/A")),"CUMPLE","NO CUMPLE")) -> N/A | J68: =IF(J24="","N/A",IF(AND(J47="CUMPLE",J55="CUMPLE",J56="CUMPLE",J61="CUMPLE",J62="CUMPLE",OR(J63="CUMPLE",J63="N/A"),J64="CUMPLE",OR(J65="CUMPLE",J65="N/A"),J67="CUMPLE",OR(J66="CUMPLE",J66="N/A")),"CUMPLE","NO CUMPLE")) -> N/A
B69: EXPERIENCIA ESPECIFICA: Con la sumatoria de hasta máximo dos (2) de los contratos válidos aportados como experiencia general debe corresponder mínimo al (70%) del presupuesto oficial del presente proceso de selección.
B71: DOCUMENTACIÓN PERSONAL
B72: REQUISITO | D72: CONCEPTO | E72: OBSERVACIONES
B73: 3.9.2 EXIGENCIAS MÍNIMAS DE EXPERIENCIA Y FORMACIÓN ACADÉMICA DEL EQUIPO DE TRABAJO (Personal Clave Evaluable) Durante el desarrollo del Proceso de Contratación NO se evaluarán los soportes de los perfiles requeridos, por lo que no se solicitarán como parte de los documentos que conforman la propuesta. En tal sentido, el Proponente deberá cumplir las siguientes reglas: I. Aportar y diligenciar en forma clara, completa, correcta y legible el “Formato 8 - Aceptación y cumplimiento de la formación académica y la experiencia del personal clave evaluable”, de acuerdo con los requisitos y condiciones que allí se indican y demás señaladas en el Pliego de Condiciones y sus documentos anexos. II. l “Formato 8 – Aceptación y cumplimiento de la formación académica y la experiencia del personal clave evaluable” debe suscribirlo el Proponente persona natural, representante legal de la persona jurídica o representante del Proponente Plural. Para los fines de este numeral se entiende por Personal Clave Evaluable los siguientes perfiles: i. Un (1) Director de Interventoría ii. Un (1) Residente de Interventoría. iii. Un (1) Especialista en Geotecnia.
B74: CONCEPTO DOCUMENTACION PERSONAL | D74: =IF(D73="CUMPLE","CUMPLE","NO CUMPLE") -> NO CUMPLE

Sheet 5
B2: ALCALDIA LOCAL DE KENNEDY
B4: ='DATOS INICIALES'!G4 -> FDLK-CMA-003-2024
B6: Ciudad | C6: BOGOTÁ D.C | D6: Fecha de Evaluación | G6: Fecha de Cierre | H6: 44902
B7: DATOS GENERALES | J7: VALOR MINIMO A CERTIFICAR
B8: OBJETO DE LA CONVOCATORIA | C8: ='DATOS INICIALES'!D2 -> REALIZAR LA INTERVENTORÍA TÉCNICA, ADMINISTRATIVA, FINANCIERA, JURÍDICA, AMBIENTAL, SOCIAL Y DE SEGURIDAD Y SALUD EN EL TRABAJO AL CONTRATO DE OBRA PÚBLICA RESULTANTE DEL PROCESO DE LICITACIÓN PÚBLICA No. FDLK-LP-013-2024 CUYO OBJETO ES: CONTRATAR POR EL SISTEMA DE PRECIOS UNITARIOS A MONTO AGOTABLE EL DIAGNÓSTICO, MANTENIMIENTO CORRECTIVO Y PREVENTIVO, SUMINISTRO E INSTALACION DE MOBILIARIO DE LOS PARQUES DE PROXIMIDAD (VECINALES Y DE BOLSILLO) PRIORIZADOS EN LA LOCALIDAD DE KENNEDY | J8: DE 1 HASTA 4, 5 ó 6 | K8: 1 | L8: =K8*$C$10 -> 405.24573
B9: VALOR DEL PROCESO EN PESOS | C9: =+'DATOS INICIALES'!C5 -> 526819451
B10: VALOR DEL PROCESO EN SMMLV | C10: =C9/'DATOS INICIALES'!B9 -> 405.24573
A11: 5 | B11: PROPONENTE | C11: =VLOOKUP(A11,PROPONENTES!A10:B46,2,FALSE) -> PRODEINCOL S.A.S. | H11: CONCEPTO FINAL | I11: =IF(AND(F20="CUMPLE",G20="CUMPLE",H20="CUMPLE",L14="CUMPLE",D74="CUMPLE",K16="CUMPLE"),"CUMPLE","NO CUMPLE") -> CUMPLE
B13: ACREDITACIÓN DE EXPERIENCIA FIGURA ASOCIATIVA | I13: TOTAL CONTRATOS VÁLIDOS | J13: VALOR TOTAL A ACREDITAR (SMMLV) | K13: VALOR TOTAL ACREDITADO (SMMLV) | L13: CONCEPTO
B14: MIEMBRO UNICO O INTEGRANTES DEL CONSORCIO O UNION TEMPORAL. | C14: INTEGRANTE | D14: % PARTICIPACIÓN | E14: EXPERIENCIA TOTAL APORTADA | F14: ¿AL MENOS UNO APORTA EL 50% DE EXPERIENCIA? | G14: ¿APORTA MÍNIMO EL 5% DE EXPERIENCIA? | H14: SI NO APORTA ¿TIENE COMO MAXIMO EL 10% DE PARTICIPACIÓN? | I14: =COUNTIF(D68:I68,"CUMPLE") -> 1 | J14: =+L8 -> 405.24573 | K14: =+E20 -> 685.875 | L14: =IF(K14>=J14,"CUMPLE","NO CUMPLE") -> CUMPLE
C15: =IF(VLOOKUP(C11,PROPONENTES!B10:N46,2,FALSE)=0,"",VLOOKUP(C11,PROPONENTES!B10:N46,2,FALSE)) -> PRODEINCOL S.A.S. | D15: =IF(VLOOKUP(C11,PROPONENTES!B10:N46,3,FALSE)=0,"",VLOOKUP(C11,PROPONENTES!B10:N46,3,FALSE)) -> 1 | E15: =IF(C15="","",IF($D$68="CUMPLE",IF(C15=$D$24,$D$39)+IF(C15=$D$25,$D$42)+IF(C15=$D$26,$D$45))+IF($E$68="CUMPLE",IF(C15=$E$24,$E$39)+IF(C15=$E$25,$E$42)+IF(C15=$E$26,$E$45))+IF($F$68="CUMPLE",IF(C15=$F$24,$F$39)+IF(C15=$F$25,$F$42)+IF(C15=$F$26,$F$45))+IF($G$68="CUMPLE",IF(C15=$G$24,$G$39)+IF(C15=$G$25,$G$42)+IF(C15=$G$26,$G$45))+IF($H$68="CUMPLE",IF(C15=$H$24,$H$39)+IF(C15=$H$25,$H$42)+IF(C15=$H$26,$H$45))+IF($I$68="CUMPLE",IF(C15=$I$24,$I$39)+IF(C15=$I$25,$I$42)+IF(C15=$I$26,$I$45))+IF($J$68="CUMPLE",IF(C15=$J$24,$J$39)+IF(C15=$J$25,$J$42)+IF(C15=$J$26,$J$45))) -> 685.875 | F15: =IF(C15="","",IF(E15>=$J$14*0.5,"SI","NO")) -> SI | G15: =IF(C15="","",IF(E15>=$J$14*0.05,"SI",IF(E15=0,"NO APORTA EXPERIENCIA",))) -> SI | H15: =IF(C15="","",IF(AND(G15="NO APORTA EXPERIENCIA",D15<=10%),"SI",IF(G15="SI","NO APLICA","NO - PORCENTAJE MAYOR AL 10%"))) -> NO APLICA | I15: EXP. ESPECIFICA ACREDITADA 2 CONTRATOS (SMMLV) | J15: EXP. ESPECIFICA SOLICITADA (SMMLV) | K15: CONCEPTO | L15: VALOR PROMEDIO DE CONTRATOS VALIDOS
C16: =IF(VLOOKUP(C11,PROPONENTES!B10:N46,4,FALSE)=0,"",VLOOKUP(C11,PROPONENTES!B10:N46,4,FALSE)) | D16: =IF(VLOOKUP(C11,PROPONENTES!B10:N46,5,FALSE)=0,"",VLOOKUP(C11,PROPONENTES!B10:N46,5,FALSE)) | E16: =IF(C16="","",IF($D$68="CUMPLE",IF(C16=$D$24,$D$39)+IF(C16=$D$25,$D$42)+IF(C16=$D$26,$D$45))+IF($E$68="CUMPLE",IF(C16=$E$24,$E$39)+IF(C16=$E$25,$E$42)+IF(C16=$E$26,$E$45))+IF($F$68="CUMPLE",IF(C16=$F$24,$F$39)+IF(C16=$F$25,$F$42)+IF(C16=$F$26,$F$45))+IF($G$68="CUMPLE",IF(C16=$G$24,$G$39)+IF(C16=$G$25,$G$42)+IF(C16=$G$26,$G$45))+IF($H$68="CUMPLE",IF(C16=$H$24,$H$39)+IF(C16=$H$25,$H$42)+IF(C16=$H$26,$H$45))+IF($I$68="CUMPLE",IF(C16=$I$24,$I$39)+IF(C16=$I$25,$I$42)+IF(C16=$I$26,$I$45))+IF($J$68="CUMPLE",IF(C16=$J$24,$J$39)+IF(C16=$J$25,$J$42)+IF(C16=$J$26,$J$45))) | F16: =IF(C16="","",IF(E16>=$J$14*0.5,"SI","NO")) | G16: =IF(C16="","",IF(E16>=$J$14*0.05,"SI",IF(E16=0,"NO APORTA EXPERIENCIA",))) | H16: =IF(C16="","",IF(AND(G16="NO APORTA EXPERIENCIA",D16<=10%),"SI",IF(G16="SI","NO APLICA","NO - PORCENTAJE MAYOR AL 5%"))) | I16: =SUMIF(D69:J69,"CUMPLE",D39:J39)+SUMIF(D69:J69,"CUMPLE",D42:J42)+SUMIF(D69:J69,"CUMPLE",D45:J45) -> 685.875 | J16: =+L8*0.7 -> 283.67201 | K16: =IF(I16>=J16,"CUMPLE","NO CUMPLE") -> CUMPLE | L16: =AVERAGEIF(D68:J68,"CUMPLE",D46:J46) -> 685.875
C17: =IF(VLOOKUP(C11,PROPONENTES!B10:N46,6,FALSE)=0,"",VLOOKUP(C11,PROPONENTES!B10:N46,6,FALSE)) | D17: =IF(VLOOKUP(C11,PROPONENTES!B10:N46,7,FALSE)=0,"",VLOOKUP(C11,PROPONENTES!B10:N46,7,FALSE)) | E17: =IF(C17="","",IF($D$68="CUMPLE",IF(C17=$D$24,$D$39)+IF(C17=$D$25,$D$42)+IF(C17=$D$26,$D$45))+IF($E$68="CUMPLE",IF(C17=$E$24,$E$39)+IF(C17=$E$25,$E$42)+IF(C17=$E$26,$E$45))+IF($F$68="CUMPLE",IF(C17=$F$24,$F$39)+IF(C17=$F$25,$F$42)+IF(C17=$F$26,$F$45))+IF($G$68="CUMPLE",IF(C17=$G$24,$G$39)+IF(C17=$G$25,$G$42)+IF(C17=$G$26,$G$45))+IF($H$68="CUMPLE",IF(C17=$H$24,$H$39)+IF(C17=$H$25,$H$42)+IF(C17=$H$26,$H$45))+IF($I$68="CUMPLE",IF(C17=$I$24,$I$39)+IF(C17=$I$25,$I$42)+IF(C17=$I$26,$I$45))+IF($J$68="CUMPLE",IF(C17=$J$24,$J$39)+IF(C17=$J$25,$J$42)+IF(C17=$J$26,$J$45))) | F17: =IF(C17="","",IF(E17>=$J$14*0.5,"SI","NO")) | G17: =IF(C17="","",IF(E17>=$J$14*0.05,"SI",IF(E17=0,"NO APORTA EXPERIENCIA",))) | H17: =IF(C17="","",IF(AND(G17="NO APORTA EXPERIENCIA",D17<=10%),"SI",IF(G17="SI","NO APLICA","NO - PORCENTAJE MAYOR AL 5%")))
C18: =IF(VLOOKUP(C11,PROPONENTES!B10:N46,8,FALSE)=0,"",VLOOKUP(C11,PROPONENTES!B10:N46,8,FALSE)) | D18: =IF(VLOOKUP(C11,PROPONENTES!B10:N46,9,FALSE)=0,"",VLOOKUP(C11,PROPONENTES!B10:N46,9,FALSE)) | E18: =IF(C18="","",IF($D$68="CUMPLE",IF(C18=$D$24,$D$39)+IF(C18=$D$25,$D$42)+IF(C18=$D$26,$D$45))+IF($E$68="CUMPLE",IF(C18=$E$24,$E$39)+IF(C18=$E$25,$E$42)+IF(C18=$E$26,$E$45))+IF($F$68="CUMPLE",IF(C18=$F$24,$F$39)+IF(C18=$F$25,$F$42)+IF(C18=$F$26,$F$45))+IF($G$68="CUMPLE",IF(C18=$G$24,$G$39)+IF(C18=$G$25,$G$42)+IF(C18=$G$26,$G$45))+IF($H$68="CUMPLE",IF(C18=$H$24,$H$39)+IF(C18=$H$25,$H$42)+IF(C18=$H$26,$H$45))+IF($I$68="CUMPLE",IF(C18=$I$24,$I$39)+IF(C18=$I$25,$I$42)+IF(C18=$I$26,$I$45))+IF($J$68="CUMPLE",IF(C18=$J$24,$J$39)+IF(C18=$J$25,$J$42)+IF(C18=$J$26,$J$45))) | F18: =IF(C18="","",IF(E18>=$J$14*0.5,"SI","NO")) | G18: =IF(C18="","",IF(E18>=$J$14*0.05,"SI",IF(E18=0,"NO APORTA EXPERIENCIA",))) | H18: =IF(C18="","",IF(AND(G18="NO APORTA EXPERIENCIA",D18<=10%),"SI",IF(G18="SI","NO APLICA","NO - PORCENTAJE MAYOR AL 5%")))
C19: =IF(VLOOKUP(C11,PROPONENTES!B10:N46,10,FALSE)=0,"",VLOOKUP(C11,PROPONENTES!B10:N46,10,FALSE)) | D19: =IF(VLOOKUP(C11,PROPONENTES!B10:N46,11,FALSE)=0,"",VLOOKUP(C11,PROPONENTES!B10:N46,11,FALSE)) | E19: =IF(C19="","",IF($D$68="CUMPLE",IF(C19=$D$24,$D$39)+IF(C19=$D$25,$D$42)+IF(C19=$D$26,$D$45))+IF($E$68="CUMPLE",IF(C19=$E$24,$E$39)+IF(C19=$E$25,$E$42)+IF(C19=$E$26,$E$45))+IF($F$68="CUMPLE",IF(C19=$F$24,$F$39)+IF(C19=$F$25,$F$42)+IF(C19=$F$26,$F$45))+IF($G$68="CUMPLE",IF(C19=$G$24,$G$39)+IF(C19=$G$25,$G$42)+IF(C19=$G$26,$G$45))+IF($H$68="CUMPLE",IF(C19=$H$24,$H$39)+IF(C19=$H$25,$H$42)+IF(C19=$H$26,$H$45))+IF($I$68="CUMPLE",IF(C19=$I$24,$I$39)+IF(C19=$I$25,$I$42)+IF(C19=$I$26,$I$45))+IF($J$68="CUMPLE",IF(C19=$J$24,$J$39)+IF(C19=$J$25,$J$42)+IF(C19=$J$26,$J$45))) | F19: =IF(C19="","",IF(E19>=$J$14*0.5,"SI","NO")) | G19: =IF(C19="","",IF(E19>=$J$14*0.05,"SI",IF(E19=0,"NO APORTA EXPERIENCIA",))) | H19: =IF(C19="","",IF(AND(G19="NO APORTA EXPERIENCIA",D19<=10%),"SI",IF(G19="SI","NO APLICA","NO - PORCENTAJE MAYOR AL 5%")))
B20: TOTAL | C20: =+VLOOKUP(C11,PROPONENTES!B10:N46,12,FALSE) -> 1 | D20: =+VLOOKUP(C11,PROPONENTES!B10:N46,13,FALSE) -> 1 | E20: =SUM(E15:E19) -> 685.875 | F20: =IF(F15="SI","CUMPLE",IF(F16="SI","CUMPLE",IF(F17="SI","CUMPLE",IF(F18="SI","CUMPLE",IF(F19="SI","CUMPLE","NO CUMPLE"))))) -> CUMPLE | G20: =+IF(COUNTIF(E15:E19,0)>1,"NO CUMPLE, HAY MAS DE UN (1) INTEGRANTE QUE NO APORTA EXPERIENCIA",IF(AND(OR(G15="NO APORTA EXPERIENCIA",G15="SI",G15=""),OR(G16="NO APORTA EXPERIENCIA",G16="SI",G16=""),OR(G17="NO APORTA EXPERIENCIA",G17="SI",G17=""),OR(G18="NO APORTA EXPERIENCIA",G18="SI",G18=""),OR(G19="NO APORTA EXPERIENCIA",G19="SI",G19="")),"CUMPLE","NO CUMPLE")) -> CUMPLE | H20: =IF(COUNTIF(E15:E19,0)>1,"NO CUMPLE, HAY MAS DE UN (1) INTEGRANTE QUE NO APORTA EXPERIENCIA",IF(AND(OR(H15="NO APLICA",H15="SI",H15=""),OR(H16="NO APLICA",H16="SI",H16=""),OR(H17="NO APLICA",H17="SI",H17=""),OR(H18="NO APLICA",H18="SI",H18=""),OR(H19="NO APLICA",H19="SI",H19="")),"CUMPLE","NO CUMPLE")) -> CUMPLE | I20: EMPRENDIMIENTO MUJER | J20: =IF(VLOOKUP(C11,PUNTAJE!B15:AD109,25,FALSE)=0.25,"SI","NO") -> SI | K20: MIPYME | L20: =IF(VLOOKUP(C11,PUNTAJE!B15:AD109,29,FALSE)=0.25,"SI","NO") -> SI
B22: =CONCATENATE("ACREDITACION EXPERIENCIA ",'DATOS INICIALES'!G4) -> ACREDITACION EXPERIENCIA FDLK-CMA-003-2024
B23: NÚMERO DE CERTIFICACIONES | C23: Máximo 5, 6 o 7 contratos | D23: CONTRATO No. 1 | E23: CONTRATO No. 2 | F23: CONTRATO No. 3 | G23: CONTRATO No. 4 | H23: CONTRATO No. 5 | I23: CONTRATO No. 6 | K23: OBSERVACIONES
B24: INTEGRANTE 1 DEL CONTRATO APORTADO | D24: PRODEINCOL S.A.S. | E24: PRODEINCOL S.A.S.
B25: INTEGRANTE 2 DEL CONTRATO APORTADO
B26: INTEGRANTE 3 DEL CONTRATO APORTADO
B27: DATOS DEL CONTRATO | C27: N° del contrato y año de suscripción | D27: 2277-2016 | E27: EDU-0250-2016
C28: Objeto | D28: INTERVENTORIA PARA EL MEJORAMIENTO Y ADECUACION DE ESCENARIOS DEPORTIVOS DE LA VILLA OLIMPICA DEL MUNICIPIO DE BUCARAMANGA, SEPARTAMENTO DE SANTANDER. | E28: INTERVENTORÍA TÉCNICA, ADMINISTRATIVA, AMBIENTAL Y FINANCIERA PARA LA CONSTRUCCIÓN DEL MALECÓN, CORREDOR VERDE Y AVENIDA DEL RÍO EN LA RIBERA DEL RÍO MAGDALENA DESDE SIAPE HASTA LA ISLA DE LA LOMA EN EL DISTRITO DE BARRANQUILLA
C29: Fecha de iniciación del contrato. (dd/mm/aaaa) | D29: 46335 | E29: 42622
C30: Fecha de terminación del contrato. (dd/mm/aaaa) | D30: 43016 | E30: 43444
C31: Año de terminación para convertir en SMMLV | D31: 2017 | E31: 2018
C32: Nombre o razón social del contratante | D32: GOBERNACION DE SANTANDER | E32: EMORESA DE DESARROLLO URBANO DE BARRANQUILLA
C33: Nombre o razón social del contratista | D33: CONSORCIO VILLA OLIMPICA | E33: COSORCIO MALECON SIAPE
C34: No. Consecutivo RUP | D34: 15 | E34: 16
C35: Valor final del contrato en SMMLV reportado en el RUP | D35: 1371.75 | E35: 5294.4
C36: Valor final contrato en pesos | D36: =IFERROR(D35*VLOOKUP(D31,'DATOS INICIALES'!$A$12:$B$43,2,0),"0") -> 1.0119633e+09 | E36: =IFERROR(E35*VLOOKUP(E31,'DATOS INICIALES'!$A$12:$B$43,2,0),"0") -> 4.1362076e+09 | F36: =IFERROR(F35*VLOOKUP(F31,'DATOS INICIALES'!$A$12:$B$43,2,0),"0") -> 0 | G36: =IFERROR(G35*VLOOKUP(G31,'DATOS INICIALES'!$A$12:$B$43,2,0),"0") -> 0 | H36: =IFERROR(H35*VLOOKUP(H31,'DATOS INICIALES'!$A$12:$B$43,2,0),"0") -> 0 | I36: =IFERROR(I35*VLOOKUP(I31,'DATOS INICIALES'!$A$12:$B$43,2,0),"0") -> 0 | J36: =IFERROR(J35*VLOOKUP(J31,'DATOS INICIALES'!$A$12:$B$43,2,0),"0") -> 0
C37: Porcentaje de Participación INTEGRANTE 1 | D37: 0.5 | E37: 0.34
C38: Valor final según porcentaje de participación INTEGRANTE 1 EN PESOS | D38: =IF(D24="","0",D37*D36) -> 5.0598165e+08 | E38: =IF(E24="","0",E37*E36) -> 1.4063106e+09 | F38: =IF(F24="","0",F37*F36) -> 0 | G38: =IF(G24="","0",G37*G36) -> 0 | H38: =IF(H24="","0",H37*H36) -> 0 | I38: =IF(I24="","0",I37*I36) -> 0 | J38: =IF(J24="","0",J37*J36) -> 0
C39: Valor final según porcentaje de participación INTEGRANTE 1 en SMMLV | D39: =IFERROR(D35*D37,"0") -> 685.875 | E39: =IFERROR(E35*E37,"0") -> 1800.096 | F39: =IFERROR(F35*F37,"0") -> 0 | G39: =IFERROR(G35*G37,"0") -> 0 | H39: =IFERROR(H35*H37,"0") -> 0 | I39: =IFERROR(I35*I37,"0") -> 0 | J39: =IFERROR(J35*J37,"0") -> 0
C40: Porcentaje de Participación INTEGRANTE 2 | D40: 0 | E40: 0
C41: Valor final según porcentaje de participación INTEGRANTE 2 EN PESOS | D41: =IF(D25="","0",D40*D36) -> 0 | E41: =IF(E25="","0",E40*E36) -> 0 | F41: =IF(F25="","0",F40*F36) -> 0 | G41: =IF(G25="","0",G40*G36) -> 0 | H41: =IF(H25="","0",H40*H36) -> 0 | I41: =IF(I25="","0",I40*I36) -> 0 | J41: =IF(J25="","0",J40*J36) -> 0
C42: Valor final según porcentaje de participación INTEGRANTE 2 en SMMLV | D42: =IF(D25="",0,D35*D40) -> 0 | E42: =IF(E25="",0,E35*E40) -> 0 | F42: =IF(F25="",0,F35*F40) -> 0 | G42: =IF(G25="",0,G35*G40) -> 0 | H42: =IF(H25="",0,H35*H40) -> 0 | I42: =IF(I25="",0,I35*I40) -> 0 | J42: =IF(J25="",0,J35*J40) -> 0
C43: Porcentaje de Participación INTEGRANTE 3 | D43: 0 | E43: 0
C44: Valor final según porcentaje de participación INTEGRANTE 3 EN PESOS | D44: =IF(D26="","0",D43*D36) -> 0 | E44: =IF(E26="","0",E43*E36) -> 0 | F44: =IF(F26="","0",F43*F36) -> 0 | G44: =IF(G26="","0",G43*G36) -> 0 | H44: =IF(H26="","0",H43*H36) -> 0 | I44: =IF(I26="","0",I43*I36) -> 0 | J44: =IF(J26="","0",J43*J36) -> 0
C45: Valor final según porcentaje de participación INTEGRANTE 3 en SMMLV | D45: =IF(D26="",0,D35*D43) -> 0 | E45: =IF(E26="",0,E35*E43) -> 0 | F45: =IF(F26="",0,F35*F43) -> 0 | G45: =IF(G26="",0,G35*G43) -> 0 | H45: =IF(H26="",0,H35*H43) -> 0 | I45: =IF(I26="",0,I35*I43) -> 0 | J45: =IF(J26="",0,J35*J43) -> 0
C46: VALOR TOTAL ACREDITADO POR CONTRATO | D46: =+D39+D42+D45 -> 685.875 | E46: =+E39+E42+E45 -> 1800.096 | F46: =+F39+F42+F45 -> 0 | G46: =+G39+G42+G45 -> 0 | H46: =+H39+H42+H45 -> 0 | I46: =+I39+I42+I45 -> 0 | J46: =+J39+J42+J45 -> 0
B47: REGISTRO UNICO DE PROPONENTES | C47: ¿RUP vigente y en firme antes del cierre del proceso? | D47: CUMPLE | E47: CUMPLE
B48: CODIGO CIIU | C48: =+'DATOS INICIALES'!D22 -> 81141500 | D48: SI | E48: SI
C49: =+'DATOS INICIALES'!D23 -> 80101500 | D49: SI | E49: SI
C50: =+'DATOS INICIALES'!D24 -> 80101600 | D50: SI | E50: SI
C51: =+'DATOS INICIALES'!D25 -> 81101500 | D51: SI | E51: SI
C52: =+'DATOS INICIALES'!D26 -> 0
C53: =+'DATOS INICIALES'!D27 -> 0
C55: ¿El contrato se encuentra clasificado en alguno de los anteriores códigos? | D55: =IF(D24="","N/A",IF(D48="SI","CUMPLE",IF(D49="SI","CUMPLE",IF(D50="SI","CUMPLE",IF(D51="SI","CUMPLE",IF(D52="SI","CUMPLE",IF(D53="SI","CUMPLE",IF(D54="SI","CUMPLE","NO CUMPLE")))))))) -> CUMPLE | E55: =IF(E24="","N/A",IF(E48="SI","CUMPLE",IF(E49="SI","CUMPLE",IF(E50="SI","CUMPLE",IF(E51="SI","CUMPLE",IF(E52="SI","CUMPLE",IF(E53="SI","CUMPLE",IF(E54="SI","CUMPLE","NO CUMPLE")))))))) -> CUMPLE | F55: =IF(F24="","N/A",IF(F48="SI","CUMPLE",IF(F49="SI","CUMPLE",IF(F50="SI","CUMPLE",IF(F51="SI","CUMPLE",IF(F52="SI","CUMPLE",IF(F53="SI","CUMPLE",IF(F54="SI","CUMPLE","NO CUMPLE")))))))) -> N/A | G55: =IF(G24="","N/A",IF(G48="SI","CUMPLE",IF(G49="SI","CUMPLE",IF(G50="SI","CUMPLE",IF(G51="SI","CUMPLE",IF(G52="SI","CUMPLE",IF(G53="SI","CUMPLE",IF(G54="SI","CUMPLE","NO CUMPLE")))))))) -> N/A | H55: =IF(H24="","N/A",IF(H48="SI","CUMPLE",IF(H49="SI","CUMPLE",IF(H50="SI","CUMPLE",IF(H51="SI","CUMPLE",IF(H52="SI","CUMPLE",IF(H53="SI","CUMPLE",IF(H54="SI","CUMPLE","NO CUMPLE")))))))) -> N/A | I55: =IF(I24="","N/A",IF(I48="SI","CUMPLE",IF(I49="SI","CUMPLE",IF(I50="SI","CUMPLE",IF(I51="SI","CUMPLE",IF(I52="SI","CUMPLE",IF(I53="SI","CUMPLE",IF(I54="SI","CUMPLE","NO CUMPLE")))))))) -> N/A | J55: =IF(J24="","N/A",IF(J48="SI","CUMPLE",IF(J49="SI","CUMPLE",IF(J50="SI","CUMPLE",IF(J51="SI","CUMPLE",IF(J52="SI","CUMPLE",IF(J53="SI","CUMPLE",IF(J54="SI","CUMPLE","NO CUMPLE")))))))) -> N/A
B56: PROYECTOS QUE CORRESPONDAN O HAYAN CONTENIDO UNA O ALGUNAS DE LAS SIGUIENTES ACTIVIDADES: - INTERVENTORÍA A CONSTRUCCIÓN Y/O RECONSTRUCCIÓN Y/O AMPLIACIÓN Y/O TERMINACIÓN Y/O REHABILITACIÓN Y/O MEJORAMIENTO Y/O MANTENIMIENTO Y/O ADECUACIÓN DE PARQUES - INTERVENTORÍA A CONSTRUCCIÓN Y/O RECONSTRUCCIÓN Y/O AMPLIACIÓN Y/O TERMINACIÓN Y/O REHABILITACIÓN Y/O MEJORAMIENTO Y/O MANTENIMIENTO Y/O ADECUACIÓN DE ESPACIO PÚBLICO Nota 1: Para el caso de experiencia de ESPACIO PÚBLICO se excluyen de estos las vías destinadas al tránsito vehicular, así como la INTERVENTORÍA A conservación y/o preservación de playas marítimas. Nota 2: En el caso en el cual el proceso de selección contemple actividades de dotación de mobiliario, la experiencia válida aportada deberá acreditar en por lo menos uno (1) de los contratos actividades de INTERVENTORÍA A suministro e instalación de mobiliario. | D56: CUMPLE | E56: NO CUMPLE | K56: CONTRATO 2: NO SE CONSIDERA VALIDA LA EXPERIENCIA TODA VEZ QUE NO DA CUMPLIMIENTO A LO ESTABLECIDO EN LA NOTA 1: Para el caso de experiencia de ESPACIO PÚBLICO se excluyen de estos las vías destinadas al tránsito vehicular, así como la INTERVENTORÍA A conservación y/o preservación de playas marítimas.
B61: D. Estar relacionados en el Formato 3 – Experiencia. Los Proponentes Plurales deben indicar qué integrante aporta cada uno de los contratos señalados en el Formato 3 – Experiencia. Este documento debe presentarlo el Proponente Plural y no sus integrantes. El Formato 3 -Experiencia deberá aportarse diligenciado en formato Excel. | D61: CUMPLE | E61: CUMPLE
B62: E. Los contratos acreditados deben haber terminado antes de la fecha de cierre del presente Proceso de Contratación. | D62: CUMPLE | E62: CUMPLE
B63: F. Para los contratos que sean aportados por personas jurídicas que no cuentan con más de tres (3) años de constituidas y pretendan acreditar la experiencia de sus socios, accionistas o constituyentes, en los términos establecidos en el numeral 2.5 del artículo 2.2.1.1.1.5.2. del Decreto 1082 de 2015, además del Registro Único de Proponentes (RUP), deben adjuntar un documento suscrito por el representante legal y el revisor fiscal o contador público (según corresponda) donde se indique la conformación de la persona jurídica. La Entidad tendrá en cuenta la experiencia de los accionistas, socios o constituyentes de las sociedades con menos de tres (3) años de constituidas. Pasado este tiempo, la sociedad conservará esta experiencia, tal y como haya quedado registrada en el RUP. | D63: N/A | E63: N/A
B64: 10.1.5 DOCUMENTOS VÁLIDOS PARA LA ACREDITACIÓN DE LA EXPERIENCIA REQUERIDA A. Acta de liquidación y/o recibo final del contrato de interventoría. B. Acta de liquidación y/o recibo final del Contrato de Obra al cual se le realizó la interventoría, en la cual se puede verificar las actividades ejecutadas y el alcance de las mismas. C. Acta de entrega, terminación, final o de recibo definitivo; en los cuales se pueda verificar la participación del Proponente como Interventor. D. Certificación de experiencia. Expedida con posterioridad a la fecha de terminación del contrato en la que conste la información de la interventoría a la obra contratada debidamente suscrita por quien esté en capacidad u obligación de hacerlo en la Entidad contratante. E. Acta de Inicio o la orden de inicio. La misma solo será válida para efectos de acreditar la fecha de inicio. F. Los contratos que hayan sido objeto de cesión deberán encontrarse debidamente inscritos y clasificados en el Registro Único de Proponentes (RUP) o en uno o alguno de los documentos considerados como válidos para la acreditación de experiencia del cesionario, según aplique. La experiencia se admitirá para el cesionario y no se reconocerá experiencia alguna al cedente. | D64: CUMPLE | E64: CUMPLE
B65: Para efectos de acreditación de experiencia con particulares, el Proponente deberá aportar, además, la certificación de facturación expedida con posterioridad a la fecha de terminación del contrato emitida por el revisor fiscal o contador público del Proponente que demuestre la experiencia, según corresponda, con la copia de la tarjeta profesional y el certificado de antecedente disciplinarios vigente, emitido por la Junta Central de Contadores, o los documentos equivalentes que hagan sus veces en el país donde se expide el documento del profesional. | D65: N/A | E65: N/A
B66: 10,1,6 PARA SUBCONTRATOS Para acreditar la experiencia de subcontratos, cuyo contrato principal fue suscrito con particulares, se aplicarán las disposiciones establecidas en el numeral anterior. Para acreditar la experiencia de contratos derivados de contratos suscritos con Entidades Estatales el Proponente deberá aportar los documentos que se enlistan a continuación: A. Certificación del subcontrato. Certificación expedida con posterioridad a la fecha de terminación del subcontrato, la cual deberá estar suscrita por el representante legal del contratista del contrato principal, del Concesionario, o del EPC o Consorcio Constructor. Así mismo, debe contener la información requerida en el Pliego de Condiciones para efectos de la acreditación de la experiencia. B. Certificación expedida por la Entidad Estatal del contrato principal del cual se derivó el subcontrato. Esta certificación debe contener la información básica del contrato principal y la siguiente: I. Alcance de las actividades de consultoría en el contrato principal. II. Información en la cual se evidencie que la figura de la subcontratación es permitida en el marco del contrato principal. En caso de que no requiera autorización para subcontratar, el Proponente podrá aportar con su propuesta alguno de los siguientes documentos que den cuenta de esa circunstancia: i) copia del contrato o ii) certificación emitida por la Entidad Estatal, donde acredite que para subcontratar no se requería autorización. La información solicitada en el literal B únicamente se exige en relación con el contrato principal suscrito con la Entidad Estatal. | D66: N/A | E66: N/A
B67: 10.1.4 ACREDITACIÓN DE LA EXPERIENCIA REQUERIDA Los Proponentes acreditarán para cada uno de los contratos aportados la siguiente información, mediante alguno de los documentos señalados en la sección 10.1.5 del Pliego de Condiciones: I. Contratante. II. Objeto del contrato. III. Principales actividades ejecutadas. IV. Las longitudes, volúmenes, dimensiones, tipologías y demás condiciones de experiencia establecidas en la “Matriz 1 – Experiencia” a la cual se realizó la consultoría, si aplica. V. La fecha de iniciación de la ejecución del contrato. VI. La fecha de terminación de la ejecución del contrato. VII. Nombre y cargo de la persona que expide la certificación. VIII. El porcentaje de participación del integrante del contratista plural, el cual corresponderá con el registrado en el RUP, o en alguno de los documentos válidos para la acreditación de experiencia en caso de que el integrante no esté obligado a tener RUP. IX. Valor total ejecutado. Tratándose de personas obligadas a tener RUP el valor ejecutado o facturado se tomará del valor registrado en el RUP. | D67: CUMPLE | E67: CUMPLE
B68: CONCEPTO POR CONTRATO | D68: =IF(D24="","N/A",IF(AND(D47="CUMPLE",D55="CUMPLE",D56="CUMPLE",D61="CUMPLE",D62="CUMPLE",OR(D63="CUMPLE",D63="N/A"),D64="CUMPLE",OR(D65="CUMPLE",D65="N/A"),D67="CUMPLE",OR(D66="CUMPLE",D66="N/A")),"CUMPLE","NO CUMPLE")) -> CUMPLE | E68: =IF(E24="","N/A",IF(AND(E47="CUMPLE",E55="CUMPLE",E56="CUMPLE",E61="CUMPLE",E62="CUMPLE",OR(E63="CUMPLE",E63="N/A"),E64="CUMPLE",OR(E65="CUMPLE",E65="N/A"),E67="CUMPLE",OR(E66="CUMPLE",E66="N/A")),"CUMPLE","NO CUMPLE")) -> NO CUMPLE | F68: =IF(F24="","N/A",IF(AND(F47="CUMPLE",F55="CUMPLE",F56="CUMPLE",F61="CUMPLE",F62="CUMPLE",OR(F63="CUMPLE",F63="N/A"),F64="CUMPLE",OR(F65="CUMPLE",F65="N/A"),F67="CUMPLE",OR(F66="CUMPLE",F66="N/A")),"CUMPLE","NO CUMPLE")) -> N/A | G68: =IF(G24="","N/A",IF(AND(G47="CUMPLE",G55="CUMPLE",G56="CUMPLE",G61="CUMPLE",G62="CUMPLE",OR(G63="CUMPLE",G63="N/A"),G64="CUMPLE",OR(G65="CUMPLE",G65="N/A"),G67="CUMPLE",OR(G66="CUMPLE",G66="N/A")),"CUMPLE","NO CUMPLE")) -> N/A | H68: =IF(H24="","N/A",IF(AND(H47="CUMPLE",H55="CUMPLE",H56="CUMPLE",H61="CUMPLE",H62="CUMPLE",OR(H63="CUMPLE",H63="N/A"),H64="CUMPLE",OR(H65="CUMPLE",H65="N/A"),H67="CUMPLE",OR(H66="CUMPLE",H66="N/A")),"CUMPLE","NO CUMPLE")) -> N/A | I68: =IF(I24="","N/A",IF(AND(I47="CUMPLE",I55="CUMPLE",I56="CUMPLE",I61="CUMPLE",I62="CUMPLE",OR(I63="CUMPLE",I63="N/A"),I64="CUMPLE",OR(I65="CUMPLE",I65="N/A"),I67="CUMPLE",OR(I66="CUMPLE",I66="N/A")),"CUMPLE","NO CUMPLE")) -> N/A | J68: =IF(J24="","N/A",IF(AND(J47="CUMPLE",J55="CUMPLE",J56="CUMPLE",J61="CUMPLE",J62="CUMPLE",OR(J63="CUMPLE",J63="N/A"),J64="CUMPLE",OR(J65="CUMPLE",J65="N/A"),J67="CUMPLE",OR(J66="CUMPLE",J66="N/A")),"CUMPLE","NO CUMPLE")) -> N/A
B69: EXPERIENCIA ESPECIFICA: Con la sumatoria de hasta máximo dos (2) de los contratos válidos aportados como experiencia general debe corresponder mínimo al (70%) del presupuesto oficial del presente proceso de selección. | D69: CUMPLE | E69: NO CUMPLE
B71: DOCUMENTACIÓN PERSONAL
B72: REQUISITO | D72: CONCEPTO | E72: OBSERVACIONES
B73: 3.9.2 EXIGENCIAS MÍNIMAS DE EXPERIENCIA Y FORMACIÓN ACADÉMICA DEL EQUIPO DE TRABAJO (Personal Clave Evaluable) Durante el desarrollo del Proceso de Contratación NO se evaluarán los soportes de los perfiles requeridos, por lo que no se solicitarán como parte de los documentos que conforman la propuesta. En tal sentido, el Proponente deberá cumplir las siguientes reglas: I. Aportar y diligenciar en forma clara, completa, correcta y legible el “Formato 8 - Aceptación y cumplimiento de la formación académica y la experiencia del personal clave evaluable”, de acuerdo con los requisitos y condiciones que allí se indican y demás señaladas en el Pliego de Condiciones y sus documentos anexos. II. l “Formato 8 – Aceptación y cumplimiento de la formación académica y la experiencia del personal clave evaluable” debe suscribirlo el Proponente persona natural, representante legal de la persona jurídica o representante del Proponente Plural. Para los fines de este numeral se entiende por Personal Clave Evaluable los siguientes perfiles: i. Un (1) Director de Interventoría ii. Un (1) Residente de Interventoría. iii. Un (1) Especialista en Geotecnia. | D73: CUMPLE
B74: CONCEPTO DOCUMENTACION PERSONAL | D74: =IF(D73="CUMPLE","CUMPLE","NO CUMPLE") -> CUMPLE

Sheet 6
B2: ALCALDIA LOCAL DE KENNEDY
B4: ='DATOS INICIALES'!G4 -> FDLK-CMA-003-2024
B6: Ciudad | C6: BOGOTÁ D.C | D6: Fecha de Evaluación | G6: Fecha de Cierre | H6: 44902
B7: DATOS GENERALES | J7: VALOR MINIMO A CERTIFICAR
B8: OBJETO DE LA CONVOCATORIA | C8: ='DATOS INICIALES'!D2 -> REALIZAR LA INTERVENTORÍA TÉCNICA, ADMINISTRATIVA, FINANCIERA, JURÍDICA, AMBIENTAL, SOCIAL Y DE SEGURIDAD Y SALUD EN EL TRABAJO AL CONTRATO DE OBRA PÚBLICA RESULTANTE DEL PROCESO DE LICITACIÓN PÚBLICA No. FDLK-LP-013-2024 CUYO OBJETO ES: CONTRATAR POR EL SISTEMA DE PRECIOS UNITARIOS A MONTO AGOTABLE EL DIAGNÓSTICO, MANTENIMIENTO CORRECTIVO Y PREVENTIVO, SUMINISTRO E INSTALACION DE MOBILIARIO DE LOS PARQUES DE PROXIMIDAD (VECINALES Y DE BOLSILLO) PRIORIZADOS EN LA LOCALIDAD DE KENNEDY | J8: DE 1 HASTA 4, 5 ó 6 | K8: 1 | L8: =K8*$C$10 -> 405.24573
B9: VALOR DEL PROCESO EN PESOS | C9: =+'DATOS INICIALES'!C5 -> 526819451
B10: VALOR DEL PROCESO EN SMMLV | C10: =C9/'DATOS INICIALES'!B9 -> 405.24573
A11: 6 | B11: PROPONENTE | C11: =VLOOKUP(A11,PROPONENTES!A10:B46,2,FALSE) -> CONSORCIO INTERVEP KM | H11: CONCEPTO FINAL | I11: =IF(AND(F20="CUMPLE",G20="CUMPLE",H20="CUMPLE",L14="CUMPLE",D74="CUMPLE",K16="CUMPLE"),"CUMPLE","NO CUMPLE") -> CUMPLE
B13: ACREDITACIÓN DE EXPERIENCIA FIGURA ASOCIATIVA | I13: TOTAL CONTRATOS VÁLIDOS | J13: VALOR TOTAL A ACREDITAR (SMMLV) | K13: VALOR TOTAL ACREDITADO (SMMLV) | L13: CONCEPTO
B14: MIEMBRO UNICO O INTEGRANTES DEL CONSORCIO O UNION TEMPORAL. | C14: INTEGRANTE | D14: % PARTICIPACIÓN | E14: EXPERIENCIA TOTAL APORTADA | F14: ¿AL MENOS UNO APORTA EL 50% DE EXPERIENCIA? | G14: ¿APORTA MÍNIMO EL 5% DE EXPERIENCIA? | H14: SI NO APORTA ¿TIENE COMO MAXIMO EL 10% DE PARTICIPACIÓN? | I14: =COUNTIF(D68:I68,"CUMPLE") -> 3 | J14: =+L8 -> 405.24573 | K14: =+E20 -> 3962.575 | L14: =IF(K14>=J14,"CUMPLE","NO CUMPLE") -> CUMPLE
C15: =IF(VLOOKUP(C11,PROPONENTES!B10:N46,2,FALSE)=0,"",VLOOKUP(C11,PROPONENTES!B10:N46,2,FALSE)) -> KALPA INGENIERIA SAS SOCIEDAD DE BENEFICIO E INTERES COLECTIVO - BIC | D15: =IF(VLOOKUP(C11,PROPONENTES!B10:N46,3,FALSE)=0,"",VLOOKUP(C11,PROPONENTES!B10:N46,3,FALSE)) -> 0.99 | E15: =IF(C15="","",IF($D$68="CUMPLE",IF(C15=$D$24,$D$39)+IF(C15=$D$25,$D$42)+IF(C15=$D$26,$D$45))+IF($E$68="CUMPLE",IF(C15=$E$24,$E$39)+IF(C15=$E$25,$E$42)+IF(C15=$E$26,$E$45))+IF($F$68="CUMPLE",IF(C15=$F$24,$F$39)+IF(C15=$F$25,$F$42)+IF(C15=$F$26,$F$45))+IF($G$68="CUMPLE",IF(C15=$G$24,$G$39)+IF(C15=$G$25,$G$42)+IF(C15=$G$26,$G$45))+IF($H$68="CUMPLE",IF(C15=$H$24,$H$39)+IF(C15=$H$25,$H$42)+IF(C15=$H$26,$H$45))+IF($I$68="CUMPLE",IF(C15=$I$24,$I$39)+IF(C15=$I$25,$I$42)+IF(C15=$I$26,$I$45))+IF($J$68="CUMPLE",IF(C15=$J$24,$J$39)+IF(C15=$J$25,$J$42)+IF(C15=$J$26,$J$45))) -> 525.65 | F15: =IF(C15="","",IF(E15>=$J$14*0.5,"SI","NO")) -> SI | G15: =IF(C15="","",IF(E15>=$J$14*0.05,"SI",IF(E15=0,"NO APORTA EXPERIENCIA",))) -> SI | H15: =IF(C15="","",IF(AND(G15="NO APORTA EXPERIENCIA",D15<=10%),"SI",IF(G15="SI","NO APLICA","NO - PORCENTAJE MAYOR AL 10%"))) -> NO APLICA | I15: EXP. ESPECIFICA ACREDITADA 2 CONTRATOS (SMMLV) | J15: EXP. ESPECIFICA SOLICITADA (SMMLV) | K15: CONCEPTO | L15: VALOR PROMEDIO DE CONTRATOS VALIDOS
C16: =IF(VLOOKUP(C11,PROPONENTES!B10:N46,4,FALSE)=0,"",VLOOKUP(C11,PROPONENTES!B10:N46,4,FALSE)) -> MEDINA & RIVERA INGENIEROS ASOCIADOS SAS | D16: =IF(VLOOKUP(C11,PROPONENTES!B10:N46,5,FALSE)=0,"",VLOOKUP(C11,PROPONENTES!B10:N46,5,FALSE)) -> 0.01 | E16: =IF(C16="","",IF($D$68="CUMPLE",IF(C16=$D$24,$D$39)+IF(C16=$D$25,$D$42)+IF(C16=$D$26,$D$45))+IF($E$68="CUMPLE",IF(C16=$E$24,$E$39)+IF(C16=$E$25,$E$42)+IF(C16=$E$26,$E$45))+IF($F$68="CUMPLE",IF(C16=$F$24,$F$39)+IF(C16=$F$25,$F$42)+IF(C16=$F$26,$F$45))+IF($G$68="CUMPLE",IF(C16=$G$24,$G$39)+IF(C16=$G$25,$G$42)+IF(C16=$G$26,$G$45))+IF($H$68="CUMPLE",IF(C16=$H$24,$H$39)+IF(C16=$H$25,$H$42)+IF(C16=$H$26,$H$45))+IF($I$68="CUMPLE",IF(C16=$I$24,$I$39)+IF(C16=$I$25,$I$42)+IF(C16=$I$26,$I$45))+IF($J$68="CUMPLE",IF(C16=$J$24,$J$39)+IF(C16=$J$25,$J$42)+IF(C16=$J$26,$J$45))) -> 3436.925 | F16: =IF(C16="","",IF(E16>=$J$14*0.5,"SI","NO")) -> SI | G16: =IF(C16="","",IF(E16>=$J$14*0.05,"SI",IF(E16=0,"NO APORTA EXPERIENCIA",))) -> SI | H16: =IF(C16="","",IF(AND(G16="NO APORTA EXPERIENCIA",D16<=10%),"SI",IF(G16="SI","NO APLICA","NO - PORCENTAJE MAYOR AL 5%"))) -> NO APLICA | I16: =SUMIF(D69:J69,"CUMPLE",D39:J39)+SUMIF(D69:J69,"CUMPLE",D42:J42)+SUMIF(D69:J69,"CUMPLE",D45:J45) -> 2911.275 | J16: =+L8*0.7 -> 283.67201 | K16: =IF(I16>=J16,"CUMPLE","NO CUMPLE") -> CUMPLE | L16: =AVERAGEIF(D68:J68,"CUMPLE",D46:J46) -> 1320.8583
C17: =IF(VLOOKUP(C11,PROPONENTES!B10:N46,6,FALSE)=0,"",VLOOKUP(C11,PROPONENTES!B10:N46,6,FALSE)) | D17: =IF(VLOOKUP(C11,PROPONENTES!B10:N46,7,FALSE)=0,"",VLOOKUP(C11,PROPONENTES!B10:N46,7,FALSE)) | E17: =IF(C17="","",IF($D$68="CUMPLE",IF(C17=$D$24,$D$39)+IF(C17=$D$25,$D$42)+IF(C17=$D$26,$D$45))+IF($E$68="CUMPLE",IF(C17=$E$24,$E$39)+IF(C17=$E$25,$E$42)+IF(C17=$E$26,$E$45))+IF($F$68="CUMPLE",IF(C17=$F$24,$F$39)+IF(C17=$F$25,$F$42)+IF(C17=$F$26,$F$45))+IF($G$68="CUMPLE",IF(C17=$G$24,$G$39)+IF(C17=$G$25,$G$42)+IF(C17=$G$26,$G$45))+IF($H$68="CUMPLE",IF(C17=$H$24,$H$39)+IF(C17=$H$25,$H$42)+IF(C17=$H$26,$H$45))+IF($I$68="CUMPLE",IF(C17=$I$24,$I$39)+IF(C17=$I$25,$I$42)+IF(C17=$I$26,$I$45))+IF($J$68="CUMPLE",IF(C17=$J$24,$J$39)+IF(C17=$J$25,$J$42)+IF(C17=$J$26,$J$45))) | F17: =IF(C17="","",IF(E17>=$J$14*0.5,"SI","NO")) | G17: =IF(C17="","",IF(E17>=$J$14*0.05,"SI",IF(E17=0,"NO APORTA EXPERIENCIA",))) | H17: =IF(C17="","",IF(AND(G17="NO APORTA EXPERIENCIA",D17<=10%),"SI",IF(G17="SI","NO APLICA","NO - PORCENTAJE MAYOR AL 5%")))
C18: =IF(VLOOKUP(C11,PROPONENTES!B10:N46,8,FALSE)=0,"",VLOOKUP(C11,PROPONENTES!B10:N46,8,FALSE)) | D18: =IF(VLOOKUP(C11,PROPONENTES!B10:N46,9,FALSE)=0,"",VLOOKUP(C11,PROPONENTES!B10:N46,9,FALSE)) | E18: =IF(C18="","",IF($D$68="CUMPLE",IF(C18=$D$24,$D$39)+IF(C18=$D$25,$D$42)+IF(C18=$D$26,$D$45))+IF($E$68="CUMPLE",IF(C18=$E$24,$E$39)+IF(C18=$E$25,$E$42)+IF(C18=$E$26,$E$45))+IF($F$68="CUMPLE",IF(C18=$F$24,$F$39)+IF(C18=$F$25,$F$42)+IF(C18=$F$26,$F$45))+IF($G$68="CUMPLE",IF(C18=$G$24,$G$39)+IF(C18=$G$25,$G$42)+IF(C18=$G$26,$G$45))+IF($H$68="CUMPLE",IF(C18=$H$24,$H$39)+IF(C18=$H$25,$H$42)+IF(C18=$H$26,$H$45))+IF($I$68="CUMPLE",IF(C18=$I$24,$I$39)+IF(C18=$I$25,$I$42)+IF(C18=$I$26,$I$45))+IF($J$68="CUMPLE",IF(C18=$J$24,$J$39)+IF(C18=$J$25,$J$42)+IF(C18=$J$26,$J$45))) | F18: =IF(C18="","",IF(E18>=$J$14*0.5,"SI","NO")) | G18: =IF(C18="","",IF(E18>=$J$14*0.05,"SI",IF(E18=0,"NO APORTA EXPERIENCIA",))) | H18: =IF(C18="","",IF(AND(G18="NO APORTA EXPERIENCIA",D18<=10%),"SI",IF(G18="SI","NO APLICA","NO - PORCENTAJE MAYOR AL 5%")))
C19: =IF(VLOOKUP(C11,PROPONENTES!B10:N46,10,FALSE)=0,"",VLOOKUP(C11,PROPONENTES!B10:N46,10,FALSE)) | D19: =IF(VLOOKUP(C11,PROPONENTES!B10:N46,11,FALSE)=0,"",VLOOKUP(C11,PROPONENTES!B10:N46,11,FALSE)) | E19: =IF(C19="","",IF($D$68="CUMPLE",IF(C19=$D$24,$D$39)+IF(C19=$D$25,$D$42)+IF(C19=$D$26,$D$45))+IF($E$68="CUMPLE",IF(C19=$E$24,$E$39)+IF(C19=$E$25,$E$42)+IF(C19=$E$26,$E$45))+IF($F$68="CUMPLE",IF(C19=$F$24,$F$39)+IF(C19=$F$25,$F$42)+IF(C19=$F$26,$F$45))+IF($G$68="CUMPLE",IF(C19=$G$24,$G$39)+IF(C19=$G$25,$G$42)+IF(C19=$G$26,$G$45))+IF($H$68="CUMPLE",IF(C19=$H$24,$H$39)+IF(C19=$H$25,$H$42)+IF(C19=$H$26,$H$45))+IF($I$68="CUMPLE",IF(C19=$I$24,$I$39)+IF(C19=$I$25,$I$42)+IF(C19=$I$26,$I$45))+IF($J$68="CUMPLE",IF(C19=$J$24,$J$39)+IF(C19=$J$25,$J$42)+IF(C19=$J$26,$J$45))) | F19: =IF(C19="","",IF(E19>=$J$14*0.5,"SI","NO")) | G19: =IF(C19="","",IF(E19>=$J$14*0.05,"SI",IF(E19=0,"NO APORTA EXPERIENCIA",))) | H19: =IF(C19="","",IF(AND(G19="NO APORTA EXPERIENCIA",D19<=10%),"SI",IF(G19="SI","NO APLICA","NO - PORCENTAJE MAYOR AL 5%")))
B20: TOTAL | C20: =+VLOOKUP(C11,PROPONENTES!B10:N46,12,FALSE) -> 2 | D20: =+VLOOKUP(C11,PROPONENTES!B10:N46,13,FALSE) -> 1 | E20: =SUM(E15:E19) -> 3962.575 | F20: =IF(F15="SI","CUMPLE",IF(F16="SI","CUMPLE",IF(F17="SI","CUMPLE",IF(F18="SI","CUMPLE",IF(F19="SI","CUMPLE","NO CUMPLE"))))) -> CUMPLE | G20: =+IF(COUNTIF(E15:E19,0)>1,"NO CUMPLE, HAY MAS DE UN (1) INTEGRANTE QUE NO APORTA EXPERIENCIA",IF(AND(OR(G15="NO APORTA EXPERIENCIA",G15="SI",G15=""),OR(G16="NO APORTA EXPERIENCIA",G16="SI",G16=""),OR(G17="NO APORTA EXPERIENCIA",G17="SI",G17=""),OR(G18="NO APORTA EXPERIENCIA",G18="SI",G18=""),OR(G19="NO APORTA EXPERIENCIA",G19="SI",G19="")),"CUMPLE","NO CUMPLE")) -> CUMPLE | H20: =IF(COUNTIF(E15:E19,0)>1,"NO CUMPLE, HAY MAS DE UN (1) INTEGRANTE QUE NO APORTA EXPERIENCIA",IF(AND(OR(H15="NO APLICA",H15="SI",H15=""),OR(H16="NO APLICA",H16="SI",H16=""),OR(H17="NO APLICA",H17="SI",H17=""),OR(H18="NO APLICA",H18="SI",H18=""),OR(H19="NO APLICA",H19="SI",H19="")),"CUMPLE","NO CUMPLE")) -> CUMPLE | I20: EMPRENDIMIENTO MUJER | J20: =IF(VLOOKUP(C11,PUNTAJE!B15:AD109,25,FALSE)=0.25,"SI","NO") -> SI | K20: MIPYME | L20: =IF(VLOOKUP(C11,PUNTAJE!B15:AD109,29,FALSE)=0.25,"SI","NO") -> SI
B22: =CONCATENATE("ACREDITACION EXPERIENCIA ",'DATOS INICIALES'!G4) -> ACREDITACION EXPERIENCIA FDLK-CMA-003-2024
B23: NÚMERO DE CERTIFICACIONES | C23: Máximo 5, 6 o 7 contratos | D23: CONTRATO No. 1 | E23: CONTRATO No. 2 | F23: CONTRATO No. 3 | G23: CONTRATO No. 4 | H23: CONTRATO No. 5 | I23: CONTRATO No. 6 | K23: OBSERVACIONES
B24: INTEGRANTE 1 DEL CONTRATO APORTADO | D24: MEDINA & RIVERA INGENIEROS ASOCIADOS SAS | E24: MEDINA & RIVERA INGENIEROS ASOCIADOS SAS | F24: KALPA INGENIERIA SAS SOCIEDAD DE BENEFICIO E INTERES COLECTIVO - BIC
B25: INTEGRANTE 2 DEL CONTRATO APORTADO | F25: MEDINA & RIVERA INGENIEROS ASOCIADOS SAS
B26: INTEGRANTE 3 DEL CONTRATO APORTADO
B27: DATOS DEL CONTRATO | C27: N° del contrato y año de suscripción | D27: 4151.0.26.1.920.215 | E27: 625 DE 2019 | F27: 2734-2021
